Workbook

Sheet Resumo
A1: PLANILHA ESTIMATIVA
A2: Anexo V - Planilha de Custos e Formação de Preços para Serviços de Vigilância - GEX - Campo Grande e Dourados/MS
A4: INSS - GERÊNCIA EXECUTIVA EM CAMPO GRANDE E DOURADOS/MS
A5: PREGÃO ELETRÔNICO Nº
A6: DATA DA ABERTURA: | G6: Hora:
A8: 1 - OBJETO:
A9: Contratação de serviços de segurança e vigilância orgânica e patrimonial desarmada, visando atender as demandas da Superintendência Regional Norte/Centro-Oeste e Gerências Executivas vinculadas, conforme condições, quantidades e exigências estabelecidas neste instrumento convocatório.
A11: 2 - CONDIÇÕES GERAIS
A12: Conforme Termo de Referência.
A16: RESUMO GERAL
B17: DESCRIÇÃO | F17: POSTOS / HE | G17: VALOR MENSAL | H17: VALOR GLOBAL
B18: POSTO DE VIGILÂNCIA DESARMADA 12x36 DIURNO | F18: =E27+E31+E34+E37+E40+E43+E46+E49+E52+E55+E58+E61+E64+E67+E70+E73+E76+E79+E82+E86+E89+E92+E95+E98+E101+E104+E107+E110+E113+E116+E119+E122 -> 7 | G18: =G27+G31+G34+G37+G40+G43+G46+G49+G52+G55+G58+G61+G64+G67+G70+G73+G76+G79+G82+G86+G89+G92+G95+G98+G101+G104+G107+G110+G113+G116+G119+G122 -> 75247.42 | H18: =G18*12 -> 902969.04
B19: POSTO DE VIGILÂNCIA DESARMADA 12x36 NOTURNO | F19: =E28+E83 -> 6 | G19: =G28+G83 -> 74338 | H19: =G19*12 -> 892056
B20: POSTO DE VIGILÂNCIA DESARMADA 44 HORAS SEMANAIS | F20: =E29+E32+E35+E38+E41+E44+E47+E50+E53+E56+E59+E62+E65+E68+E71+E74+E77+E80+E84+E87+E90+E93+E96+E99+E102+E105+E108+E111+E114+E117+E120+E123 -> 56 | G20: =G29+G32+G35+G38+G41+G44+G47+G50+G53+G56+G59+G62+G65+G68+G71+G74+G77+G80+G84+G87+G90+G93+G96+G99+G102+G105+G108+G111+G114+G117+G120+G123 -> 311485.83 | H20: =G20*12 -> 3737830
B21: HORA EXTRA (Sábado) | F21: ='Horas Extras'!D16 -> 150 | G21: =H21/12 -> 370.375 | H21: ='Horas Extras'!E130 -> 4444.5
B22: HORA EXTRA (Domingo) | F22: ='Horas Extras'!E16 -> 24 | G22: =H22/12 -> 79 | H22: ='Horas Extras'!E131 -> 948
B23: VALOR TOTAL: | F23: =SUM(F18:F20) -> 69 | G23: =SUM(G18:G22) -> 461520.62 | H23: =SUM(H18:H22) -> 5538247.5
A25: PLANILHA 2023
A26: Item | B26: Município | C26: Descrição | E26: Quant. | F26: Valor do Posto | G26: Valor Mensal | H26: Valor 12 Meses
A27: 1 | B27: CAMPO GRANDE | C27: POSTO DE VIGILÂNCIA DESARMADA 12x36 DIURNO | E27: 5 | F27: ='Campo Grande'!E129 -> 10769.3 | G27: =F27*E27 -> 53846.5 | H27: =G27*12 -> 646158
C28: POSTO DE VIGILÂNCIA DESARMADA 12x36 NOTURNO | E28: 5 | F28: ='Campo Grande'!E130 -> 12401.14 | G28: =F28*E28 -> 62005.7 | H28: =G28*12 -> 744068.4
C29: POSTO DE VIGILÂNCIA DESARMADA 44 HORAS SEMANAIS | E29: 10 | F29: ='Campo Grande'!E131 -> 5693.12 | G29: =F29*E29 -> 56931.2 | H29: =G29*12 -> 683174.4
C30: VALOR TOTAL: | G30: =SUM(G27:G29) -> 172783.4 | H30: =SUM(H27:H29) -> 2073400.8
A31: 2 | B31: AQUIDAUANA | C31: POSTO DE VIGILÂNCIA DESARMADA 12x36 DIURNO | E31: 0 | F31: =Aquidauana!D129 -> 10685.7 | G31: =F31*E31 -> 0 | H31: =G31*12 -> 0
C32: POSTO DE VIGILÂNCIA DESARMADA 44 HORAS SEMANAIS | E32: 2 | F32: =Aquidauana!D130 -> 5527.91 | G32: =F32*E32 -> 11055.82 | H32: =G32*12 -> 132669.84
C33: VALOR TOTAL: | G33: =SUM(G31:G32) -> 11055.82 | H33: =SUM(H31:H32) -> 132669.84
A34: 3 | B34: ANASTÁCIO | C34: POSTO DE VIGILÂNCIA DESARMADA 12x36 DIURNO | E34: 0 | F34: =Anastácio!D129 -> 10685.7 | G34: =F34*E34 -> 0 | H34: =G34*12 -> 0
C35: POSTO DE VIGILÂNCIA DESARMADA 44 HORAS SEMANAIS | E35: 1 | F35: =Anastácio!D130 -> 5527.91 | G35: =F35*E35 -> 5527.91 | H35: =G35*12 -> 66334.92
C36: VALOR TOTAL: | G36: =SUM(G34:G35) -> 5527.91 | H36: =SUM(H34:H35) -> 66334.92
A37: 4 | B37: MIRANDA | C37: POSTO DE VIGILÂNCIA DESARMADA 12x36 DIURNO | E37: 0 | F37: =Miranda!D129 -> 10685.7 | G37: =F37*E37 -> 0 | H37: =G37*12 -> 0
C38: POSTO DE VIGILÂNCIA DESARMADA 44 HORAS SEMANAIS | E38: 1 | F38: =Miranda!D130 -> 5527.91 | G38: =F38*E38 -> 5527.91 | H38: =G38*12 -> 66334.92
C39: VALOR TOTAL: | G39: =SUM(G37:G38) -> 5527.91 | H39: =SUM(H37:H38) -> 66334.92
A40: 5 | B40: CORUMBÁ | C40: POSTO DE VIGILÂNCIA DESARMADA 12x36 DIURNO | E40: 0 | F40: =Corumbá!D129 -> 10715.76 | G40: =F40*E40 -> 0 | H40: =G40*12 -> 0
C41: POSTO DE VIGILÂNCIA DESARMADA 44 HORAS SEMANAIS | E41: 2 | F41: =Corumbá!D130 -> 5646.71 | G41: =F41*E41 -> 11293.42 | H41: =G41*12 -> 135521.04
C42: VALOR TOTAL: | G42: =SUM(G40:G41) -> 11293.42 | H42: =SUM(H40:H41) -> 135521.04
A43: 6 | B43: SIDROLÂNDIA | C43: POSTO DE VIGILÂNCIA DESARMADA 12x36 DIURNO | E43: 0 | F43: =Sidrolândia!D129 -> 10685.7 | G43: =F43*E43 -> 0 | H43: =G43*12 -> 0
C44: POSTO DE VIGILÂNCIA DESARMADA 44 HORAS SEMANAIS | E44: 1 | F44: =Sidrolândia!D130 -> 5527.91 | G44: =F44*E44 -> 5527.91 | H44: =G44*12 -> 66334.92
C45: VALOR TOTAL: | G45: =SUM(G43:G44) -> 5527.91 | H45: =SUM(H43:H44) -> 66334.92
A46: 7 | B46: JARDIM | C46: POSTO DE VIGILÂNCIA DESARMADA 12x36 DIURNO | E46: 0 | F46: =Jardim!D129 -> 10685.7 | G46: =F46*E46 -> 0 | H46: =G46*12 -> 0
C47: POSTO DE VIGILÂNCIA DESARMADA 44 HORAS SEMANAIS | E47: 1 | F47: =Jardim!D130 -> 5527.91 | G47: =F47*E47 -> 5527.91 | H47: =G47*12 -> 66334.92
C48: VALOR TOTAL: | G48: =SUM(G46:G47) -> 5527.91 | H48: =SUM(H46:H47) -> 66334.92
A49: 8 | B49: BELA VISTA | C49: POSTO DE VIGILÂNCIA DESARMADA 12x36 DIURNO | E49: 0 | F49: ='Bela Vista'!D129 -> 10685.7 | G49: =F49*E49 -> 0 | H49: =G49*12 -> 0
C50: POSTO DE VIGILÂNCIA DESARMADA 44 HORAS SEMANAIS | E50: 1 | F50: ='Bela Vista'!D130 -> 5527.91 | G50: =F50*E50 -> 5527.91 | H50: =G50*12 -> 66334.92
C51: VALOR TOTAL: | G51: =SUM(G49:G50) -> 5527.91 | H51: =SUM(H49:H50) -> 66334.92
A52: 9 | B52: BONITO | C52: POSTO DE VIGILÂNCIA DESARMADA 12x36 DIURNO | E52: 0 | F52: =Bonito!D129 -> 10685.7 | G52: =F52*E52 -> 0 | H52: =G52*12 -> 0
C53: POSTO DE VIGILÂNCIA DESARMADA 44 HORAS SEMANAIS | E53: 1 | F53: =Bonito!D130 -> 5527.91 | G53: =F53*E53 -> 5527.91 | H53: =G53*12 -> 66334.92
C54: VALOR TOTAL: | E54: 13.84 | G54: =SUM(G52:G53) -> 5527.91 | H54: =SUM(H52:H53) -> 66334.92
A55: 10 | B55: SÃO GABRIEL D'OESTE | C55: POSTO DE VIGILÂNCIA DESARMADA 12x36 DIURNO | E55: 0 | F55: ='São Gabriel D''oeste'!D129 -> 10456.76 | G55: =F55*E55 -> 0 | H55: =G55*12 -> 0
C56: POSTO DE VIGILÂNCIA DESARMADA 44 HORAS SEMANAIS | E56: 1 | F56: ='São Gabriel D''oeste'!D130 -> 5409.48 | G56: =F56*E56 -> 5409.48 | H56: =G56*12 -> 64913.76
C57: VALOR TOTAL: | E57: 17.92 | G57: =SUM(G55:G56) -> 5409.48 | H57: =SUM(H55:H56) -> 64913.76
A58: 11 | B58: RIO VERDE | C58: POSTO DE VIGILÂNCIA DESARMADA 12x36 DIURNO | E58: 0 | F58: ='Rio Verde'!D129 -> 10685.7 | G58: =F58*E58 -> 0 | H58: =G58*12 -> 0
C59: POSTO DE VIGILÂNCIA DESARMADA 44 HORAS SEMANAIS | E59: 1 | F59: ='Rio Verde'!D130 -> 5527.91 | G59: =F59*E59 -> 5527.91 | H59: =G59*12 -> 66334.92
C60: VALOR TOTAL: | G60: =SUM(G58:G59) -> 5527.91 | H60: =SUM(H58:H59) -> 66334.92
A61: 12 | B61: COXIM | C61: POSTO DE VIGILÂNCIA DESARMADA 12x36 DIURNO | E61: 0 | F61: =Coxim!D129 -> 10685.7 | G61: =F61*E61 -> 0 | H61: =G61*12 -> 0
C62: POSTO DE VIGILÂNCIA DESARMADA 44 HORAS SEMANAIS | E62: 2 | F62: =Coxim!D130 -> 5527.91 | G62: =F62*E62 -> 11055.82 | H62: =G62*12 -> 132669.84
C63: VALOR TOTAL: | E63: 24.72 | G63: =SUM(G61:G62) -> 11055.82 | H63: =SUM(H61:H62) -> 132669.84
A64: 13 | B64: COSTA RICA | C64: POSTO DE VIGILÂNCIA DESARMADA 12x36 DIURNO | E64: 0 | F64: ='Costa Rica'!D129 -> 10456.76 | G64: =F64*E64 -> 0 | H64: =G64*12 -> 0
C65: POSTO DE VIGILÂNCIA DESARMADA 44 HORAS SEMANAIS | E65: 2 | F65: ='Costa Rica'!D130 -> 5409.48 | G65: =F65*E65 -> 10818.96 | H65: =G65*12 -> 129827.52
C66: VALOR TOTAL: | E66: 28.8 | G66: =SUM(G64:G65) -> 10818.96 | H66: =SUM(H64:H65) -> 129827.52
A67: 14 | B67: CASSILÂNDIA | C67: POSTO DE VIGILÂNCIA DESARMADA 12x36 DIURNO | E67: 0 | F67: =Cassilândia!D129 -> 10456.76 | G67: =F67*E67 -> 0 | H67: =G67*12 -> 0
C68: POSTO DE VIGILÂNCIA DESARMADA 44 HORAS SEMANAIS | E68: 2 | F68: =Cassilândia!D130 -> 5409.48 | G68: =F68*E68 -> 10818.96 | H68: =G68*12 -> 129827.52
C69: VALOR TOTAL: | G69: =SUM(G67:G68) -> 10818.96 | H69: =SUM(H67:H68) -> 129827.52
A70: 15 | B70: PARANAÍBA | C70: POSTO DE VIGILÂNCIA DESARMADA 12x36 DIURNO | E70: 0 | F70: =Paranaíba!D129 -> 10685.7 | G70: =F70*E70 -> 0 | H70: =G70*12 -> 0
C71: POSTO DE VIGILÂNCIA DESARMADA 44 HORAS SEMANAIS | E71: 1 | F71: =Paranaíba!D130 -> 5527.91 | G71: =F71*E71 -> 5527.91 | H71: =G71*12 -> 66334.92
C72: VALOR TOTAL: | E72: 34.867692 | G72: =SUM(G70:G71) -> 5527.91 | H72: =SUM(H70:H71) -> 66334.92
A73: 16 | B73: APARECIDA DO TABOADO | C73: POSTO DE VIGILÂNCIA DESARMADA 12x36 DIURNO | E73: 0 | F73: ='Aparecida do Taboado'!D129 -> 10685.7 | G73: =F73*E73 -> 0 | H73: =G73*12 -> 0
C74: POSTO DE VIGILÂNCIA DESARMADA 44 HORAS SEMANAIS | E74: 2 | F74: ='Aparecida do Taboado'!D130 -> 5527.91 | G74: =F74*E74 -> 11055.82 | H74: =G74*12 -> 132669.84
C75: VALOR TOTAL: | E75: 38.556404 | G75: =SUM(G73:G74) -> 11055.82 | H75: =SUM(H73:H74) -> 132669.84
A76: 17 | B76: TRÊS LAGOAS | C76: POSTO DE VIGILÂNCIA DESARMADA 12x36 DIURNO | E76: 0 | F76: ='Três Lagoas'!D129 -> 10738.7 | G76: =F76*E76 -> 0 | H76: =G76*12 -> 0
C77: POSTO DE VIGILÂNCIA DESARMADA 44 HORAS SEMANAIS | E77: 2 | F77: ='Três Lagoas'!D130 -> 5666.6 | G77: =F77*E77 -> 11333.2 | H77: =G77*12 -> 135998.4
C78: VALOR TOTAL: | E78: 42.245115 | G78: =SUM(G76:G77) -> 11333.2 | H78: =SUM(H76:H77) -> 135998.4
A79: 18 | B79: BRASILÂNDIA | C79: POSTO DE VIGILÂNCIA DESARMADA 12x36 DIURNO | E79: 0 | F79: =Brasilândia!D129 -> 10685.7 | G79: =F79*E79 -> 0 | H79: =G79*12 -> 0
C80: POSTO DE VIGILÂNCIA DESARMADA 44 HORAS SEMANAIS | E80: 1 | F80: =Brasilândia!D130 -> 5527.91 | G80: =F80*E80 -> 5527.91 | H80: =G80*12 -> 66334.92
C81: VALOR TOTAL: | G81: =SUM(G79:G80) -> 5527.91 | H81: =SUM(H79:H80) -> 66334.92
A82: 19 | B82: DOURADOS | C82: POSTO DE VIGILÂNCIA DESARMADA 12x36 DIURNO | E82: 2 | F82: =Dourados!E129 -> 10700.46 | G82: =F82*E82 -> 21400.92 | H82: =G82*12 -> 256811.04
C83: POSTO DE VIGILÂNCIA DESARMADA 12x36 NOTURNO | E83: 1 | F83: =Dourados!E130 -> 12332.3 | G83: =F83*E83 -> 12332.3 | H83: =G83*12 -> 147987.6
C84: POSTO DE VIGILÂNCIA DESARMADA 44 HORAS SEMANAIS | E84: 3 | F84: =Dourados!E131 -> 5633.45 | G84: =F84*E84 -> 16900.35 | H84: =G84*12 -> 202804.2
C85: VALOR TOTAL: | G85: =SUM(G82:G84) -> 50633.57 | H85: =SUM(H82:H84) -> 607602.84
A86: 20 | B86: NAVIRAÍ | C86: POSTO DE VIGILÂNCIA DESARMADA 12x36 DIURNO | E86: 0 | F86: =Naviraí!D129 -> 10685.7 | G86: =F86*E86 -> 0 | H86: =G86*12 -> 0
C87: POSTO DE VIGILÂNCIA DESARMADA 44 HORAS SEMANAIS | E87: 2 | F87: =Naviraí!D130 -> 5527.91 | G87: =F87*E87 -> 11055.82 | H87: =G87*12 -> 132669.84
C88: VALOR TOTAL: | G88: =SUM(G86:G87) -> 11055.82 | H88: =SUM(H86:H87) -> 132669.84
A89: 21 | B89: NOVA ANDRADINA | C89: POSTO DE VIGILÂNCIA DESARMADA 12x36 DIURNO | E89: 0 | F89: ='Nova Andradina'!D129 -> 10685.7 | G89: =F89*E89 -> 0 | H89: =G89*12 -> 0
C90: POSTO DE VIGILÂNCIA DESARMADA 44 HORAS SEMANAIS | E90: 1 | F90: ='Nova Andradina'!D130 -> 5527.91 | G90: =F90*E90 -> 5527.91 | H90: =G90*12 -> 66334.92
C91: VALOR TOTAL: | G91: =SUM(G89:G90) -> 5527.91 | H91: =SUM(H89:H90) -> 66334.92
A92: 22 | B92: PONTA PORÃ | C92: POSTO DE VIGILÂNCIA DESARMADA 12x36 DIURNO | E92: 0 | F92: ='Ponta Porã'!D129 -> 10719.58 | G92: =F92*E92 -> 0 | H92: =G92*12 -> 0
C93: POSTO DE VIGILÂNCIA DESARMADA 44 HORAS SEMANAIS | E93: 2 | F93: ='Ponta Porã'!D130 -> 5650.03 | G93: =F93*E93 -> 11300.06 | H93: =G93*12 -> 135600.72
C94: VALOR TOTAL: | G94: =SUM(G92:G93) -> 11300.06 | H94: =SUM(H92:H93) -> 135600.72
A95: 23 | B95: AMAMBAÍ | C95: POSTO DE VIGILÂNCIA DESARMADA 12x36 DIURNO | E95: 0 | F95: =Amambaí!D129 -> 10460.72 | G95: =F95*E95 -> 0 | H95: =G95*12 -> 0
C96: POSTO DE VIGILÂNCIA DESARMADA 44 HORAS SEMANAIS | E96: 2 | F96: =Amambaí!D130 -> 5503.68 | G96: =F96*E96 -> 11007.36 | H96: =G96*12 -> 132088.32
C97: VALOR TOTAL: | G97: =SUM(G95:G96) -> 11007.36 | H97: =SUM(H95:H96) -> 132088.32
A98: 24 | B98: BATAGUASSU | C98: POSTO DE VIGILÂNCIA DESARMADA 12x36 DIURNO | E98: 0 | F98: =Bataguassu!D129 -> 10685.7 | G98: =F98*E98 -> 0 | H98: =G98*12 -> 0
C99: POSTO DE VIGILÂNCIA DESARMADA 44 HORAS SEMANAIS | E99: 2 | F99: =Bataguassu!D130 -> 5527.91 | G99: =F99*E99 -> 11055.82 | H99: =G99*12 -> 132669.84
C100: VALOR TOTAL: | G100: =SUM(G98:G99) -> 11055.82 | H100: =SUM(H98:H99) -> 132669.84
A101: 25 | B101: DEODÁPOLIS | C101: POSTO DE VIGILÂNCIA DESARMADA 12x36 DIURNO | E101: 0 | F101: =Deodápolis!D129 -> 10685.7 | G101: =F101*E101 -> 0 | H101: =G101*12 -> 0
C102: POSTO DE VIGILÂNCIA DESARMADA 44 HORAS SEMANAIS | E102: 1 | F102: =Deodápolis!D130 -> 5527.91 | G102: =F102*E102 -> 5527.91 | H102: =G102*12 -> 66334.92
C103: VALOR TOTAL: | G103: =SUM(G101:G102) -> 5527.91 | H103: =SUM(H101:H102) -> 66334.92
A104: 26 | B104: FÁTIMA DO SUL | C104: POSTO DE VIGILÂNCIA DESARMADA 12x36 DIURNO | E104: 0 | F104: ='Fátima do Sul'!D129 -> 10685.7 | G104: =F104*E104 -> 0 | H104: =G104*12 -> 0
C105: POSTO DE VIGILÂNCIA DESARMADA 44 HORAS SEMANAIS | E105: 2 | F105: ='Fátima do Sul'!D130 -> 5527.91 | G105: =F105*E105 -> 11055.82 | H105: =G105*12 -> 132669.84
C106: VALOR TOTAL: | G106: =SUM(G104:G105) -> 11055.82 | H106: =SUM(H104:H105) -> 132669.84
A107: 27 | B107: IGUATEMI | C107: POSTO DE VIGILÂNCIA DESARMADA 12x36 DIURNO | E107: 0 | F107: =Iguatemi!D129 -> 10685.7 | G107: =F107*E107 -> 0 | H107: =G107*12 -> 0
...

Sheet Insumos
A1: CÁLCULO DOS INSUMOS
A3: ESTIMATIVA ANUAL DE UNIFORMES POR VIGILANTE
A4: ITEM | B4: DISCRIMINAÇÃO | C4: UNIDADE | D4: QTDE | E4: Preço 1 R$ | F4: Preço 2 | G4: Preço 3 | H4: Média Painel de Preços | I4: VALOR MÉDIO | J4: VALOR MENSAL
A5: 1 | B5: Calça | C5: unid | D5: 2 | E5: 85 | F5: 65 | G5: 99 | H5: 83.27 | I5: 65.77 | J5: =D5*I5/12 -> 10.961667
A6: 2 | B6: Camisa de mangas curtas | C6: unid | D6: 2 | E6: 59.99 | F6: 71 | G6: 78.9 | H6: 63.39 | I6: 41.64 | J6: =D6*I6/12 -> 6.94
A7: 3 | B7: Cinto de nylon | C7: unid | D7: 1 | E7: 32.72 | F7: 59.9 | G7: 45 | H7: 37.99 | I7: 21.81 | J7: =D7*I7/12 -> 1.8175
A8: 4 | B8: Coturno | C8: par | D8: 1 | E8: 152 | F8: 169.9 | G8: 99.9 | H8: 162.44 | I8: 109.31 | J8: =D8*I8/12 -> 9.1091667
A9: 5 | B9: Meia | C9: par | D9: 2 | E9: 10 | F9: 13.35 | G9: 8.31 | H9: 9.05 | I9: 13.19 | J9: =D9*I9/12 -> 2.1983333
A10: 6 | B10: Blusa de frio - japona | C10: unid | D10: 1 | E10: 147.3 | F10: 180 | G10: 173.5 | H10: 119.82 | I10: 114.05 | J10: =D10*I10/12 -> 9.5041667
A11: 7 | B11: Crachá | C11: unid | D11: 1 | E11: 9.92 | F11: 5.9 | G11: 6.45 | H11: 10.8 | I11: 2.99 | J11: =D11*I11/12 -> 0.24916667
A12: 8 | B12: Apito de metal com cordão | C12: unid | D12: 1 | E12: 11.86 | F12: 5.88 | G12: 19.9 | H12: 8.91 | I12: 10.84 | J12: =I12*D12/12 -> 0.90333333
A13: CUSTO MENSAL DE UNIFORMES | J13: =SUM(J5:J12) -> 41.683333
A15: MATERIAIS POR POSTO
A16: ITEM | B16: DISCRIMINAÇÃO | C16: UNIDADE | D16: QTDE | E16: Preço 1 | F16: Preço 2 | G16: Preço 3 | H16: Média Painel de Preços | I16: VALOR MÉDIO | J16: VALOR MENSAL
A17: 1 | B17: Livro de ocorrência | C17: unid | D17: 2 | E17: 12.94 | F17: 10.57 | G17: 11.25 | H17: 15.5 | I17: 11.86 | J17: =(I17*D17)/12 -> 1.9766667
A18: 2 | B18: Tonfa (cassetete) | C18: unid | D18: 1 | E18: 46 | F18: 54 | G18: 59.9 | H18: 22.8 | I18: 25.41 | J18: =I18*D18/12 -> 2.1175
A19: 3 | B19: Porta tonfa (Cassetete) | C19: unid | D19: 1 | E19: 39.9 | F19: 29.9 | G19: 25.9 | H19: 59.48 | I19: 16.52 | J19: =I19*D19/12 -> 1.3766667
A20: 4 | B20: Lanterna tática recarregável | C20: unid | D20: 1 | E20: 46.8 | F20: 58.49 | G20: 58.88 | H20: 47.68 | I20: 56.79 | J20: =I20*D20/12 -> 4.7325
A21: CUSTO MENSAL DE MATERIAIS E EQUIPAMENTOS | J21: =SUM(J17:J20) -> 10.203333

Sheet Memória de Cálculo
A1: Memória de Cálculo
A5: VALE REFEIÇÃO | B5: QTD DE TICKETS | C5: VALOR UNITÁRIO | D5: DESCONTO (1% do piso salarial) | E5: VALOR MENSAL
A6: POSTOS 44h | B6: 26 | C6: =29.5+(29.5*5.4706%) -> 31.113827 | D6: ='Campo Grande'!C31*0.01 -> 16.535892 | E6: =(C6*B6)-D6 -> 792.42361
A7: POSTOS 12x36h Diurno | B7: 15 | C7: =29.5+(29.5*5.4706%) -> 31.113827 | D7: ='Campo Grande'!C31*0.01 -> 16.535892 | E7: =(C7*B7)-D7 -> 450.17151
A8: POSTOS 12x36h Noturno | B8: 15 | C8: =29.5+(29.5*5.4706%) -> 31.113827 | D8: ='Campo Grande'!C31*0.01 -> 16.535892 | E8: =(C8*B8)-D8 -> 450.17151
A11: Média de faltas anuais por motivos legais
A12: Ausências legais: Art. 473 da CLT. Considerando que em média se falta 2 dias por ano com esse tipo de ausência e que apenas 3% dos profissionais se beneficiarão com tal ausência. Índice que demonstra o custo estimado com a substituição na cobertura de ausência legal. Esse índice BCCPA = deverá ser aplicado sobre (Módulo 1 + Módulo 2 + Módulo 3). % Ausências legais = Cálculo do valor = [(BCCPA/30)x1dia]/12 = 0,28%
A21: Total | C21: 0.0028
A24: Licença Paternidade
A25: Percentual de Homens: | D25: 0.5167
A26: Expectativa anual de nascimento de filhos dos trabalhadores (IBGE): | D26: 0.015
A27: Percentual de homens no serviço: | D27: 0.8988
A28: Duração da Licença Paternidade (em dias) | D28: 5
A31: Ausências por acidente de trabalho
A32: Média de faltas anuais por acidente de trabalho: | D32: 0.6913
A35: Afastamento Maternidade
A36: Discriminação do Item | D36: Valor (R$)
A37: 13º Salário + Férias + Adicional Férias | D37: ='Campo Grande'!D38+'Campo Grande'!D38+('Campo Grande'!D38/3) -> 5015.8871
A38: GPS + FGTS | D38: ='Campo Grande'!D54 -> 878.97451
A39: Assistência Médica e Familiar | D39: ='Campo Grande'!C58 -> 80
A40: Base de Cálculo | D40: =SUM(D37:D39) -> 5974.8616
A42: Percentual de Mulheres: | D42: 0.1012
A43: Expectativa mensal Afastatamento Maternidade (Censo IBGE): | D43: 0.0032
A45: * NOTA INFORMATIVA
A46: ITENS QUE NÃO PODERÃO SER COTADOS NA PLANILHA DE CUSTOS E FORMAÇÃO DE PREÇOS À LUZ DA JURISPRUDÊNCIA CONSOLIDADA DO TCU:
A47: 1. A ADMINISTRAÇÃO NÃO PODERÁ DESCLASSIFICAR PROPOSTAS QUE APRESENTEM COTAÇÕES PARA RESERVA TÉCNICA, IRPJ, CSLL, SUPERVISÃO/FISCALIZAÇÃO E RECICLAGEM/TREINAMENTO, NEM PODERÁ DESCLASSIFICAR EMPRESAS QUE APRESENTEM PLANILHAS COM COTAÇÕES INCORRETAS PARA OS ENCARGOS TRIBUTÁRIOS.
A48: ADVERTE-SE, CONTUDO, QUE, DE ACORDO COM A JURISPRUDÊNCIA CONSOLIDADA DO TCU, É INDEVIDA A COTAÇÃO, COMO ITEM ESPECÍFICO DA PLANILHA, DE CUSTOS RELATIVOS A:
A49: A) RESERVA TÉCNICA, POIS JÁ ESTARIAM COMPREENDIDOS NAS FALTAS LEGAIS (ACÓRDÃOS TCU Nº 1.696/2010-2ª CÂMARA E Nº 1.319/2010-2ª CÂMARA);
A50: B) TREINAMENTO/RECICLAGEM/CAPACITAÇÃO OU ITEM CONGÊNERE, UMA VEZ QUE ESSES CUSTOS JÁ ESTÃO ENGLOBADOS NAS DESPESAS ADMINISTRATIVAS DA CONTRATADA, SENDO DE SUA EXCLUSIVA RESPONSABILIDADE (ACÓRDÃOS TCU Nº 592/2010-PLENÁRIO, Nº 1.696/2010-2ª CÂMARA E Nº 592/2010-PLENÁRIO);
A51: C) SUPERVISÃO E FISCALIZAÇÃO, UMA VEZ QUE ESSES CUSTOS JÁ ESTÃO ENGLOBADOS NAS DESPESAS ADMINISTRATIVAS DA CONTRATADA (ACÓRDÃO Nº 592/2010-PLENÁRIO);*
A52: D) IRPJ E CSLL, POR SE CONSTITUÍREM EM TRIBUTOS DE NATUREZA DIRETA E PERSONALÍSTICA, QUE ONERAM PESSOALMENTE O CONTRATADO, NÃO DEVEM SER REPASSADOS À CONTRATANTE, NÃO PODENDO, AINDA, SEREM COTADOS NO ITEM REFERENTE AO LUCRO E DESPESAS ADMINISTRATIVAS/OPERACIONAIS (ACÓRDÃOS TCU N° 1.595/2006 - PLENÁRIO, N° 325/2009 - PLENÁRIO E N° 2.354/2010 - 2ª CÂMARA). *
A53: DESSE MODO, SE A EMPRESA OS COTAR, HAVERÁ SUPRESSÃO UNILATERAL DO ITEM DA PLANILHA E DEDUÇÃO/GLOSA, NO VALOR TOTAL DO DÉBITO, QUANDO DO PAGAMENTO MENSAL OU DA REPACTUAÇÃO. A EMPRESA QUE OS TENHA COTADO INCORRETAMENTE PODERÁ CORRIGIR A PLANILHA DE CUSTOS E FORMAÇÃO DOS PREÇOS ATÉ O MOMENTO DA ACEITABILIDADE DA PROPOSTA PELO PREGOEIRO, OPORTUNIDADE NA QUAL PRECLUIRÁ SEU DIREITO A CORREÇÕES.
A55: 2. COTAÇÃO DE ENCARGOS TRIBUTÁRIOS - CUIDADOS E CONSEQUÊNCIAS À LUZ DA JURISPRUDÊNCIA DO TCU:
A56: A EMPRESA É A ÚNICA RESPONSÁVEL PELA COTAÇÃO CORRETA DOS ENCARGOS TRIBUTÁRIOS. EM CASO DE ERRO OU COTAÇÃO INCOMPATÍVEL COM O REGIME TRIBUTÁRIO A QUE SE SUBMETE, SERÃO ADOTADAS AS ORIENTAÇÕES A SEGUIR:*
A57: A) COTAÇÃO DE PERCENTUAL MENOR QUE O ADEQUADO: O PERCENTUAL SERÁ MANTIDO DURANTE TODA A EXECUÇÃO CONTRATUAL;
... A68: OBS: Em conformidade com a IN N° 05 DE 26/05/2017 e alteração acrescentada pela IN N° 07 de 20/09/2018, e em referência a Nota 3 do Módulo 2 do Anexo VII-D, resaltamos o texto a seguir "Levando em consideração a vigência contratual prevista no art. 57 da Lei nº 8.666, de 23 de junho de 1993, a rubrica férias do subítem 2.1 tem como objetivo principal suprir a necessidade do pagamento das férias remuneradas ao final do contrato de 12 meses. Esta rubrica, quando da prorrogação contratual, torna-se custo não renovável".

Sheet Horas Extras
B1: PLANILHA ESTIMATIVA
B2: Planilha de Custos e Formação de Preços para Serviços de Vigilância - GEX - Campo Grande e Dourados-MS
B4: Nº do Processo: | C4: 35014.499513/2022-13
B5: Pregão Eletrônico nº
B6: Data:
B8: Discriminação dos Serviços (dados referentes à contratação)
B9: A – Data de apresentação da proposta (dia/mês/ano)
B10: B – Município/UF
B11: C – Ano Acordo, Convenção ou Sentença Normativa em Dissídio Coletivo
B12: D – Nº de meses de execução contratual | C12: 12
B14: Identificação do Serviço
B15: Tipo de Serviço | C15: Unid. de Medida | D15: Hora Extra – Sábado | E15: Hora Extra – Domingo
B16: Contratação de serviços de segurança e vigilância orgânica e patrimonial desarmada, visando atender as demandas da Superintendência Regional Norte/Centro-Oeste e Gerências Executivas vinculadas, conforme condições, quantidades e exigências estabelecidas neste instrumento convocatório. | C16: Serviço | D16: 150 | E16: 24
B19: Mão de obra vinculada à execução contratual
B20: Dados para composição dos custos referente à mão de obra
B21: 1 – Tipo de serviço (mesmo serviço com características distintas) | C21: Vigilância
B22: 2 – Classificação Brasileira de Ocupações (CBO) | C22: 517330
B23: 3 – Salário Normativo da Categoria Profissional | C23: ='Campo Grande'!C23 -> 1653.5892
B24: 4 – Categoria profissional (vinculada à execução contratual) | C24: Vigilante
B25: 5 – Data base da categoria (dia/mês/ano) | C25: 01 de março
B26: 6 – Numero de registro da convenção coletiva no MTE: | C26: MS000122/2022 e MS000120/2022
B28: CUSTOS | C28: Percentuais e Valores de Referência | D28: Hora Extra – Sábado | E28: Hora Extra – Domingo
B29: MÓDULO 1: COMPOSIÇÃO DA REMUNERAÇÃO
B30: 1 - Composição da Remuneração | C30: Valores/ Percentuais | D30: Valor (R$) | E30: Valor (R$)
B31: A – Salário Base (conforme Cláusula Terceira da CCT) | C31: =C23 -> 1653.5892 | D31: =C31 -> 1653.5892 | E31: =C31 -> 1653.5892
B32: B - Adicional de Periculosidade (conforme Cláusula Décima Quarta da CCT) | C32: 0.3 | D32: =D31*C32 -> 496.07675 | E32: =E31*C32 -> 496.07675
B33: C - Adicional de Insalubridade
B34: D - Adicional Noturno | D34: 0 | E34: 0
B35: E - Adicional de Hora Noturna Reduzida | D35: 0 | E35: 0
B36: F - Penosidade | D36: 0 | E36: 0
B37: G - Outros | D37: =(SUM(D31:D36))/220*1.5 -> 14.656813 | E37: =(SUM(E31:E36))/220*2 -> 19.542417
B38: Total | D38: =D37 -> 14.656813 | E38: =E37 -> 19.542417
B40: MÓDULO 2: ENCARGOS E BENEFÍCIOS ANUAIS, MENSAIS E DIÁRIOS
B41: 2.1 - 13º Salário, Férias e Adicional de Férias | C41: Percentuais | D41: Valor (R$) | E41: Valor (R$)
B42: A - 13º salário | C42: =1/12 -> 0.083333333 | D42: =C42*D38 -> 1.2214011 | E42: =C42*E38 -> 1.6285348
B43: B - Férias e Adicional de Férias (O custo com o valor pago ao substituto durante as férias do empregado consta na letra "A" do submódulo 4.1), (custo não renovável). | C43: =C42/3 -> 0.027777778 | D43: =C43*D38 -> 0.40713369 | E43: =C43*E38 -> 0.54284493
B44: Total | C44: =SUM(C42:C43) -> 0.11111111 | D44: =SUM(D42:D43) -> 1.6285348 | E44: =SUM(E42:E43) -> 2.1713797
B45: 2.2 - GPS, FGTS e outras contribuições (Incide sobre os Módulos 1 e 2.1) | C45: Percentuais | D45: Valor (R$) | E45: Valor (R$)
B46: A - INSS | C46: 0.2 | D46: =C46*(D38+D44) -> 3.2570696 | E46: =C46*(E38+E44) -> 4.3427594
B47: B - Salário Educação | C47: 0.025 | D47: =C47*(D38+D44) -> 0.40713369 | E47: =C47*(E38+E44) -> 0.54284493
B48: C - SAT (Utilizar o RAT Ajustado conforme GFIP: RAT x FAP) | C48: 0.03 | D48: =C48*(D38+D44) -> 0.48856043 | E48: =C48*(E38+E44) -> 0.65141391
B49: D - SESI ou SESC | C49: 0.015 | D49: =C49*(D38+D44) -> 0.24428022 | E49: =C49*(E38+E44) -> 0.32570696
B50: E - SENAI ou SENAC | C50: 0.01 | D50: =C50*(D38+D44) -> 0.16285348 | E50: =C50*(E38+E44) -> 0.21713797
B51: F - SEBRAE | C51: 0.006 | D51: =C51*(D38+D44) -> 0.097712087 | E51: =C51*(E38+E44) -> 0.13028278
B52: G - INCRA | C52: 0.002 | D52: =C52*(D38+D44) -> 0.032570696 | E52: =C52*(E38+E44) -> 0.043427594
B53: F - FGTS | C53: 0.08 | D53: =C53*(D38+D44) -> 1.3028278 | E53: =C53*(E38+E44) -> 1.7371038
B54: Total | C54: =SUM(C46:C53) -> 0.368 | D54: =SUM(D46:D53) -> 5.993008 | E54: =SUM(E46:E53) -> 7.9906773
B55: 2.3 - Benefícios Mensais e Diários | C55: Valores/ Percentuais | D55: Valor (R$) | E55: Valor (R$)
B56: A – Transporte (Devido por dia trabalhado) | C56: 0 | D56: 0 | E56: 0
B57: B – Auxílio-Refeição/Alimentação (Devido por dia trabalhado) | C57: 0 | D57: 0 | E57: 0
B58: C - Assistência Médica e Familiar (Conforme CCT) | C58: 0 | D58: =C58 -> 0 | E58: =C58 -> 0
B59: D – Prêmio Assiduidade | C59: 0 | D59: =C59 -> 0 | E59: =D59 -> 0
B60: E – Auxílio Morte/Funeral (Conforme CCT) | C60: 0 | D60: =D31*C60*2.5 -> 0 | E60: =E31*C60*2.5 -> 0
B61: F – Outros (Seguro de Vida) - Conforme CCT) | C61: 0 | D61: =(69926+(69926*0.062163))*C61 -> 0 | E61: =(69926+(69926*0.062163))*C61 -> 0
B62: Total | D62: =SUM(D56:D61) -> 0 | E62: =SUM(E56:E61) -> 0
B63: 2 - Encargos e Benefícios Anuais, Mensais e Diários | C63: Percentuais | D63: Valor (R$) | E63: Valor (R$)
B64: 2.1 - 13º Salário, Férias e Adicional de Férias | C64: =C44 -> 0.11111111 | D64: =D44 -> 1.6285348 | E64: =E44 -> 2.1713797
B65: 2.2 - GPS, FGTS e outras contribuições | C65: =C54 -> 0.368 | D65: =D54 -> 5.993008 | E65: =E54 -> 7.9906773
B66: 2.3 - Benefícios Mensais e Diários | C66: 0 | D66: =D62 -> 0 | E66: =E62 -> 0
B67: Total | D67: =SUM(D64:D66) -> 7.6215428 | E67: =SUM(E64:E66) -> 10.162057
B69: MÓDULO 3: PROVISÃO PARA RESCISÃO
B70: 3 - Provisão para Rescisão | C70: Percentuais | D70: Valor (R$) | E70: Valor (R$)
B71: A - Aviso Prévio Indenizado (Esta parcela deverá ser reduzida após o primeiro ano da contratação para o percentual máximo de 0,042%: Acórdão 1.186/2017-P) | C71: =1/12*0.05 -> 0.0041666667 | D71: =C71*D38 -> 0.061070054 | E71: =C71*E38 -> 0.081426739
B72: B - Incidência do FGTS sobre Aviso Prévio Indenizado | C72: =C53*C71 -> 0.00033333333 | D72: =C72*D38 -> 0.0048856043 | E72: =C72*E38 -> 0.0065141391
B73: C - Multa do FGTS e contribuições sociais sobre o Aviso Prévio Indenizado | C73: 0 | D73: =C73*D38 -> 0 | E73: =C73*E38 -> 0
B74: D - Aviso Prévio Trabalhado (Esta parcela deverá ser reduzida após o primeiro ano da contratação para o percentual máximo de 0,194%: Acórdão 1.186/2017-P) | C74: =1/30*7/12 -> 0.019444444 | D74: =C74*D38 -> 0.28499359 | E74: =C74*E38 -> 0.37999145
B75: E - Incidência de GPS, FGTS e outras contribuições (submódulo 2.2) sobre o Aviso Prévio Trabalhado | C75: =C54*C74 -> 0.0071555556 | D75: =C75*D38 -> 0.10487764 | E75: =C75*E38 -> 0.13983685
B76: F - Multa do FGTS sobre o Aviso Prévio Trabalhado (Rescisões sem justa causa) | C76: =0.08*0.4*0.9*(1+1/12+1/12+1/3*1/12) -> 0.0344 | D76: =C76*D38 -> 0.50419437 | E76: =C76*E38 -> 0.67225916
B77: Total | C77: =SUM(C71:C76) -> 0.0655 | D77: =SUM(D71:D76) -> 0.96002125 | E77: =SUM(E71:E76) -> 1.2800283
B79: MÓDULO 4: CUSTO DE REPOSIÇÃO DO PROFISSIONAL AUSENTE
B80: 4.1 – Substituto nas Ausências Legais | C80: Percentuais | D80: Valor (R$) | E80: Valor (R$)
B81: A – Substituto na cobertura de Férias | C81: =1/12 -> 0.083333333 | D81: =C81*(D38+D67+D77) -> 1.9365314 | E81: =C81*(E38+E67+E77) -> 2.5820419
B82: B – Substituto na cobertura de ausências Legais | C82: ='Memória de Cálculo'!C21 -> 0.0028 | D82: =C82*(D38+D67+D77) -> 0.065067456 | E82: =C82*(E38+E67+E77) -> 0.086756608
B83: C - Substituto na cobertura na licença-paternidade | C83: ='Memória de Cálculo'!D28/30/12*'Memória de Cálculo'!D26*'Memória de Cálculo'!D27 -> 0.00018725 | D83: =C83*(D38+D67+D77) -> 0.0043513861 | E83: =C83*(E38+E67+E77) -> 0.0058018481
B84: D - Substituto na cobertura na ausências por acidente de trabalho | C84: ='Memória de Cálculo'!D32/30/12 -> 0.0019202778 | D84: =C84*(D38+D67+D77) -> 0.044624139 | E84: =C84*(E38+E67+E77) -> 0.059498852
B85: E - Substituto na cobertura de afastamento maternidade | C85: =120/30*'Memória de Cálculo'!D42*'Memória de Cálculo'!D43 -> 0.00129536 | D85: =C85*(D38+D67+D77) -> 0.030102064 | E85: =C85*(E38+E67+E77) -> 0.040136085
B86: F - Substituto na cobertura de outras ausências (especificar) | C86: 0 | D86: =C86*(D38+D67+D77) -> 0 | E86: =C86*(E38+E67+E77) -> 0
B87: Total | C87: =SUM(C81:C86) -> 0.089536221 | D87: =SUM(D81:D86) -> 2.0806765 | E87: =SUM(E81:E86) -> 2.7742353
B88: 4.2 - Substituto na Intrajornada (Indenizada) | C88: Percentuais | D88: Valor (R$) | E88: Valor (R$)
B89: A - Substituto na cobertura de intervalo para repouso ou alimentação (Intrajornada indenizada de 1 hora, conforme CCT) | C89: 0.5 | D89: 0 | E89: 0
B90: Total | D90: =SUM(D89:D89) -> 0 | E90: =SUM(E89:E89) -> 0
B92: 4 - Custo de Reposição do Profissional Ausente | C92: Percentuais | D92: Valor (R$) | E92: Valor (R$)
B93: 4.1 - Substituto nas ausências Legais | C93: =C87 -> 0.089536221 | D93: =D87 -> 2.0806765 | E93: =E87 -> 2.7742353
B94: 4.2 - Intrajornada indenizada | C94: =C89 -> 0.5 | D94: =D90 -> 0 | E94: =E90 -> 0
B95: Total | D95: =SUM(D93:D94) -> 2.0806765 | E95: =SUM(E93:E94) -> 2.7742353
B97: MÓDULO 5: INSUMOS DIVERSOS
B98: 5 - Insumos Diversos | C98: Valores/ Percentuais | D98: Valor (R$) | E98: Valor (R$)
B99: A - Uniformes | C99: 0 | D99: =C99 -> 0 | E99: =C99 -> 0
B100: B - Materiais | C100: 0 | D100: =C100 -> 0 | E100: =C100 -> 0
B101: C – Equipamentos | C101: 0 | D101: =C101 -> 0 | E101: =C101 -> 0
B102: D - Outros (especificar) | C102: 0 | D102: =C102 -> 0 | E102: =C102 -> 0
B103: Total | C103: =SUM(C99:C102) -> 0 | D103: =SUM(D99:D102) -> 0 | E103: =SUM(E99:E102) -> 0
B105: MÓDULO 6: CUSTOS INDIRETOS, TRIBUTOS E LUCRO
B106: 6 - Custos Indiretos, Tributos e Lucro | C106: Percentuais | D106: Valor (R$) | E106: Valor (R$)
B107: A - Custos Indiretos | C107: 0.032 | D107: =C107*(D38+D67+D77+D95+D103) -> 0.81020971 | E107: =C107*(E38+E67+E77+E95+E103) -> 1.0802796
B108: B - Lucro | C108: 0.0358 | D108: =C108*(D38+D67+D77+D95+D103+D107) -> 0.93542762 | E108: =C108*(E38+E67+E77+E95+E103+E107) -> 1.2472368
B109: C - Tributos (Utilizar os percentuais de acordo com o regime tributário a que estiver sujeito) | C109: =SUM(C110:C114) -> 0.0865 | D109: =((D38+D67+D77+D95+D103+D107+D108)/(1-C109))*C109 -> 2.5627759 | E109: =((E38+E67+E77+E95+E103+E107+E108)/(1-C109))*C109 -> 3.4170345
B110: C.1.1 - Tributos Federais (PIS) | C110: =0.03 -> 0.03 | D110: =((D38+D67+D77+D95+D103+D107+D108)/(1-C109))*C110 -> 0.888824 | E110: =((E38+E67+E77+E95+E103+E107+E108)/(1-C109))*C110 -> 1.1850987
B111: C.1.2 - Tributos Federais (COFINS) | C111: =0.0065 -> 0.0065 | D111: =((D38+D67+D77+D95+D103+D107+D108)/(1-C109))*C111 -> 0.19257853 | E111: =((E38+E67+E77+E95+E103+E107+E108)/(1-C109))*C111 -> 0.25677138
B112: C.2 - Tributos Estaduais (especificar)
...

Sheet Campo Grande
B1: PLANILHA ESTIMATIVA
B2: Planilha de Custos e Formação de Preços para Serviços de Vigilância - GEX - Campo Grande e Dourados-MS
B4: Nº do Processo: | C4: 35014.499513/2022-13
B5: Pregão Eletrônico nº
B6: Data:
B8: Discriminação dos Serviços (dados referentes à contratação)
B9: A – Data de apresentação da proposta (dia/mês/ano)
B10: B – Município/UF | C10: Campo Grande - MS
B11: C – Ano Acordo, Convenção ou Sentença Normativa em Dissídio Coletivo | C11: 2022/2024
B12: D – Nº de meses de execução contratual | C12: 12
B14: Identificação do Serviço
B15: Tipo de Serviço | C15: Unid. de Medida | D15: Posto de 44 hs semanais (Qtde) | E15: Posto 12X36 Diurnas (Qtde) | F15: Posto 12X36 Noturno (Qtde)
B16: Contratação de serviços de segurança e vigilância orgânica e patrimonial desarmada, visando atender as demandas das Gerências Executivas de Campo Grande e Dourados, conforme condições, quantidades e exigências estabelecidas neste instrumento convocatório. | C16: Serviço | D16: =Resumo!E29 -> 10 | E16: =Resumo!E27 -> 5 | F16: =Resumo!E28 -> 5
B19: Mão de obra vinculada à execução contratual
B20: Dados para composição dos custos referente à mão de obra
B21: 1 – Tipo de serviço (mesmo serviço com características distintas) | C21: Vigilância
B22: 2 – Classificação Brasileira de Ocupações (CBO) | C22: 517330
B23: 3 – Salário Normativo da Categoria Profissional | C23: =1567.82+(1567.82*5.4706%) -> 1653.5892
B24: 4 – Categoria profissional (vinculada à execução contratual) | C24: Vigilante
B25: 5 – Data base da categoria (dia/mês/ano) | C25: 01 de março
B26: 6 – Numero de registro da convenção coletiva no MTE: | C26: MS000122/2022
B28: CUSTOS | C28: Percentuais e Valores de Referência | D28: 44 horas semanais diurnas | E28: 12X36 Diurnas | F28: 12X36 Noturnas
B29: MÓDULO 1: COMPOSIÇÃO DA REMUNERAÇÃO
B30: 1 - Composição da Remuneração | C30: Valores/ Percentuais | D30: Valor (R$) | E30: Valor (R$) | F30: Valor (R$)
B31: A – Salário Base (conforme Cláusula Terceira da CCT) | C31: =C23 -> 1653.5892 | D31: =C31 -> 1653.5892 | E31: =C31 -> 1653.5892 | F31: =C31 -> 1653.5892
B32: B - Adicional de Periculosidade (conforme Cláusula Décima Quarta da CCT) | C32: 0.3 | D32: =D31*C32 -> 496.07675 | E32: =E31*C32 -> 496.07675 | F32: =F31*C32 -> 496.07675
B33: C - Adicional de Insalubridade
B34: D - Adicional Noturno | C34: 0.2 | D34: 0 | E34: 0 | F34: =((F31+F32)/220)*C34*7*15 -> 205.19538
B35: E - Adicional de Hora Noturna Reduzida | D35: 0 | E35: 0 | F35: =((F31+F32)/220)*1.2*15 -> 175.88176
B36: F - Penosidade | D36: 0 | E36: 0 | F36: 0
B37: G - Outros | D37: 0 | E37: 0 | F37: 0
B38: Total | D38: =SUM(D31:D37) -> 2149.6659 | E38: =SUM(E31:E37) -> 2149.6659 | F38: =SUM(F31:F37) -> 2530.743
B40: MÓDULO 2: ENCARGOS E BENEFÍCIOS ANUAIS, MENSAIS E DIÁRIOS
B41: 2.1 - 13º Salário, Férias e Adicional de Férias | C41: Percentuais | D41: Valor (R$) | E41: Valor (R$) | F41: Valor (R$)
B42: A - 13º salário | C42: =1/12 -> 0.083333333 | D42: =C42*D38 -> 179.13883 | E42: =C42*E38 -> 179.13883 | F42: =C42*F38 -> 210.89525
B43: B - Férias e Adicional de Férias (O custo com o valor pago ao substituto durante as férias do empregado consta na letra "A" do submódulo 4.1), (custo não renovável). | C43: =C42/3 -> 0.027777778 | D43: =C43*D38 -> 59.712942 | E43: =C43*E38 -> 59.712942 | F43: =C43*F38 -> 70.298418
B44: Total | C44: =SUM(C42:C43) -> 0.11111111 | D44: =SUM(D42:D43) -> 238.85177 | E44: =SUM(E42:E43) -> 238.85177 | F44: =SUM(F42:F43) -> 281.19367
B45: 2.2 - GPS, FGTS e outras contribuições (Incide sobre os Módulos 1 e 2.1) | C45: Percentuais | D45: Valor (R$) | E45: Valor (R$) | F45: Valor (R$)
B46: A - INSS | C46: 0.2 | D46: =C46*(D38+D44) -> 477.70354 | E46: =C46*(E38+E44) -> 477.70354 | F46: =C46*(F38+F44) -> 562.38734
B47: B - Salário Educação | C47: 0.025 | D47: =C47*(D38+D44) -> 59.712942 | E47: =C47*(E38+E44) -> 59.712942 | F47: =C47*(F38+F44) -> 70.298418
B48: C - SAT (Utilizar o RAT Ajustado conforme GFIP: RAT x FAP) | C48: 0.03 | D48: =C48*(D38+D44) -> 71.65553 | E48: =C48*(E38+E44) -> 71.65553 | F48: =C48*(F38+F44) -> 84.358102
B49: D - SESI ou SESC | C49: 0.015 | D49: =C49*(D38+D44) -> 35.827765 | E49: =C49*(E38+E44) -> 35.827765 | F49: =C49*(F38+F44) -> 42.179051
B50: E - SENAI ou SENAC | C50: 0.01 | D50: =C50*(D38+D44) -> 23.885177 | E50: =C50*(E38+E44) -> 23.885177 | F50: =C50*(F38+F44) -> 28.119367
B51: F - SEBRAE | C51: 0.006 | D51: =C51*(D38+D44) -> 14.331106 | E51: =C51*(E38+E44) -> 14.331106 | F51: =C51*(F38+F44) -> 16.87162
B52: G - INCRA | C52: 0.002 | D52: =C52*(D38+D44) -> 4.7770354 | E52: =C52*(E38+E44) -> 4.7770354 | F52: =C52*(F38+F44) -> 5.6238734
B53: F - FGTS | C53: 0.08 | D53: =C53*(D38+D44) -> 191.08141 | E53: =C53*(E38+E44) -> 191.08141 | F53: =C53*(F38+F44) -> 224.95494
B54: Total | C54: =SUM(C46:C53) -> 0.368 | D54: =SUM(D46:D53) -> 878.97451 | E54: =SUM(E46:E53) -> 878.97451 | F54: =SUM(F46:F53) -> 1034.7927
B55: 2.3 - Benefícios Mensais e Diários | C55: Valores/ Percentuais | D55: Valor (R$) | E55: Valor (R$) | F55: Valor (R$)
B56: A – Transporte (Devido por dia trabalhado) | C56: 4.4 | D56: =(C56*26*2)-(D31*0.06) -> 129.58465 | E56: =(C56*15*2)-(E31*0.06) -> 32.78465 | F56: =(C56*15*2)-(F31*0.06) -> 32.78465
B57: B – Auxílio-Refeição/Alimentação (Devido por dia trabalhado) | C57: ='Memória de Cálculo'!C6 -> 31.113827 | D57: ='Memória de Cálculo'!E6 -> 792.42361 | E57: ='Memória de Cálculo'!E7 -> 450.17151 | F57: ='Memória de Cálculo'!E8 -> 450.17151
B58: C - Assistência Médica e Familiar (Conforme CCT) | C58: 80 | D58: =C58 -> 80 | E58: =C58 -> 80 | F58: =C58 -> 80
B59: D – Prêmio Assiduidade | C59: 0 | D59: =C59 -> 0 | E59: =D59 -> 0 | F59: =E59 -> 0
B60: E – Auxílio Morte/Funeral (Conforme CCT) | C60: 9.55e-05 | D60: =D31*C60*2.5 -> 0.39479441 | E60: =E31*C60*2.5 -> 0.39479441 | F60: =F31*C60*2.5 -> 0.39479441
B61: F – Outros (Seguro de Vida) - Conforme CCT) | C61: 9.55e-05 | D61: =74275.4*C61 -> 7.0933007 | E61: =74275.4*C61 -> 7.0933007 | F61: =74275.4*C61 -> 7.0933007
B62: Total | D62: =SUM(D56:D61) -> 1009.4964 | E62: =SUM(E56:E61) -> 570.44426 | F62: =SUM(F56:F61) -> 570.44426
B63: 2 - Encargos e Benefícios Anuais, Mensais e Diários | C63: Percentuais | D63: Valor (R$) | E63: Valor (R$) | F63: Valor (R$)
B64: 2.1 - 13º Salário, Férias e Adicional de Férias | C64: =C44 -> 0.11111111 | D64: =D44 -> 238.85177 | E64: =E44 -> 238.85177 | F64: =F44 -> 281.19367
B65: 2.2 - GPS, FGTS e outras contribuições | C65: =C54 -> 0.368 | D65: =D54 -> 878.97451 | E65: =E54 -> 878.97451 | F65: =F54 -> 1034.7927
B66: 2.3 - Benefícios Mensais e Diários | C66: 0 | D66: =D62 -> 1009.4964 | E66: =E62 -> 570.44426 | F66: =F62 -> 570.44426
B67: Total | D67: =SUM(D64:D66) -> 2127.3226 | E67: =SUM(E64:E66) -> 1688.2705 | F67: =SUM(F64:F66) -> 1886.4306
B69: MÓDULO 3: PROVISÃO PARA RESCISÃO
B70: 3 - Provisão para Rescisão | C70: Percentuais | D70: Valor (R$) | E70: Valor (R$) | F70: Valor (R$)
B71: A - Aviso Prévio Indenizado (Esta parcela deverá ser reduzida após o primeiro ano da contratação para o percentual máximo de 0,042%: Acórdão 1.186/2017-P) | C71: =1/12*0.05 -> 0.0041666667 | D71: =C71*D38 -> 8.9569413 | E71: =C71*E38 -> 8.9569413 | F71: =C71*F38 -> 10.544763
B72: B - Incidência do FGTS sobre Aviso Prévio Indenizado | C72: =C53*C71 -> 0.00033333333 | D72: =C72*D38 -> 0.7165553 | E72: =C72*E38 -> 0.7165553 | F72: =C72*F38 -> 0.84358102
B73: C - Multa do FGTS e contribuições sociais sobre o Aviso Prévio Indenizado | C73: 0 | D73: =C73*D38 -> 0 | E73: =C73*E38 -> 0 | F73: =C73*F38 -> 0
B74: D - Aviso Prévio Trabalhado (Esta parcela deverá ser reduzida após o primeiro ano da contratação para o percentual máximo de 0,194%: Acórdão 1.186/2017-P) | C74: =1/30*7/12 -> 0.019444444 | D74: =C74*D38 -> 41.799059 | E74: =C74*E38 -> 41.799059 | F74: =C74*F38 -> 49.208893
B75: E - Incidência de GPS, FGTS e outras contribuições (submódulo 2.2) sobre o Aviso Prévio Trabalhado | C75: =C54*C74 -> 0.0071555556 | D75: =C75*D38 -> 15.382054 | E75: =C75*E38 -> 15.382054 | F75: =C75*F38 -> 18.108872
B76: F - Multa do FGTS sobre o Aviso Prévio Trabalhado (Rescisões sem justa causa) | C76: =0.08*0.4*0.9*(1+1/12+1/12+1/3*1/12) -> 0.0344 | D76: =C76*D38 -> 73.948507 | E76: =C76*E38 -> 73.948507 | F76: =C76*F38 -> 87.057561
B77: Total | C77: =SUM(C71:C76) -> 0.0655 | D77: =SUM(D71:D76) -> 140.80312 | E77: =SUM(E71:E76) -> 140.80312 | F77: =SUM(F71:F76) -> 165.76367
B79: MÓDULO 4: CUSTO DE REPOSIÇÃO DO PROFISSIONAL AUSENTE
B80: 4.1 – Substituto nas Ausências Legais | C80: Percentuais | D80: Valor (R$) | E80: Valor (R$) | F80: Valor (R$)
B81: A – Substituto na cobertura de Férias | C81: =1/12 -> 0.083333333 | D81: =C81*(D38+D67+D77) -> 368.1493 | E81: =C81*(E38+E67+E77) -> 331.56163 | F81: =C81*(F38+F67+F77) -> 381.91145
B82: B – Substituto na cobertura de ausências Legais | C82: ='Memória de Cálculo'!C21 -> 0.0028 | D82: =C82*(D38+D67+D77) -> 12.369817 | E82: =C82*(E38+E67+E77) -> 11.140471 | F82: =C82*(F38+F67+F77) -> 12.832225
B83: C - Substituto na cobertura na licença-paternidade | C83: ='Memória de Cálculo'!D28/30/12*'Memória de Cálculo'!D26*'Memória de Cálculo'!D27 -> 0.00018725 | D83: =C83*(D38+D67+D77) -> 0.82723149 | E83: =C83*(E38+E67+E77) -> 0.74501898 | F83: =C83*(F38+F67+F77) -> 0.85815502
B84: D - Substituto na cobertura na ausências por acidente de trabalho | C84: ='Memória de Cálculo'!D32/30/12 -> 0.0019202778 | D84: =C84*(D38+D67+D77) -> 8.4833871 | E84: =C84*(E38+E67+E77) -> 7.6402852 | F84: =C84*(F38+F67+F77) -> 8.8005128
B85: E - Substituto na cobertura de afastamento maternidade | C85: =120/30*'Memória de Cálculo'!D42*'Memória de Cálculo'!D43 -> 0.00129536 | D85: =C85*(D38+D67+D77) -> 5.7226306 | E85: =C85*(E38+E67+E77) -> 5.1539001 | F85: =C85*(F38+F67+F77) -> 5.9365537
B86: F - Substituto na cobertura de outras ausências (especificar) | C86: 0 | D86: =C86*(D38+D67+D77) -> 0 | E86: =C86*(E38+E67+E77) -> 0 | F86: =C86*(F38+F67+F77) -> 0
B87: Total | C87: =SUM(C81:C86) -> 0.089536221 | D87: =SUM(D81:D86) -> 395.55237 | E87: =SUM(E81:E86) -> 356.2413 | F87: =SUM(F81:F86) -> 410.33889
B88: 4.2 - Substituto na Intrajornada (Indenizada) | C88: Percentuais | D88: Valor (R$) | E88: Valor (R$) | F88: Valor (R$)
B89: A - Substituto na cobertura de intervalo para repouso ou alimentação (Intrajornada indenizada de 1 hora, conforme CCT) | C89: 0.5 | D89: 0 | E89: =(E38/220)*15*1.5 -> 219.8522 | F89: =(F38/220)*15*1.5 -> 258.82599
B90: Total | D90: =SUM(D89:D89) -> 0 | E90: =SUM(E89:E89) -> 219.8522 | F90: =SUM(F89:F89) -> 258.82599
B92: 4 - Custo de Reposição do Profissional Ausente | C92: Percentuais | D92: Valor (R$) | E92: Valor (R$) | F92: Valor (R$)
B93: 4.1 - Substituto nas ausências Legais | C93: =C87 -> 0.089536221 | D93: =D87 -> 395.55237 | E93: =E87 -> 356.2413 | F93: =F87 -> 410.33889
B94: 4.2 - Intrajornada indenizada | C94: =C89 -> 0.5 | D94: =D90 -> 0 | E94: =E90 -> 219.8522 | F94: =F90 -> 258.82599
B95: Total | D95: =SUM(D93:D94) -> 395.55237 | E95: =SUM(E93:E94) -> 576.0935 | F95: =SUM(F93:F94) -> 669.16489
B97: MÓDULO 5: INSUMOS DIVERSOS
B98: 5 - Insumos Diversos | C98: Valores | D98: Valor (R$) | E98: Valor (R$) | F98: Valor (R$)
B99: A - Uniformes | C99: =Insumos!J13 -> 41.683333 | D99: =C99 -> 41.683333 | E99: =C99 -> 41.683333 | F99: =C99 -> 41.683333
B100: B - Materiais (Valor por posto) | C100: =Insumos!J21 -> 10.203333 | D100: =C100 -> 10.203333 | E100: =C100/2 -> 5.1016667 | F100: =C100/2 -> 5.1016667
B101: C - Outros (especificar) | C101: 0 | D101: =C101 -> 0 | E101: =C101 -> 0 | F101: =C101 -> 0
B102: Total | C102: =SUM(C99:C101) -> 51.886667 | D102: =SUM(D99:D101) -> 51.886667 | E102: =SUM(E99:E101) -> 46.785 | F102: =SUM(F99:F101) -> 46.785
B104: MÓDULO 6: CUSTOS INDIRETOS, TRIBUTOS E LUCRO
B105: 6 - Custos Indiretos, Tributos e Lucro | C105: Percentuais | D105: Valor (R$) | E105: Valor (R$) | F105: Valor (R$)
B106: A - Custos Indiretos | C106: 0.032 | D106: =C106*(D38+D67+D77+D95+D102) -> 155.68738 | E106: =C106*(E38+E67+E77+E95+E102) -> 147.25178 | F106: =C106*(F38+F67+F77+F95+F102) -> 169.56439
B107: B - Lucro | C107: 0.0358 | D107: =C107*(D38+D67+D77+D95+D102+D106) -> 179.74887 | E107: =C107*(E38+E67+E77+E95+E102+E106) -> 170.00954 | F107: =C107*(F38+F67+F77+F95+F102+F106) -> 195.77057
B108: C - Tributos (Percentuais de acordo com o regime tributário da empresa) | C108: =SUM(C109:C113) -> 0.0865 | D108: =((D38+D67+D77+D95+D102+D106+D107)/(1-C108))*C108 -> 492.45505 | E108: =((E38+E67+E77+E95+E102+E106+E107)/(1-C108))*C108 -> 465.77238 | F108: =((F38+F67+F77+F95+F102+F106+F107)/(1-C108))*C108 -> 536.34945
B109: C.1.1 - Tributos Federais (COFINS) | C109: =0.03 -> 0.03 | D109: =((D38+D67+D77+D95+D102+D106+D107)/(1-C108))*C109 -> 170.79366 | E109: =((E38+E67+E77+E95+E102+E106+E107)/(1-C108))*C109 -> 161.53955 | F109: =((F38+F67+F77+F95+F102+F106+F107)/(1-C108))*C109 -> 186.01715
B110: C.1.2 - Tributos Federais (PIS) | C110: =0.0065 -> 0.0065 | D110: =((D38+D67+D77+D95+D102+D106+D107)/(1-C108))*C110 -> 37.005293 | E110: =((E38+E67+E77+E95+E102+E106+E107)/(1-C108))*C110 -> 35.000236 | F110: =((F38+F67+F77+F95+F102+F106+F107)/(1-C108))*C110 -> 40.303716
B111: C.2 - Tributos Estaduais (especificar)
B112: C.3 - Tributos Municipais (ISSQN do município de prestação do serviço (art. 3º, XVI, LC nº 116/2003)) | C112: 0.05 | D112: =((D38+D67+D77+D95+D102+D106+D107)/(1-C108))*C112 -> 284.6561 | E112: =((E38+E67+E77+E95+E102+E106+E107)/(1-C108))*C112 -> 269.23259 | F112: =((F38+F67+F77+F95+F102+F106+F107)/(1-C108))*C112 -> 310.02858
...

Sheet Aquidauana
B1: PLANILHA ESTIMATIVA
B2: Planilha de Custos e Formação de Preços para Serviços de Vigilância - GEX - Campo Grande e Dourados-MS
B4: Nº do Processo: | C4: 35014.499513/2022-13
B5: Pregão Eletrônico nº
B6: Data:
B8: Discriminação dos Serviços (dados referentes à contratação)
B9: A – Data de apresentação da proposta (dia/mês/ano)
B10: B – Município/UF | C10: Aquidauana - MS
B11: C – Ano Acordo, Convenção ou Sentença Normativa em Dissídio Coletivo | C11: 2022/2024
B12: D – Nº de meses de execução contratual | C12: 12
B14: Identificação do Serviço
B15: Tipo de Serviço | C15: Unid. de Medida | D15: Posto de 44 hs semanais (Qtde) | E15: Posto 12X36 Diurnas (Qtde)
B16: Contratação de serviços de segurança e vigilância orgânica e patrimonial desarmada, visando atender as demandas das Gerências Executivas de Campo Grande e Dourados, conforme condições, quantidades e exigências estabelecidas neste instrumento convocatório. | C16: Serviço | D16: =Resumo!E32 -> 2 | E16: =Resumo!E31 -> 0
B19: Mão de obra vinculada à execução contratual
B20: Dados para composição dos custos referente à mão de obra
B21: 1 – Tipo de serviço (mesmo serviço com características distintas) | C21: Vigilância
B22: 2 – Classificação Brasileira de Ocupações (CBO) | C22: 517330
B23: 3 – Salário Normativo da Categoria Profissional | C23: ='Campo Grande'!C23 -> 1653.5892
B24: 4 – Categoria profissional (vinculada à execução contratual) | C24: Vigilante
B25: 5 – Data base da categoria (dia/mês/ano) | C25: 01 de março
B26: 6 – Numero de registro da convenção coletiva no MTE: | C26: MS000122/2022
B28: CUSTOS | C28: Percentuais e Valores de Referência | D28: 44 horas semanais diurnas | E28: 12X36 Diurnas
B29: MÓDULO 1: COMPOSIÇÃO DA REMUNERAÇÃO
B30: 1 - Composição da Remuneração | C30: Valores/ Percentuais | D30: Valor (R$) | E30: Valor (R$)
B31: A – Salário Base (conforme Cláusula Terceira da CCT) | C31: =C23 -> 1653.5892 | D31: =C31 -> 1653.5892 | E31: =C31 -> 1653.5892
B32: B - Adicional de Periculosidade (conforme Cláusula Décima Quarta da CCT) | C32: 0.3 | D32: =D31*C32 -> 496.07675 | E32: =E31*C32 -> 496.07675
B33: C - Adicional de Insalubridade
B34: D - Adicional Noturno | D34: 0 | E34: 0
B35: E - Adicional de Hora Noturna Reduzida | D35: 0 | E35: 0
B36: F - Penosidade | D36: 0 | E36: 0
B37: G - Outros | D37: 0 | E37: 0
B38: Total | D38: =SUM(D31:D37) -> 2149.6659 | E38: =SUM(E31:E37) -> 2149.6659
B40: MÓDULO 2: ENCARGOS E BENEFÍCIOS ANUAIS, MENSAIS E DIÁRIOS
B41: 2.1 - 13º Salário, Férias e Adicional de Férias | C41: Percentuais | D41: Valor (R$) | E41: Valor (R$)
B42: A - 13º salário | C42: =1/12 -> 0.083333333 | D42: =C42*D38 -> 179.13883 | E42: =C42*E38 -> 179.13883
B43: B - Férias e Adicional de Férias (O custo com o valor pago ao substituto durante as férias do empregado consta na letra "A" do submódulo 4.1), (custo não renovável). | C43: =C42/3 -> 0.027777778 | D43: =C43*D38 -> 59.712942 | E43: =C43*E38 -> 59.712942
B44: Total | C44: =SUM(C42:C43) -> 0.11111111 | D44: =SUM(D42:D43) -> 238.85177 | E44: =SUM(E42:E43) -> 238.85177
B45: 2.2 - GPS, FGTS e outras contribuições (Incide sobre os Módulos 1 e 2.1) | C45: Percentuais | D45: Valor (R$) | E45: Valor (R$)
B46: A - INSS | C46: 0.2 | D46: =C46*(D38+D44) -> 477.70354 | E46: =C46*(E38+E44) -> 477.70354
B47: B - Salário Educação | C47: 0.025 | D47: =C47*(D38+D44) -> 59.712942 | E47: =C47*(E38+E44) -> 59.712942
B48: C - SAT (Utilizar o RAT Ajustado conforme GFIP: RAT x FAP) | C48: 0.03 | D48: =C48*(D38+D44) -> 71.65553 | E48: =C48*(E38+E44) -> 71.65553
B49: D - SESI ou SESC | C49: 0.015 | D49: =C49*(D38+D44) -> 35.827765 | E49: =C49*(E38+E44) -> 35.827765
B50: E - SENAI ou SENAC | C50: 0.01 | D50: =C50*(D38+D44) -> 23.885177 | E50: =C50*(E38+E44) -> 23.885177
B51: F - SEBRAE | C51: 0.006 | D51: =C51*(D38+D44) -> 14.331106 | E51: =C51*(E38+E44) -> 14.331106
B52: G - INCRA | C52: 0.002 | D52: =C52*(D38+D44) -> 4.7770354 | E52: =C52*(E38+E44) -> 4.7770354
B53: F - FGTS | C53: 0.08 | D53: =C53*(D38+D44) -> 191.08141 | E53: =C53*(E38+E44) -> 191.08141
B54: Total | C54: =SUM(C46:C53) -> 0.368 | D54: =SUM(D46:D53) -> 878.97451 | E54: =SUM(E46:E53) -> 878.97451
B55: 2.3 - Benefícios Mensais e Diários | C55: Valores/ Percentuais | D55: Valor (R$) | E55: Valor (R$)
B56: A – Transporte (Devido por dia trabalhado) | C56: 0 | D56: 0 | E56: 0
B57: B – Auxílio-Refeição/Alimentação (Devido por dia trabalhado) | C57: ='Memória de Cálculo'!C6 -> 31.113827 | D57: ='Memória de Cálculo'!E6 -> 792.42361 | E57: ='Memória de Cálculo'!E7 -> 450.17151
B58: C - Assistência Médica e Familiar (Conforme CCT) | C58: 80 | D58: =C58 -> 80 | E58: =C58 -> 80
B59: D – Prêmio Assiduidade | C59: 0 | D59: =C59 -> 0 | E59: =D59 -> 0
B60: E – Auxílio Morte/Funeral (Conforme CCT) | C60: 9.55e-05 | D60: =D31*C60*2.5 -> 0.39479441 | E60: =E31*C60*2.5 -> 0.39479441
B61: F – Outros (Seguro de Vida) - Conforme CCT) | C61: 9.55e-05 | D61: =74275.4*C61 -> 7.0933007 | E61: =74275.4*C61 -> 7.0933007
B62: Total | D62: =SUM(D56:D61) -> 879.91171 | E62: =SUM(E56:E61) -> 537.65961
B63: 2 - Encargos e Benefícios Anuais, Mensais e Diários | C63: Percentuais | D63: Valor (R$) | E63: Valor (R$)
B64: 2.1 - 13º Salário, Férias e Adicional de Férias | C64: =C44 -> 0.11111111 | D64: =D44 -> 238.85177 | E64: =E44 -> 238.85177
B65: 2.2 - GPS, FGTS e outras contribuições | C65: =C54 -> 0.368 | D65: =D54 -> 878.97451 | E65: =E54 -> 878.97451
B66: 2.3 - Benefícios Mensais e Diários | C66: 0 | D66: =D62 -> 879.91171 | E66: =E62 -> 537.65961
B67: Total | D67: =SUM(D64:D66) -> 1997.738 | E67: =SUM(E64:E66) -> 1655.4859
B69: MÓDULO 3: PROVISÃO PARA RESCISÃO
B70: 3 - Provisão para Rescisão | C70: Percentuais | D70: Valor (R$) | E70: Valor (R$)
B71: A - Aviso Prévio Indenizado (Esta parcela deverá ser reduzida após o primeiro ano da contratação para o percentual máximo de 0,042%: Acórdão 1.186/2017-P) | C71: =1/12*0.05 -> 0.0041666667 | D71: =C71*D38 -> 8.9569413 | E71: =C71*E38 -> 8.9569413
B72: B - Incidência do FGTS sobre Aviso Prévio Indenizado | C72: =C53*C71 -> 0.00033333333 | D72: =C72*D38 -> 0.7165553 | E72: =C72*E38 -> 0.7165553
B73: C - Multa do FGTS e contribuições sociais sobre o Aviso Prévio Indenizado | C73: 0 | D73: =C73*D38 -> 0 | E73: =C73*E38 -> 0
B74: D - Aviso Prévio Trabalhado (Esta parcela deverá ser reduzida após o primeiro ano da contratação para o percentual máximo de 0,194%: Acórdão 1.186/2017-P) | C74: =1/30*7/12 -> 0.019444444 | D74: =C74*D38 -> 41.799059 | E74: =C74*E38 -> 41.799059
B75: E - Incidência de GPS, FGTS e outras contribuições (submódulo 2.2) sobre o Aviso Prévio Trabalhado | C75: =C54*C74 -> 0.0071555556 | D75: =C75*D38 -> 15.382054 | E75: =C75*E38 -> 15.382054
B76: F - Multa do FGTS sobre o Aviso Prévio Trabalhado (Rescisões sem justa causa) | C76: =0.08*0.4*0.9*(1+1/12+1/12+1/3*1/12) -> 0.0344 | D76: =C76*D38 -> 73.948507 | E76: =C76*E38 -> 73.948507
B77: Total | C77: =SUM(C71:C76) -> 0.0655 | D77: =SUM(D71:D76) -> 140.80312 | E77: =SUM(E71:E76) -> 140.80312
B79: MÓDULO 4: CUSTO DE REPOSIÇÃO DO PROFISSIONAL AUSENTE
B80: 4.1 – Substituto nas Ausências Legais | C80: Percentuais | D80: Valor (R$) | E80: Valor (R$)
B81: A – Substituto na cobertura de Férias | C81: =1/12 -> 0.083333333 | D81: =C81*(D38+D67+D77) -> 357.35058 | E81: =C81*(E38+E67+E77) -> 328.82958
B82: B – Substituto na cobertura de ausências Legais | C82: ='Memória de Cálculo'!C21 -> 0.0028 | D82: =C82*(D38+D67+D77) -> 12.00698 | E82: =C82*(E38+E67+E77) -> 11.048674
B83: C - Substituto na cobertura na licença-paternidade | C83: ='Memória de Cálculo'!D28/30/12*'Memória de Cálculo'!D26*'Memória de Cálculo'!D27 -> 0.00018725 | D83: =C83*(D38+D67+D77) -> 0.80296676 | E83: =C83*(E38+E67+E77) -> 0.73888006
B84: D - Substituto na cobertura na ausências por acidente de trabalho | C84: ='Memória de Cálculo'!D32/30/12 -> 0.0019202778 | D84: =C84*(D38+D67+D77) -> 8.2345486 | E84: =C84*(E38+E67+E77) -> 7.5773295
B85: E - Substituto na cobertura de afastamento maternidade | C85: =120/30*'Memória de Cálculo'!D42*'Memória de Cálculo'!D43 -> 0.00129536 | D85: =C85*(D38+D67+D77) -> 5.5547718 | E85: =C85*(E38+E67+E77) -> 5.1114321
B86: F - Substituto na cobertura de outras ausências (especificar) | C86: 0 | D86: =C86*(D38+D67+D77) -> 0 | E86: =C86*(E38+E67+E77) -> 0
B87: Total | C87: =SUM(C81:C86) -> 0.089536221 | D87: =SUM(D81:D86) -> 383.94985 | E87: =SUM(E81:E86) -> 353.30589
B88: 4.2 - Substituto na Intrajornada (Indenizada) | C88: Percentuais | D88: Valor (R$) | E88: Valor (R$)
B89: A - Substituto na cobertura de intervalo para repouso ou alimentação (Intrajornada indenizada de 1 hora, conforme CCT) | C89: 0.5 | D89: 0 | E89: =(E38/220)*15*1.5 -> 219.8522
B90: Total | D90: =SUM(D89:D89) -> 0 | E90: =SUM(E89:E89) -> 219.8522
B92: 4 - Custo de Reposição do Profissional Ausente | C92: Percentuais | D92: Valor (R$) | E92: Valor (R$)
B93: 4.1 - Substituto nas ausências Legais | C93: =C87 -> 0.089536221 | D93: =D87 -> 383.94985 | E93: =E87 -> 353.30589
B94: 4.2 - Intrajornada indenizada | C94: =C89 -> 0.5 | D94: =D90 -> 0 | E94: =E90 -> 219.8522
B95: Total | D95: =SUM(D93:D94) -> 383.94985 | E95: =SUM(E93:E94) -> 573.15809
B97: MÓDULO 5: INSUMOS DIVERSOS
B98: 5 - Insumos Diversos | C98: Valores | D98: Valor (R$) | E98: Valor (R$)
B99: A - Uniformes | C99: =Insumos!J13 -> 41.683333 | D99: =C99 -> 41.683333 | E99: =C99 -> 41.683333
B100: B - Materiais (Valor por posto) | C100: =Insumos!J21 -> 10.203333 | D100: =C100 -> 10.203333 | E100: =C100/2 -> 5.1016667
B101: C - Outros (especificar) | C101: 0 | D101: =C101 -> 0 | E101: =C101 -> 0
B102: Total | C102: =SUM(C99:C101) -> 51.886667 | D102: =SUM(D99:D101) -> 51.886667 | E102: =SUM(E99:E101) -> 46.785
B104: MÓDULO 6: CUSTOS INDIRETOS, TRIBUTOS E LUCRO
B105: 6 - Custos Indiretos, Tributos e Lucro | C105: Percentuais | D105: Valor (R$) | E105: Valor (R$)
B106: A - Custos Indiretos | C106: 0.032 | D106: =C106*(D38+D67+D77+D95+D102) -> 151.16939 | E106: =C106*(E38+E67+E77+E95+E102) -> 146.10874
B107: B - Lucro | C107: 0.0358 | D107: =C107*(D38+D67+D77+D95+D102+D106) -> 174.53262 | E107: =C107*(E38+E67+E77+E95+E102+E106) -> 168.68984
B108: C - Tributos (Percentuais de acordo com o regime tributário da empresa) | C108: =SUM(C109:C113) -> 0.0865 | D108: =((D38+D67+D77+D95+D102+D106+D107)/(1-C108))*C108 -> 478.16419 | E108: =((E38+E67+E77+E95+E102+E106+E107)/(1-C108))*C108 -> 462.15682
B109: C.1.1 - Tributos Federais (COFINS) | C109: =0.03 -> 0.03 | D109: =((D38+D67+D77+D95+D102+D106+D107)/(1-C108))*C109 -> 165.83729 | E109: =((E38+E67+E77+E95+E102+E106+E107)/(1-C108))*C109 -> 160.2856
B110: C.1.2 - Tributos Federais (PIS) | C110: =0.0065 -> 0.0065 | D110: =((D38+D67+D77+D95+D102+D106+D107)/(1-C108))*C110 -> 35.931413 | E110: =((E38+E67+E77+E95+E102+E106+E107)/(1-C108))*C110 -> 34.728547
B111: C.2 - Tributos Estaduais (especificar)
B112: C.3 - Tributos Municipais (ISSQN do município de prestação do serviço (art. 3º, XVI, LC nº 116/2003)) | C112: 0.05 | D112: =((D38+D67+D77+D95+D102+D106+D107)/(1-C108))*C112 -> 276.39549 | E112: =((E38+E67+E77+E95+E102+E106+E107)/(1-C108))*C112 -> 267.14267
...

Sheet Anastácio
B1: PLANILHA ESTIMATIVA
B2: Planilha de Custos e Formação de Preços para Serviços de Vigilância - GEX - Campo Grande e Dourados-MS
B4: Nº do Processo: | C4: =Aquidauana!C4 -> 35014.499513/2022-13
B5: Pregão Eletrônico nº | C5: =Aquidauana!C5 -> 0
B6: Data: | C6: =Aquidauana!C6 -> 0
B8: Discriminação dos Serviços (dados referentes à contratação)
B9: A – Data de apresentação da proposta (dia/mês/ano)
B10: B – Município/UF | C10: Anastácio - MS
B11: C – Ano Acordo, Convenção ou Sentença Normativa em Dissídio Coletivo | C11: 2022/2024
B12: D – Nº de meses de execução contratual | C12: 12
B14: Identificação do Serviço
B15: Tipo de Serviço | C15: Unid. de Medida | D15: Posto de 44 hs semanais (Qtde) | E15: Posto 12X36 Diurnas (Qtde)
B16: Contratação de serviços de segurança e vigilância orgânica e patrimonial desarmada, visando atender as demandas das Gerências Executivas de Campo Grande e Dourados, conforme condições, quantidades e exigências estabelecidas neste instrumento convocatório. | C16: Serviço | D16: =Resumo!E35 -> 1 | E16: =Resumo!E34 -> 0
B19: Mão de obra vinculada à execução contratual
B20: Dados para composição dos custos referente à mão de obra
B21: 1 – Tipo de serviço (mesmo serviço com características distintas) | C21: Vigilância
B22: 2 – Classificação Brasileira de Ocupações (CBO) | C22: 517330
B23: 3 – Salário Normativo da Categoria Profissional | C23: ='Campo Grande'!C23 -> 1653.5892
B24: 4 – Categoria profissional (vinculada à execução contratual) | C24: Vigilante
B25: 5 – Data base da categoria (dia/mês/ano) | C25: 01 de março
B26: 6 – Numero de registro da convenção coletiva no MTE: | C26: MS000122/2022
B28: CUSTOS | C28: Percentuais e Valores de Referência | D28: 44 horas semanais diurnas | E28: 12X36 Diurnas
B29: MÓDULO 1: COMPOSIÇÃO DA REMUNERAÇÃO
B30: 1 - Composição da Remuneração | C30: Valores/ Percentuais | D30: Valor (R$) | E30: Valor (R$)
B31: A – Salário-Base (conforme Cláusula Terceira da CCT) | C31: =C23 -> 1653.5892 | D31: =C31 -> 1653.5892 | E31: =C31 -> 1653.5892
B32: B - Adicional de Periculosidade (conforme Cláusula Décima Quarta da CCT) | C32: 0.3 | D32: =D31*C32 -> 496.07675 | E32: =E31*C32 -> 496.07675
B33: C - Adicional de Insalubridade
B34: D - Adicional Noturno | D34: 0 | E34: 0
B35: E - Adicional de Hora Noturna Reduzida | D35: 0 | E35: 0
B36: F - Penosidade | D36: 0 | E36: 0
B37: G - Outros | D37: 0 | E37: 0
B38: Total | D38: =SUM(D31:D37) -> 2149.6659 | E38: =SUM(E31:E37) -> 2149.6659
B40: MÓDULO 2: ENCARGOS E BENEFÍCIOS ANUAIS, MENSAIS E DIÁRIOS
B41: 2.1 - 13º Salário, Férias e Adicional de Férias | C41: Percentuais | D41: Valor (R$) | E41: Valor (R$)
B42: A - 13º salário | C42: =1/12 -> 0.083333333 | D42: =C42*D38 -> 179.13883 | E42: =C42*E38 -> 179.13883
B43: B - Férias e Adicional de Férias (O custo com o valor pago ao substituto durante as férias do empregado consta na letra "A" do submódulo 4.1), (custo não renovável). | C43: =C42/3 -> 0.027777778 | D43: =C43*D38 -> 59.712942 | E43: =C43*E38 -> 59.712942
B44: Total | C44: =SUM(C42:C43) -> 0.11111111 | D44: =SUM(D42:D43) -> 238.85177 | E44: =SUM(E42:E43) -> 238.85177
B45: 2.2 - GPS, FGTS e outras contribuições (Incide sobre os Módulos 1 e 2.1) | C45: Percentuais | D45: Valor (R$) | E45: Valor (R$)
B46: A - INSS | C46: 0.2 | D46: =C46*(D38+D44) -> 477.70354 | E46: =C46*(E38+E44) -> 477.70354
B47: B - Salário Educação | C47: 0.025 | D47: =C47*(D38+D44) -> 59.712942 | E47: =C47*(E38+E44) -> 59.712942
B48: C - SAT (Utilizar o RAT Ajustado conforme GFIP: RAT x FAP) | C48: 0.03 | D48: =C48*(D38+D44) -> 71.65553 | E48: =C48*(E38+E44) -> 71.65553
B49: D - SESI ou SESC | C49: 0.015 | D49: =C49*(D38+D44) -> 35.827765 | E49: =C49*(E38+E44) -> 35.827765
B50: E - SENAI ou SENAC | C50: 0.01 | D50: =C50*(D38+D44) -> 23.885177 | E50: =C50*(E38+E44) -> 23.885177
B51: F - SEBRAE | C51: 0.006 | D51: =C51*(D38+D44) -> 14.331106 | E51: =C51*(E38+E44) -> 14.331106
B52: G - INCRA | C52: 0.002 | D52: =C52*(D38+D44) -> 4.7770354 | E52: =C52*(E38+E44) -> 4.7770354
B53: F - FGTS | C53: 0.08 | D53: =C53*(D38+D44) -> 191.08141 | E53: =C53*(E38+E44) -> 191.08141
B54: Total | C54: =SUM(C46:C53) -> 0.368 | D54: =SUM(D46:D53) -> 878.97451 | E54: =SUM(E46:E53) -> 878.97451
B55: 2.3 - Benefícios Mensais e Diários | C55: Valores/ Percentuais | D55: Valor (R$) | E55: Valor (R$)
B56: A – Transporte (Devido por dia trabalhado) | C56: 0 | D56: 0 | E56: 0
B57: B – Auxílio-Refeição/Alimentação (Devido por dia trabalhado) | C57: ='Memória de Cálculo'!C6 -> 31.113827 | D57: ='Memória de Cálculo'!E6 -> 792.42361 | E57: ='Memória de Cálculo'!E7 -> 450.17151
B58: C - Assistência Médica e Familiar (Conforme CCT) | C58: 80 | D58: =C58 -> 80 | E58: =C58 -> 80
B59: D – Prêmio Assiduidade | C59: 0 | D59: =C59 -> 0 | E59: =D59 -> 0
B60: E – Auxílio Morte/Funeral (Conforme CCT) | C60: 9.55e-05 | D60: =D31*C60*2.5 -> 0.39479441 | E60: =E31*C60*2.5 -> 0.39479441
B61: F – Outros (Seguro de Vida) - Conforme CCT) | C61: 9.55e-05 | D61: =74275.4*C61 -> 7.0933007 | E61: =74275.4*C61 -> 7.0933007
B62: Total | D62: =SUM(D56:D61) -> 879.91171 | E62: =SUM(E56:E61) -> 537.65961
B63: 2 - Encargos e Benefícios Anuais, Mensais e Diários | C63: Percentuais | D63: Valor (R$) | E63: Valor (R$)
B64: 2.1 - 13º Salário, Férias e Adicional de Férias | C64: =C44 -> 0.11111111 | D64: =D44 -> 238.85177 | E64: =E44 -> 238.85177
B65: 2.2 - GPS, FGTS e outras contribuições | C65: =C54 -> 0.368 | D65: =D54 -> 878.97451 | E65: =E54 -> 878.97451
B66: 2.3 - Benefícios Mensais e Diários | C66: 0 | D66: =D62 -> 879.91171 | E66: =E62 -> 537.65961
B67: Total | D67: =SUM(D64:D66) -> 1997.738 | E67: =SUM(E64:E66) -> 1655.4859
B69: MÓDULO 3: PROVISÃO PARA RESCISÃO
B70: 3 - Provisão para Rescisão | C70: Percentuais | D70: Valor (R$) | E70: Valor (R$)
B71: A - Aviso Prévio Indenizado (Esta parcela deverá ser reduzida após o primeiro ano da contratação para o percentual máximo de 0,042%: Acórdão 1.186/2017-P) | C71: =1/12*0.05 -> 0.0041666667 | D71: =C71*D38 -> 8.9569413 | E71: =C71*E38 -> 8.9569413
B72: B - Incidência do FGTS sobre Aviso Prévio Indenizado | C72: =C53*C71 -> 0.00033333333 | D72: =C72*D38 -> 0.7165553 | E72: =C72*E38 -> 0.7165553
B73: C - Multa do FGTS e contribuições sociais sobre o Aviso Prévio Indenizado | C73: 0 | D73: =C73*D38 -> 0 | E73: =C73*E38 -> 0
B74: D - Aviso Prévio Trabalhado (Esta parcela deverá ser reduzida após o primeiro ano da contratação para o percentual máximo de 0,194%: Acórdão 1.186/2017-P) | C74: =1/30*7/12 -> 0.019444444 | D74: =C74*D38 -> 41.799059 | E74: =C74*E38 -> 41.799059
B75: E - Incidência de GPS, FGTS e outras contribuições (submódulo 2.2) sobre o Aviso Prévio Trabalhado | C75: =C54*C74 -> 0.0071555556 | D75: =C75*D38 -> 15.382054 | E75: =C75*E38 -> 15.382054
B76: F - Multa do FGTS sobre o Aviso Prévio Trabalhado (Rescisões sem justa causa) | C76: =0.08*0.4*0.9*(1+1/12+1/12+1/3*1/12) -> 0.0344 | D76: =C76*D38 -> 73.948507 | E76: =C76*E38 -> 73.948507
B77: Total | C77: =SUM(C71:C76) -> 0.0655 | D77: =SUM(D71:D76) -> 140.80312 | E77: =SUM(E71:E76) -> 140.80312
B79: MÓDULO 4: CUSTO DE REPOSIÇÃO DO PROFISSIONAL AUSENTE
B80: 4.1 – Substituto nas Ausências Legais | C80: Percentuais | D80: Valor (R$) | E80: Valor (R$)
B81: A – Substituto na cobertura de Férias | C81: =1/12 -> 0.083333333 | D81: =C81*(D38+D67+D77) -> 357.35058 | E81: =C81*(E38+E67+E77) -> 328.82958
B82: B – Substituto na cobertura de ausências Legais | C82: ='Memória de Cálculo'!C21 -> 0.0028 | D82: =C82*(D38+D67+D77) -> 12.00698 | E82: =C82*(E38+E67+E77) -> 11.048674
B83: C - Substituto na cobertura na licença-paternidade | C83: ='Memória de Cálculo'!D28/30/12*'Memória de Cálculo'!D26*'Memória de Cálculo'!D27 -> 0.00018725 | D83: =C83*(D38+D67+D77) -> 0.80296676 | E83: =C83*(E38+E67+E77) -> 0.73888006
B84: D - Substituto na cobertura na ausências por acidente de trabalho | C84: ='Memória de Cálculo'!D32/30/12 -> 0.0019202778 | D84: =C84*(D38+D67+D77) -> 8.2345486 | E84: =C84*(E38+E67+E77) -> 7.5773295
B85: E - Substituto na cobertura de afastamento maternidade | C85: =120/30*'Memória de Cálculo'!D42*'Memória de Cálculo'!D43 -> 0.00129536 | D85: =C85*(D38+D67+D77) -> 5.5547718 | E85: =C85*(E38+E67+E77) -> 5.1114321
B86: F - Substituto na cobertura de outras ausências (especificar) | C86: 0 | D86: =C86*(D38+D67+D77) -> 0 | E86: =C86*(E38+E67+E77) -> 0
B87: Total | C87: =SUM(C81:C86) -> 0.089536221 | D87: =SUM(D81:D86) -> 383.94985 | E87: =SUM(E81:E86) -> 353.30589
B88: 4.2 - Substituto na Intrajornada (Indenizada) | C88: Percentuais | D88: Valor (R$) | E88: Valor (R$)
B89: A - Substituto na cobertura de intervalo para repouso ou alimentação (Intrajornada indenizada de 1 hora, conforme CCT) | C89: 0.5 | D89: 0 | E89: =(E38/220)*15*1.5 -> 219.8522
B90: Total | D90: =SUM(D89:D89) -> 0 | E90: =SUM(E89:E89) -> 219.8522
B92: 4 - Custo de Reposição do Profissional Ausente | C92: Percentuais | D92: Valor (R$) | E92: Valor (R$)
B93: 4.1 - Substituto nas ausências Legais | C93: =C87 -> 0.089536221 | D93: =D87 -> 383.94985 | E93: =E87 -> 353.30589
B94: 4.2 - Intrajornada indenizada | C94: =C89 -> 0.5 | D94: =D90 -> 0 | E94: =E90 -> 219.8522
B95: Total | D95: =SUM(D93:D94) -> 383.94985 | E95: =SUM(E93:E94) -> 573.15809
B97: MÓDULO 5: INSUMOS DIVERSOS
B98: 5 - Insumos Diversos | C98: Valores | D98: Valor (R$) | E98: Valor (R$)
B99: A - Uniformes | C99: =Insumos!J13 -> 41.683333 | D99: =C99 -> 41.683333 | E99: =C99 -> 41.683333
B100: B - Materiais (Valor por posto) | C100: =Insumos!J21 -> 10.203333 | D100: =C100 -> 10.203333 | E100: =C100/2 -> 5.1016667
B101: C - Outros (especificar) | C101: 0 | D101: =C101 -> 0 | E101: =C101 -> 0
B102: Total | C102: =SUM(C99:C101) -> 51.886667 | D102: =SUM(D99:D101) -> 51.886667 | E102: =SUM(E99:E101) -> 46.785
B104: MÓDULO 6: CUSTOS INDIRETOS, TRIBUTOS E LUCRO
B105: 6 - Custos Indiretos, Tributos e Lucro | C105: Percentuais | D105: Valor (R$) | E105: Valor (R$)
B106: A - Custos Indiretos | C106: 0.032 | D106: =C106*(D38+D67+D77+D95+D102) -> 151.16939 | E106: =C106*(E38+E67+E77+E95+E102) -> 146.10874
B107: B - Lucro | C107: 0.0358 | D107: =C107*(D38+D67+D77+D95+D102+D106) -> 174.53262 | E107: =C107*(E38+E67+E77+E95+E102+E106) -> 168.68984
B108: C - Tributos (Percentuais de acordo com o regime tributário da empresa) | C108: =SUM(C109:C113) -> 0.0865 | D108: =((D38+D67+D77+D95+D102+D106+D107)/(1-C108))*C108 -> 478.16419 | E108: =((E38+E67+E77+E95+E102+E106+E107)/(1-C108))*C108 -> 462.15682
B109: C.1.1 - Tributos Federais (COFINS) | C109: =0.03 -> 0.03 | D109: =((D38+D67+D77+D95+D102+D106+D107)/(1-C108))*C109 -> 165.83729 | E109: =((E38+E67+E77+E95+E102+E106+E107)/(1-C108))*C109 -> 160.2856
B110: C.1.2 - Tributos Federais (PIS) | C110: =0.0065 -> 0.0065 | D110: =((D38+D67+D77+D95+D102+D106+D107)/(1-C108))*C110 -> 35.931413 | E110: =((E38+E67+E77+E95+E102+E106+E107)/(1-C108))*C110 -> 34.728547
B111: C.2 - Tributos Estaduais (especificar)
B112: C.3 - Tributos Municipais (ISSQN do município de prestação do serviço (art. 3º, XVI, LC nº 116/2003)) | C112: 0.05 | D112: =((D38+D67+D77+D95+D102+D106+D107)/(1-C108))*C112 -> 276.39549 | E112: =((E38+E67+E77+E95+E102+E106+E107)/(1-C108))*C112 -> 267.14267
...

Sheet Miranda
B1: PLANILHA ESTIMATIVA
B2: Planilha de Custos e Formação de Preços para Serviços de Vigilância - GEX - Campo Grande e Dourados-MS
B4: Nº do Processo: | C4: =Aquidauana!C4 -> 35014.499513/2022-13
B5: Pregão Eletrônico nº | C5: =Aquidauana!C5 -> 0
B6: Data: | C6: =Aquidauana!C6 -> 0
B8: Discriminação dos Serviços (dados referentes à contratação)
B9: A – Data de apresentação da proposta (dia/mês/ano)
B10: B – Município/UF | C10: Miranda - MS
B11: C – Ano Acordo, Convenção ou Sentença Normativa em Dissídio Coletivo | C11: 2022/2024
B12: D – Nº de meses de execução contratual | C12: 12
B14: Identificação do Serviço
B15: Tipo de Serviço | C15: Unid. de Medida | D15: Posto de 44 hs semanais (Qtde) | E15: Posto 12X36 Diurnas (Qtde)
B16: Contratação de serviços de segurança e vigilância orgânica e patrimonial desarmada, visando atender as demandas das Gerências Executivas de Campo Grande e Dourados, conforme condições, quantidades e exigências estabelecidas neste instrumento convocatório. | C16: Serviço | D16: =Resumo!E38 -> 1 | E16: =Resumo!E37 -> 0
B19: Mão de obra vinculada à execução contratual
B20: Dados para composição dos custos referente à mão de obra
B21: 1 – Tipo de serviço (mesmo serviço com características distintas) | C21: Vigilância
B22: 2 – Classificação Brasileira de Ocupações (CBO) | C22: 517330
B23: 3 – Salário Normativo da Categoria Profissional | C23: ='Campo Grande'!C23 -> 1653.5892
B24: 4 – Categoria profissional (vinculada à execução contratual) | C24: Vigilante
B25: 5 – Data base da categoria (dia/mês/ano) | C25: 01 de março
B26: 6 – Numero de registro da convenção coletiva no MTE: | C26: MS000122/2022
B28: CUSTOS | C28: Percentuais e Valores de Referência | D28: 44 horas semanais diurnas | E28: 12X36 Diurnas
B29: MÓDULO 1: COMPOSIÇÃO DA REMUNERAÇÃO
B30: 1 - Composição da Remuneração | C30: Valores/ Percentuais | D30: Valor (R$) | E30: Valor (R$)
B31: A – Salário-Base (conforme Cláusula Terceira da CCT) | C31: =C23 -> 1653.5892 | D31: =C31 -> 1653.5892 | E31: =C31 -> 1653.5892
B32: B - Adicional de Periculosidade (conforme Cláusula Décima Quarta da CCT) | C32: 0.3 | D32: =D31*C32 -> 496.07675 | E32: =E31*C32 -> 496.07675
B33: C - Adicional de Insalubridade
B34: D - Adicional Noturno | D34: 0 | E34: 0
B35: E - Adicional de Hora Noturna Reduzida | D35: 0 | E35: 0
B36: F - Penosidade | D36: 0 | E36: 0
B37: G - Outros | D37: 0 | E37: 0
B38: Total | D38: =SUM(D31:D37) -> 2149.6659 | E38: =SUM(E31:E37) -> 2149.6659
B40: MÓDULO 2: ENCARGOS E BENEFÍCIOS ANUAIS, MENSAIS E DIÁRIOS
B41: 2.1 - 13º Salário, Férias e Adicional de Férias | C41: Percentuais | D41: Valor (R$) | E41: Valor (R$)
B42: A - 13º salário | C42: =1/12 -> 0.083333333 | D42: =C42*D38 -> 179.13883 | E42: =C42*E38 -> 179.13883
B43: B - Férias e Adicional de Férias (O custo com o valor pago ao substituto durante as férias do empregado consta na letra "A" do submódulo 4.1), (custo não renovável). | C43: =C42/3 -> 0.027777778 | D43: =C43*D38 -> 59.712942 | E43: =C43*E38 -> 59.712942
B44: Total | C44: =SUM(C42:C43) -> 0.11111111 | D44: =SUM(D42:D43) -> 238.85177 | E44: =SUM(E42:E43) -> 238.85177
B45: 2.2 - GPS, FGTS e outras contribuições (Incide sobre os Módulos 1 e 2.1) | C45: Percentuais | D45: Valor (R$) | E45: Valor (R$)
B46: A - INSS | C46: 0.2 | D46: =C46*(D38+D44) -> 477.70354 | E46: =C46*(E38+E44) -> 477.70354
B47: B - Salário Educação | C47: 0.025 | D47: =C47*(D38+D44) -> 59.712942 | E47: =C47*(E38+E44) -> 59.712942
B48: C - SAT (Utilizar o RAT Ajustado conforme GFIP: RAT x FAP) | C48: 0.03 | D48: =C48*(D38+D44) -> 71.65553 | E48: =C48*(E38+E44) -> 71.65553
B49: D - SESI ou SESC | C49: 0.015 | D49: =C49*(D38+D44) -> 35.827765 | E49: =C49*(E38+E44) -> 35.827765
B50: E - SENAI ou SENAC | C50: 0.01 | D50: =C50*(D38+D44) -> 23.885177 | E50: =C50*(E38+E44) -> 23.885177
B51: F - SEBRAE | C51: 0.006 | D51: =C51*(D38+D44) -> 14.331106 | E51: =C51*(E38+E44) -> 14.331106
B52: G - INCRA | C52: 0.002 | D52: =C52*(D38+D44) -> 4.7770354 | E52: =C52*(E38+E44) -> 4.7770354
B53: F - FGTS | C53: 0.08 | D53: =C53*(D38+D44) -> 191.08141 | E53: =C53*(E38+E44) -> 191.08141
B54: Total | C54: =SUM(C46:C53) -> 0.368 | D54: =SUM(D46:D53) -> 878.97451 | E54: =SUM(E46:E53) -> 878.97451
B55: 2.3 - Benefícios Mensais e Diários | C55: Valores/ Percentuais | D55: Valor (R$) | E55: Valor (R$)
B56: A – Transporte (Devido por dia trabalhado) | C56: 0 | D56: 0 | E56: 0
B57: B – Auxílio-Refeição/Alimentação (Devido por dia trabalhado) | C57: ='Memória de Cálculo'!C6 -> 31.113827 | D57: ='Memória de Cálculo'!E6 -> 792.42361 | E57: ='Memória de Cálculo'!E7 -> 450.17151
B58: C - Assistência Médica e Familiar (Conforme CCT) | C58: 80 | D58: =C58 -> 80 | E58: =C58 -> 80
B59: D – Prêmio Assiduidade | C59: 0 | D59: =C59 -> 0 | E59: =D59 -> 0
B60: E – Auxílio Morte/Funeral (Conforme CCT) | C60: 9.55e-05 | D60: =D31*C60*2.5 -> 0.39479441 | E60: =E31*C60*2.5 -> 0.39479441
B61: F – Outros (Seguro de Vida) - Conforme CCT) | C61: 9.55e-05 | D61: =74275.4*C61 -> 7.0933007 | E61: =74275.4*C61 -> 7.0933007
B62: Total | D62: =SUM(D56:D61) -> 879.91171 | E62: =SUM(E56:E61) -> 537.65961
B63: 2 - Encargos e Benefícios Anuais, Mensais e Diários | C63: Percentuais | D63: Valor (R$) | E63: Valor (R$)
B64: 2.1 - 13º Salário, Férias e Adicional de Férias | C64: =C44 -> 0.11111111 | D64: =D44 -> 238.85177 | E64: =E44 -> 238.85177
B65: 2.2 - GPS, FGTS e outras contribuições | C65: =C54 -> 0.368 | D65: =D54 -> 878.97451 | E65: =E54 -> 878.97451
B66: 2.3 - Benefícios Mensais e Diários | C66: 0 | D66: =D62 -> 879.91171 | E66: =E62 -> 537.65961
B67: Total | D67: =SUM(D64:D66) -> 1997.738 | E67: =SUM(E64:E66) -> 1655.4859
B69: MÓDULO 3: PROVISÃO PARA RESCISÃO
B70: 3 - Provisão para Rescisão | C70: Percentuais | D70: Valor (R$) | E70: Valor (R$)
B71: A - Aviso Prévio Indenizado (Esta parcela deverá ser reduzida após o primeiro ano da contratação para o percentual máximo de 0,042%: Acórdão 1.186/2017-P) | C71: =1/12*0.05 -> 0.0041666667 | D71: =C71*D38 -> 8.9569413 | E71: =C71*E38 -> 8.9569413
B72: B - Incidência do FGTS sobre Aviso Prévio Indenizado | C72: =C53*C71 -> 0.00033333333 | D72: =C72*D38 -> 0.7165553 | E72: =C72*E38 -> 0.7165553
B73: C - Multa do FGTS e contribuições sociais sobre o Aviso Prévio Indenizado | C73: 0 | D73: =C73*D38 -> 0 | E73: =C73*E38 -> 0
B74: D - Aviso Prévio Trabalhado (Esta parcela deverá ser reduzida após o primeiro ano da contratação para o percentual máximo de 0,194%: Acórdão 1.186/2017-P) | C74: =1/30*7/12 -> 0.019444444 | D74: =C74*D38 -> 41.799059 | E74: =C74*E38 -> 41.799059
B75: E - Incidência de GPS, FGTS e outras contribuições (submódulo 2.2) sobre o Aviso Prévio Trabalhado | C75: =C54*C74 -> 0.0071555556 | D75: =C75*D38 -> 15.382054 | E75: =C75*E38 -> 15.382054
B76: F - Multa do FGTS sobre o Aviso Prévio Trabalhado (Rescisões sem justa causa) | C76: =0.08*0.4*0.9*(1+1/12+1/12+1/3*1/12) -> 0.0344 | D76: =C76*D38 -> 73.948507 | E76: =C76*E38 -> 73.948507
B77: Total | C77: =SUM(C71:C76) -> 0.0655 | D77: =SUM(D71:D76) -> 140.80312 | E77: =SUM(E71:E76) -> 140.80312
B79: MÓDULO 4: CUSTO DE REPOSIÇÃO DO PROFISSIONAL AUSENTE
B80: 4.1 – Substituto nas Ausências Legais | C80: Percentuais | D80: Valor (R$) | E80: Valor (R$)
B81: A – Substituto na cobertura de Férias | C81: =1/12 -> 0.083333333 | D81: =C81*(D38+D67+D77) -> 357.35058 | E81: =C81*(E38+E67+E77) -> 328.82958
B82: B – Substituto na cobertura de ausências Legais | C82: ='Memória de Cálculo'!C21 -> 0.0028 | D82: =C82*(D38+D67+D77) -> 12.00698 | E82: =C82*(E38+E67+E77) -> 11.048674
B83: C - Substituto na cobertura na licença-paternidade | C83: ='Memória de Cálculo'!D28/30/12*'Memória de Cálculo'!D26*'Memória de Cálculo'!D27 -> 0.00018725 | D83: =C83*(D38+D67+D77) -> 0.80296676 | E83: =C83*(E38+E67+E77) -> 0.73888006
B84: D - Substituto na cobertura na ausências por acidente de trabalho | C84: ='Memória de Cálculo'!D32/30/12 -> 0.0019202778 | D84: =C84*(D38+D67+D77) -> 8.2345486 | E84: =C84*(E38+E67+E77) -> 7.5773295
B85: E - Substituto na cobertura de afastamento maternidade | C85: =120/30*'Memória de Cálculo'!D42*'Memória de Cálculo'!D43 -> 0.00129536 | D85: =C85*(D38+D67+D77) -> 5.5547718 | E85: =C85*(E38+E67+E77) -> 5.1114321
B86: F - Substituto na cobertura de outras ausências (especificar) | C86: 0 | D86: =C86*(D38+D67+D77) -> 0 | E86: =C86*(E38+E67+E77) -> 0
B87: Total | C87: =SUM(C81:C86) -> 0.089536221 | D87: =SUM(D81:D86) -> 383.94985 | E87: =SUM(E81:E86) -> 353.30589
B88: 4.2 - Substituto na Intrajornada (Indenizada) | C88: Percentuais | D88: Valor (R$) | E88: Valor (R$)
B89: A - Substituto na cobertura de intervalo para repouso ou alimentação (Intrajornada indenizada de 1 hora, conforme CCT) | C89: 0.5 | D89: 0 | E89: =(E38/220)*15*1.5 -> 219.8522
B90: Total | D90: =SUM(D89:D89) -> 0 | E90: =SUM(E89:E89) -> 219.8522
B92: 4 - Custo de Reposição do Profissional Ausente | C92: Percentuais | D92: Valor (R$) | E92: Valor (R$)
B93: 4.1 - Substituto nas ausências Legais | C93: =C87 -> 0.089536221 | D93: =D87 -> 383.94985 | E93: =E87 -> 353.30589
B94: 4.2 - Intrajornada indenizada | C94: =C89 -> 0.5 | D94: =D90 -> 0 | E94: =E90 -> 219.8522
B95: Total | D95: =SUM(D93:D94) -> 383.94985 | E95: =SUM(E93:E94) -> 573.15809
B97: MÓDULO 5: INSUMOS DIVERSOS
B98: 5 - Insumos Diversos | C98: Valores | D98: Valor (R$) | E98: Valor (R$)
B99: A - Uniformes | C99: =Insumos!J13 -> 41.683333 | D99: =C99 -> 41.683333 | E99: =C99 -> 41.683333
B100: B - Materiais (Valor por posto) | C100: =Insumos!J21 -> 10.203333 | D100: =C100 -> 10.203333 | E100: =C100/2 -> 5.1016667
B101: C - Outros (especificar) | C101: 0 | D101: =C101 -> 0 | E101: =C101 -> 0
B102: Total | C102: =SUM(C99:C101) -> 51.886667 | D102: =SUM(D99:D101) -> 51.886667 | E102: =SUM(E99:E101) -> 46.785
B104: MÓDULO 6: CUSTOS INDIRETOS, TRIBUTOS E LUCRO
B105: 6 - Custos Indiretos, Tributos e Lucro | C105: Percentuais | D105: Valor (R$) | E105: Valor (R$)
B106: A - Custos Indiretos | C106: 0.032 | D106: =C106*(D38+D67+D77+D95+D102) -> 151.16939 | E106: =C106*(E38+E67+E77+E95+E102) -> 146.10874
B107: B - Lucro | C107: 0.0358 | D107: =C107*(D38+D67+D77+D95+D102+D106) -> 174.53262 | E107: =C107*(E38+E67+E77+E95+E102+E106) -> 168.68984
B108: C - Tributos (Percentuais de acordo com o regime tributário da empresa) | C108: =SUM(C109:C113) -> 0.0865 | D108: =((D38+D67+D77+D95+D102+D106+D107)/(1-C108))*C108 -> 478.16419 | E108: =((E38+E67+E77+E95+E102+E106+E107)/(1-C108))*C108 -> 462.15682
B109: C.1.1 - Tributos Federais (COFINS) | C109: =0.03 -> 0.03 | D109: =((D38+D67+D77+D95+D102+D106+D107)/(1-C108))*C109 -> 165.83729 | E109: =((E38+E67+E77+E95+E102+E106+E107)/(1-C108))*C109 -> 160.2856
B110: C.1.2 - Tributos Federais (PIS) | C110: =0.0065 -> 0.0065 | D110: =((D38+D67+D77+D95+D102+D106+D107)/(1-C108))*C110 -> 35.931413 | E110: =((E38+E67+E77+E95+E102+E106+E107)/(1-C108))*C110 -> 34.728547
B111: C.2 - Tributos Estaduais (especificar)
B112: C.3 - Tributos Municipais (ISSQN do município de prestação do serviço (art. 3º, XVI, LC nº 116/2003)) | C112: 0.05 | D112: =((D38+D67+D77+D95+D102+D106+D107)/(1-C108))*C112 -> 276.39549 | E112: =((E38+E67+E77+E95+E102+E106+E107)/(1-C108))*C112 -> 267.14267
...

Sheet Corumbá
B1: PLANILHA ESTIMATIVA
B2: Planilha de Custos e Formação de Preços para Serviços de Vigilância - GEX - Campo Grande e Dourados-MS
B4: Nº do Processo: | C4: =Aquidauana!C4 -> 35014.499513/2022-13
B5: Pregão Eletrônico nº | C5: =Aquidauana!C5 -> 0
B6: Data: | C6: =Aquidauana!C6 -> 0
B8: Discriminação dos Serviços (dados referentes à contratação)
B9: A – Data de apresentação da proposta (dia/mês/ano)
B10: B – Município/UF | C10: Corumbá - MS
B11: C – Ano Acordo, Convenção ou Sentença Normativa em Dissídio Coletivo | C11: 2022/2024
B12: D – Nº de meses de execução contratual | C12: 12
B14: Identificação do Serviço
B15: Tipo de Serviço | C15: Unid. de Medida | D15: Posto de 44 hs semanais (Qtde) | E15: Posto 12X36 Diurnas (Qtde)
B16: Contratação de serviços de segurança e vigilância orgânica e patrimonial desarmada, visando atender as demandas das Gerências Executivas de Campo Grande e Dourados, conforme condições, quantidades e exigências estabelecidas neste instrumento convocatório. | C16: Serviço | D16: =Resumo!E41 -> 2 | E16: =Resumo!E40 -> 0
B19: Mão de obra vinculada à execução contratual
B20: Dados para composição dos custos referente à mão de obra
B21: 1 – Tipo de serviço (mesmo serviço com características distintas) | C21: Vigilância
B22: 2 – Classificação Brasileira de Ocupações (CBO) | C22: 517330
B23: 3 – Salário Normativo da Categoria Profissional | C23: ='Campo Grande'!C23 -> 1653.5892
B24: 4 – Categoria profissional (vinculada à execução contratual) | C24: Vigilante
B25: 5 – Data base da categoria (dia/mês/ano) | C25: 01 de março
B26: 6 – Numero de registro da convenção coletiva no MTE: | C26: MS000122/2022
B28: CUSTOS | C28: Percentuais e Valores de Referência | D28: 44 horas semanais diurnas | E28: 12X36 Diurnas
B29: MÓDULO 1: COMPOSIÇÃO DA REMUNERAÇÃO
B30: 1 - Composição da Remuneração | C30: Valores/ Percentuais | D30: Valor (R$) | E30: Valor (R$)
B31: A – Salário-Base (conforme Cláusula Terceira da CCT) | C31: =C23 -> 1653.5892 | D31: =C31 -> 1653.5892 | E31: =C31 -> 1653.5892
B32: B - Adicional de Periculosidade (conforme Cláusula Décima Quarta da CCT) | C32: 0.3 | D32: =D31*C32 -> 496.07675 | E32: =E31*C32 -> 496.07675
B33: C - Adicional de Insalubridade
B34: D - Adicional Noturno | D34: 0 | E34: 0
B35: E - Adicional de Hora Noturna Reduzida | D35: 0 | E35: 0
B36: F - Penosidade | D36: 0 | E36: 0
B37: G - Outros | D37: 0 | E37: 0
B38: Total | D38: =SUM(D31:D37) -> 2149.6659 | E38: =SUM(E31:E37) -> 2149.6659
B40: MÓDULO 2: ENCARGOS E BENEFÍCIOS ANUAIS, MENSAIS E DIÁRIOS
B41: 2.1 - 13º Salário, Férias e Adicional de Férias | C41: Percentuais | D41: Valor (R$) | E41: Valor (R$)
B42: A - 13º salário | C42: =1/12 -> 0.083333333 | D42: =C42*D38 -> 179.13883 | E42: =C42*E38 -> 179.13883
B43: B - Férias e Adicional de Férias (O custo com o valor pago ao substituto durante as férias do empregado consta na letra "A" do submódulo 4.1), (custo não renovável). | C43: =C42/3 -> 0.027777778 | D43: =C43*D38 -> 59.712942 | E43: =C43*E38 -> 59.712942
B44: Total | C44: =SUM(C42:C43) -> 0.11111111 | D44: =SUM(D42:D43) -> 238.85177 | E44: =SUM(E42:E43) -> 238.85177
B45: 2.2 - GPS, FGTS e outras contribuições (Incide sobre os Módulos 1 e 2.1) | C45: Percentuais | D45: Valor (R$) | E45: Valor (R$)
B46: A - INSS | C46: 0.2 | D46: =C46*(D38+D44) -> 477.70354 | E46: =C46*(E38+E44) -> 477.70354
B47: B - Salário Educação | C47: 0.025 | D47: =C47*(D38+D44) -> 59.712942 | E47: =C47*(E38+E44) -> 59.712942
B48: C - SAT (Utilizar o RAT Ajustado conforme GFIP: RAT x FAP) | C48: 0.03 | D48: =C48*(D38+D44) -> 71.65553 | E48: =C48*(E38+E44) -> 71.65553
B49: D - SESI ou SESC | C49: 0.015 | D49: =C49*(D38+D44) -> 35.827765 | E49: =C49*(E38+E44) -> 35.827765
B50: E - SENAI ou SENAC | C50: 0.01 | D50: =C50*(D38+D44) -> 23.885177 | E50: =C50*(E38+E44) -> 23.885177
B51: F - SEBRAE | C51: 0.006 | D51: =C51*(D38+D44) -> 14.331106 | E51: =C51*(E38+E44) -> 14.331106
B52: G - INCRA | C52: 0.002 | D52: =C52*(D38+D44) -> 4.7770354 | E52: =C52*(E38+E44) -> 4.7770354
B53: F - FGTS | C53: 0.08 | D53: =C53*(D38+D44) -> 191.08141 | E53: =C53*(E38+E44) -> 191.08141
B54: Total | C54: =SUM(C46:C53) -> 0.368 | D54: =SUM(D46:D53) -> 878.97451 | E54: =SUM(E46:E53) -> 878.97451
B55: 2.3 - Benefícios Mensais e Diários | C55: Valores/ Percentuais | D55: Valor (R$) | E55: Valor (R$)
B56: A – Transporte (Devido por dia trabalhado) | C56: 3.7 | D56: =(C56*26*2)-(D31*0.06) -> 93.18465 | E56: =(C56*15*2)-(E31*0.06) -> 11.78465
B57: B – Auxílio-Refeição/Alimentação (Devido por dia trabalhado) | C57: ='Memória de Cálculo'!C6 -> 31.113827 | D57: ='Memória de Cálculo'!E6 -> 792.42361 | E57: ='Memória de Cálculo'!E7 -> 450.17151
B58: C - Assistência Médica e Familiar (Conforme CCT) | C58: 80 | D58: =C58 -> 80 | E58: =C58 -> 80
B59: D – Prêmio Assiduidade | C59: 0 | D59: =C59 -> 0 | E59: =D59 -> 0
B60: E – Auxílio Morte/Funeral (Conforme CCT) | C60: 9.55e-05 | D60: =D31*C60*2.5 -> 0.39479441 | E60: =E31*C60*2.5 -> 0.39479441
B61: F – Outros (Seguro de Vida) - Conforme CCT) | C61: 9.55e-05 | D61: =74275.4*C61 -> 7.0933007 | E61: =74275.4*C61 -> 7.0933007
B62: Total | D62: =SUM(D56:D61) -> 973.09636 | E62: =SUM(E56:E61) -> 549.44426
B63: 2 - Encargos e Benefícios Anuais, Mensais e Diários | C63: Percentuais | D63: Valor (R$) | E63: Valor (R$)
B64: 2.1 - 13º Salário, Férias e Adicional de Férias | C64: =C44 -> 0.11111111 | D64: =D44 -> 238.85177 | E64: =E44 -> 238.85177
B65: 2.2 - GPS, FGTS e outras contribuições | C65: =C54 -> 0.368 | D65: =D54 -> 878.97451 | E65: =E54 -> 878.97451
B66: 2.3 - Benefícios Mensais e Diários | C66: 0 | D66: =D62 -> 973.09636 | E66: =E62 -> 549.44426
B67: Total | D67: =SUM(D64:D66) -> 2090.9226 | E67: =SUM(E64:E66) -> 1667.2705
B69: MÓDULO 3: PROVISÃO PARA RESCISÃO
B70: 3 - Provisão para Rescisão | C70: Percentuais | D70: Valor (R$) | E70: Valor (R$)
B71: A - Aviso Prévio Indenizado (Esta parcela deverá ser reduzida após o primeiro ano da contratação para o percentual máximo de 0,042%: Acórdão 1.186/2017-P) | C71: =1/12*0.05 -> 0.0041666667 | D71: =C71*D38 -> 8.9569413 | E71: =C71*E38 -> 8.9569413
B72: B - Incidência do FGTS sobre Aviso Prévio Indenizado | C72: =C53*C71 -> 0.00033333333 | D72: =C72*D38 -> 0.7165553 | E72: =C72*E38 -> 0.7165553
B73: C - Multa do FGTS e contribuições sociais sobre o Aviso Prévio Indenizado | C73: 0 | D73: =C73*D38 -> 0 | E73: =C73*E38 -> 0
B74: D - Aviso Prévio Trabalhado (Esta parcela deverá ser reduzida após o primeiro ano da contratação para o percentual máximo de 0,194%: Acórdão 1.186/2017-P) | C74: =1/30*7/12 -> 0.019444444 | D74: =C74*D38 -> 41.799059 | E74: =C74*E38 -> 41.799059
B75: E - Incidência de GPS, FGTS e outras contribuições (submódulo 2.2) sobre o Aviso Prévio Trabalhado | C75: =C54*C74 -> 0.0071555556 | D75: =C75*D38 -> 15.382054 | E75: =C75*E38 -> 15.382054
B76: F - Multa do FGTS sobre o Aviso Prévio Trabalhado (Rescisões sem justa causa) | C76: =0.08*0.4*0.9*(1+1/12+1/12+1/3*1/12) -> 0.0344 | D76: =C76*D38 -> 73.948507 | E76: =C76*E38 -> 73.948507
B77: Total | C77: =SUM(C71:C76) -> 0.0655 | D77: =SUM(D71:D76) -> 140.80312 | E77: =SUM(E71:E76) -> 140.80312
B79: MÓDULO 4: CUSTO DE REPOSIÇÃO DO PROFISSIONAL AUSENTE
B80: 4.1 – Substituto nas Ausências Legais | C80: Percentuais | D80: Valor (R$) | E80: Valor (R$)
B81: A – Substituto na cobertura de Férias | C81: =1/12 -> 0.083333333 | D81: =C81*(D38+D67+D77) -> 365.11597 | E81: =C81*(E38+E67+E77) -> 329.81163
B82: B – Substituto na cobertura de ausências Legais | C82: ='Memória de Cálculo'!C21 -> 0.0028 | D82: =C82*(D38+D67+D77) -> 12.267897 | E82: =C82*(E38+E67+E77) -> 11.081671
B83: C - Substituto na cobertura na licença-paternidade | C83: ='Memória de Cálculo'!D28/30/12*'Memória de Cálculo'!D26*'Memória de Cálculo'!D27 -> 0.00018725 | D83: =C83*(D38+D67+D77) -> 0.82041559 | E83: =C83*(E38+E67+E77) -> 0.74108673
B84: D - Substituto na cobertura na ausências por acidente de trabalho | C84: ='Memória de Cálculo'!D32/30/12 -> 0.0019202778 | D84: =C84*(D38+D67+D77) -> 8.413489 | E84: =C84*(E38+E67+E77) -> 7.5999593
B85: E - Substituto na cobertura de afastamento maternidade | C85: =120/30*'Memória de Cálculo'!D42*'Memória de Cálculo'!D43 -> 0.00129536 | D85: =C85*(D38+D67+D77) -> 5.6754795 | E85: =C85*(E38+E67+E77) -> 5.1266975
B86: F - Substituto na cobertura de outras ausências (especificar) | C86: 0 | D86: =C86*(D38+D67+D77) -> 0 | E86: =C86*(E38+E67+E77) -> 0
B87: Total | C87: =SUM(C81:C86) -> 0.089536221 | D87: =SUM(D81:D86) -> 392.29325 | E87: =SUM(E81:E86) -> 354.36104
B88: 4.2 - Substituto na Intrajornada (Indenizada) | C88: Percentuais | D88: Valor (R$) | E88: Valor (R$)
B89: A - Substituto na cobertura de intervalo para repouso ou alimentação (Intrajornada indenizada de 1 hora, conforme CCT) | C89: 0.5 | D89: 0 | E89: =(E38/220)*15*1.5 -> 219.8522
B90: Total | D90: =SUM(D89:D89) -> 0 | E90: =SUM(E89:E89) -> 219.8522
B92: 4 - Custo de Reposição do Profissional Ausente | C92: Percentuais | D92: Valor (R$) | E92: Valor (R$)
B93: 4.1 - Substituto nas ausências Legais | C93: =C87 -> 0.089536221 | D93: =D87 -> 392.29325 | E93: =E87 -> 354.36104
B94: 4.2 - Intrajornada indenizada | C94: =C89 -> 0.5 | D94: =D90 -> 0 | E94: =E90 -> 219.8522
B95: Total | D95: =SUM(D93:D94) -> 392.29325 | E95: =SUM(E93:E94) -> 574.21324
B97: MÓDULO 5: INSUMOS DIVERSOS
B98: 5 - Insumos Diversos | C98: Valores | D98: Valor (R$) | E98: Valor (R$)
B99: A - Uniformes | C99: =Insumos!J13 -> 41.683333 | D99: =C99 -> 41.683333 | E99: =C99 -> 41.683333
B100: B - Materiais (Valor por posto) | C100: =Insumos!J21 -> 10.203333 | D100: =C100 -> 10.203333 | E100: =C100/2 -> 5.1016667
B101: C - Outros (especificar) | C101: 0 | D101: =C101 -> 0 | E101: =C101 -> 0
B102: Total | C102: =SUM(C99:C101) -> 51.886667 | D102: =SUM(D99:D101) -> 51.886667 | E102: =SUM(E99:E101) -> 46.785
B104: MÓDULO 6: CUSTOS INDIRETOS, TRIBUTOS E LUCRO
B105: 6 - Custos Indiretos, Tributos e Lucro | C105: Percentuais | D105: Valor (R$) | E105: Valor (R$)
B106: A - Custos Indiretos | C106: 0.032 | D106: =C106*(D38+D67+D77+D95+D102) -> 154.41829 | E106: =C106*(E38+E67+E77+E95+E102) -> 146.51961
B107: B - Lucro | C107: 0.0358 | D107: =C107*(D38+D67+D77+D95+D102+D106) -> 178.28364 | E107: =C107*(E38+E67+E77+E95+E102+E106) -> 169.16422
B108: C - Tributos (Percentuais de acordo com o regime tributário da empresa) | C108: =SUM(C109:C113) -> 0.0865 | D108: =((D38+D67+D77+D95+D102+D106+D107)/(1-C108))*C108 -> 488.44079 | E108: =((E38+E67+E77+E95+E102+E106+E107)/(1-C108))*C108 -> 463.45645
B109: C.1.1 - Tributos Federais (COFINS) | C109: =0.03 -> 0.03 | D109: =((D38+D67+D77+D95+D102+D106+D107)/(1-C108))*C109 -> 169.40143 | E109: =((E38+E67+E77+E95+E102+E106+E107)/(1-C108))*C109 -> 160.73634
B110: C.1.2 - Tributos Federais (PIS) | C110: =0.0065 -> 0.0065 | D110: =((D38+D67+D77+D95+D102+D106+D107)/(1-C108))*C110 -> 36.703643 | E110: =((E38+E67+E77+E95+E102+E106+E107)/(1-C108))*C110 -> 34.826207
B111: C.2 - Tributos Estaduais (especificar)
B112: C.3 - Tributos Municipais (ISSQN do município de prestação do serviço (art. 3º, XVI, LC nº 116/2003)) | C112: 0.05 | D112: =((D38+D67+D77+D95+D102+D106+D107)/(1-C108))*C112 -> 282.33571 | E112: =((E38+E67+E77+E95+E102+E106+E107)/(1-C108))*C112 -> 267.8939
...

Sheet Sidrolândia
B1: PLANILHA ESTIMATIVA
B2: Planilha de Custos e Formação de Preços para Serviços de Vigilância - GEX - Campo Grande e Dourados-MS
B4: Nº do Processo: | C4: =Aquidauana!C4 -> 35014.499513/2022-13
B5: Pregão Eletrônico nº | C5: =Aquidauana!C5 -> 0
B6: Data: | C6: =Aquidauana!C6 -> 0
B8: Discriminação dos Serviços (dados referentes à contratação)
B9: A – Data de apresentação da proposta (dia/mês/ano)
B10: B – Município/UF | C10: Sidrolândia - MS
B11: C – Ano Acordo, Convenção ou Sentença Normativa em Dissídio Coletivo | C11: 2022/2024
B12: D – Nº de meses de execução contratual | C12: 12
B14: Identificação do Serviço
B15: Tipo de Serviço | C15: Unid. de Medida | D15: Posto de 44 hs semanais (Qtde) | E15: Posto 12X36 Diurnas (Qtde)
B16: Contratação de serviços de segurança e vigilância orgânica e patrimonial desarmada, visando atender as demandas das Gerências Executivas de Campo Grande e Dourados, conforme condições, quantidades e exigências estabelecidas neste instrumento convocatório. | C16: Serviço | D16: =Resumo!E44 -> 1 | E16: =Resumo!E43 -> 0
B19: Mão de obra vinculada à execução contratual
B20: Dados para composição dos custos referente à mão de obra
B21: 1 – Tipo de serviço (mesmo serviço com características distintas) | C21: Vigilância
B22: 2 – Classificação Brasileira de Ocupações (CBO) | C22: 517330
B23: 3 – Salário Normativo da Categoria Profissional | C23: ='Campo Grande'!C23 -> 1653.5892
B24: 4 – Categoria profissional (vinculada à execução contratual) | C24: Vigilante
B25: 5 – Data base da categoria (dia/mês/ano) | C25: 01 de março
B26: 6 – Numero de registro da convenção coletiva no MTE: | C26: MS000122/2022
B28: CUSTOS | C28: Percentuais e Valores de Referência | D28: 44 horas semanais diurnas | E28: 12X36 Diurnas
B29: MÓDULO 1: COMPOSIÇÃO DA REMUNERAÇÃO
B30: 1 - Composição da Remuneração | C30: Valores/ Percentuais | D30: Valor (R$) | E30: Valor (R$)
B31: A – Salário-Base (conforme Cláusula Terceira da CCT) | C31: =C23 -> 1653.5892 | D31: =C31 -> 1653.5892 | E31: =C31 -> 1653.5892
B32: B - Adicional de Periculosidade (conforme Cláusula Décima Quarta da CCT) | C32: 0.3 | D32: =D31*C32 -> 496.07675 | E32: =E31*C32 -> 496.07675
B33: C - Adicional de Insalubridade
B34: D - Adicional Noturno | D34: 0 | E34: 0
B35: E - Adicional de Hora Noturna Reduzida | D35: 0 | E35: 0
B36: F - Penosidade | D36: 0 | E36: 0
B37: G - Outros | D37: 0 | E37: 0
B38: Total | D38: =SUM(D31:D37) -> 2149.6659 | E38: =SUM(E31:E37) -> 2149.6659
B40: MÓDULO 2: ENCARGOS E BENEFÍCIOS ANUAIS, MENSAIS E DIÁRIOS
B41: 2.1 - 13º Salário, Férias e Adicional de Férias | C41: Percentuais | D41: Valor (R$) | E41: Valor (R$)
B42: A - 13º salário | C42: =1/12 -> 0.083333333 | D42: =C42*D38 -> 179.13883 | E42: =C42*E38 -> 179.13883
B43: B - Férias e Adicional de Férias (O custo com o valor pago ao substituto durante as férias do empregado consta na letra "A" do submódulo 4.1), (custo não renovável). | C43: =C42/3 -> 0.027777778 | D43: =C43*D38 -> 59.712942 | E43: =C43*E38 -> 59.712942
B44: Total | C44: =SUM(C42:C43) -> 0.11111111 | D44: =SUM(D42:D43) -> 238.85177 | E44: =SUM(E42:E43) -> 238.85177
B45: 2.2 - GPS, FGTS e outras contribuições (Incide sobre os Módulos 1 e 2.1) | C45: Percentuais | D45: Valor (R$) | E45: Valor (R$)
B46: A - INSS | C46: 0.2 | D46: =C46*(D38+D44) -> 477.70354 | E46: =C46*(E38+E44) -> 477.70354
B47: B - Salário Educação | C47: 0.025 | D47: =C47*(D38+D44) -> 59.712942 | E47: =C47*(E38+E44) -> 59.712942
B48: C - SAT (Utilizar o RAT Ajustado conforme GFIP: RAT x FAP) | C48: 0.03 | D48: =C48*(D38+D44) -> 71.65553 | E48: =C48*(E38+E44) -> 71.65553
B49: D - SESI ou SESC | C49: 0.015 | D49: =C49*(D38+D44) -> 35.827765 | E49: =C49*(E38+E44) -> 35.827765
B50: E - SENAI ou SENAC | C50: 0.01 | D50: =C50*(D38+D44) -> 23.885177 | E50: =C50*(E38+E44) -> 23.885177
B51: F - SEBRAE | C51: 0.006 | D51: =C51*(D38+D44) -> 14.331106 | E51: =C51*(E38+E44) -> 14.331106
B52: G - INCRA | C52: 0.002 | D52: =C52*(D38+D44) -> 4.7770354 | E52: =C52*(E38+E44) -> 4.7770354
B53: F - FGTS | C53: 0.08 | D53: =C53*(D38+D44) -> 191.08141 | E53: =C53*(E38+E44) -> 191.08141
B54: Total | C54: =SUM(C46:C53) -> 0.368 | D54: =SUM(D46:D53) -> 878.97451 | E54: =SUM(E46:E53) -> 878.97451
B55: 2.3 - Benefícios Mensais e Diários | C55: Valores/ Percentuais | D55: Valor (R$) | E55: Valor (R$)
B56: A – Transporte (Devido por dia trabalhado) | C56: 0 | D56: 0 | E56: 0
B57: B – Auxílio-Refeição/Alimentação (Devido por dia trabalhado) | C57: ='Memória de Cálculo'!C6 -> 31.113827 | D57: ='Memória de Cálculo'!E6 -> 792.42361 | E57: ='Memória de Cálculo'!E7 -> 450.17151
B58: C - Assistência Médica e Familiar (Conforme CCT) | C58: 80 | D58: =C58 -> 80 | E58: =C58 -> 80
B59: D – Prêmio Assiduidade | C59: 0 | D59: =C59 -> 0 | E59: =D59 -> 0
B60: E – Auxílio Morte/Funeral (Conforme CCT) | C60: 9.55e-05 | D60: =D31*C60*2.5 -> 0.39479441 | E60: =E31*C60*2.5 -> 0.39479441
B61: F – Outros (Seguro de Vida) - Conforme CCT) | C61: 9.55e-05 | D61: =74275.4*C61 -> 7.0933007 | E61: =74275.4*C61 -> 7.0933007
B62: Total | D62: =SUM(D56:D61) -> 879.91171 | E62: =SUM(E56:E61) -> 537.65961
B63: 2 - Encargos e Benefícios Anuais, Mensais e Diários | C63: Percentuais | D63: Valor (R$) | E63: Valor (R$)
B64: 2.1 - 13º Salário, Férias e Adicional de Férias | C64: =C44 -> 0.11111111 | D64: =D44 -> 238.85177 | E64: =E44 -> 238.85177
B65: 2.2 - GPS, FGTS e outras contribuições | C65: =C54 -> 0.368 | D65: =D54 -> 878.97451 | E65: =E54 -> 878.97451
B66: 2.3 - Benefícios Mensais e Diários | C66: 0 | D66: =D62 -> 879.91171 | E66: =E62 -> 537.65961
B67: Total | D67: =SUM(D64:D66) -> 1997.738 | E67: =SUM(E64:E66) -> 1655.4859
B69: MÓDULO 3: PROVISÃO PARA RESCISÃO
B70: 3 - Provisão para Rescisão | C70: Percentuais | D70: Valor (R$) | E70: Valor (R$)
B71: A - Aviso Prévio Indenizado (Esta parcela deverá ser reduzida após o primeiro ano da contratação para o percentual máximo de 0,042%: Acórdão 1.186/2017-P) | C71: =1/12*0.05 -> 0.0041666667 | D71: =C71*D38 -> 8.9569413 | E71: =C71*E38 -> 8.9569413
B72: B - Incidência do FGTS sobre Aviso Prévio Indenizado | C72: =C53*C71 -> 0.00033333333 | D72: =C72*D38 -> 0.7165553 | E72: =C72*E38 -> 0.7165553
B73: C - Multa do FGTS e contribuições sociais sobre o Aviso Prévio Indenizado | C73: 0 | D73: =C73*D38 -> 0 | E73: =C73*E38 -> 0
B74: D - Aviso Prévio Trabalhado (Esta parcela deverá ser reduzida após o primeiro ano da contratação para o percentual máximo de 0,194%: Acórdão 1.186/2017-P) | C74: =1/30*7/12 -> 0.019444444 | D74: =C74*D38 -> 41.799059 | E74: =C74*E38 -> 41.799059
B75: E - Incidência de GPS, FGTS e outras contribuições (submódulo 2.2) sobre o Aviso Prévio Trabalhado | C75: =C54*C74 -> 0.0071555556 | D75: =C75*D38 -> 15.382054 | E75: =C75*E38 -> 15.382054
B76: F - Multa do FGTS sobre o Aviso Prévio Trabalhado (Rescisões sem justa causa) | C76: =0.08*0.4*0.9*(1+1/12+1/12+1/3*1/12) -> 0.0344 | D76: =C76*D38 -> 73.948507 | E76: =C76*E38 -> 73.948507
B77: Total | C77: =SUM(C71:C76) -> 0.0655 | D77: =SUM(D71:D76) -> 140.80312 | E77: =SUM(E71:E76) -> 140.80312
B79: MÓDULO 4: CUSTO DE REPOSIÇÃO DO PROFISSIONAL AUSENTE
B80: 4.1 – Substituto nas Ausências Legais | C80: Percentuais | D80: Valor (R$) | E80: Valor (R$)
B81: A – Substituto na cobertura de Férias | C81: =1/12 -> 0.083333333 | D81: =C81*(D38+D67+D77) -> 357.35058 | E81: =C81*(E38+E67+E77) -> 328.82958
B82: B – Substituto na cobertura de ausências Legais | C82: ='Memória de Cálculo'!C21 -> 0.0028 | D82: =C82*(D38+D67+D77) -> 12.00698 | E82: =C82*(E38+E67+E77) -> 11.048674
B83: C - Substituto na cobertura na licença-paternidade | C83: ='Memória de Cálculo'!D28/30/12*'Memória de Cálculo'!D26*'Memória de Cálculo'!D27 -> 0.00018725 | D83: =C83*(D38+D67+D77) -> 0.80296676 | E83: =C83*(E38+E67+E77) -> 0.73888006
B84: D - Substituto na cobertura na ausências por acidente de trabalho | C84: ='Memória de Cálculo'!D32/30/12 -> 0.0019202778 | D84: =C84*(D38+D67+D77) -> 8.2345486 | E84: =C84*(E38+E67+E77) -> 7.5773295
B85: E - Substituto na cobertura de afastamento maternidade | C85: =120/30*'Memória de Cálculo'!D42*'Memória de Cálculo'!D43 -> 0.00129536 | D85: =C85*(D38+D67+D77) -> 5.5547718 | E85: =C85*(E38+E67+E77) -> 5.1114321
B86: F - Substituto na cobertura de outras ausências (especificar) | C86: 0 | D86: =C86*(D38+D67+D77) -> 0 | E86: =C86*(E38+E67+E77) -> 0
B87: Total | C87: =SUM(C81:C86) -> 0.089536221 | D87: =SUM(D81:D86) -> 383.94985 | E87: =SUM(E81:E86) -> 353.30589
B88: 4.2 - Substituto na Intrajornada (Indenizada) | C88: Percentuais | D88: Valor (R$) | E88: Valor (R$)
B89: A - Substituto na cobertura de intervalo para repouso ou alimentação (Intrajornada indenizada de 1 hora, conforme CCT) | C89: 0.5 | D89: 0 | E89: =(E38/220)*15*1.5 -> 219.8522
B90: Total | D90: =SUM(D89:D89) -> 0 | E90: =SUM(E89:E89) -> 219.8522
B92: 4 - Custo de Reposição do Profissional Ausente | C92: Percentuais | D92: Valor (R$) | E92: Valor (R$)
B93: 4.1 - Substituto nas ausências Legais | C93: =C87 -> 0.089536221 | D93: =D87 -> 383.94985 | E93: =E87 -> 353.30589
B94: 4.2 - Intrajornada indenizada | C94: =C89 -> 0.5 | D94: =D90 -> 0 | E94: =E90 -> 219.8522
B95: Total | D95: =SUM(D93:D94) -> 383.94985 | E95: =SUM(E93:E94) -> 573.15809
B97: MÓDULO 5: INSUMOS DIVERSOS
B98: 5 - Insumos Diversos | C98: Valores | D98: Valor (R$) | E98: Valor (R$)
B99: A - Uniformes | C99: =Insumos!J13 -> 41.683333 | D99: =C99 -> 41.683333 | E99: =C99 -> 41.683333
B100: B - Materiais (Valor por posto) | C100: =Insumos!J21 -> 10.203333 | D100: =C100 -> 10.203333 | E100: =C100/2 -> 5.1016667
B101: C - Outros (especificar) | C101: 0 | D101: =C101 -> 0 | E101: =C101 -> 0
B102: Total | C102: =SUM(C99:C101) -> 51.886667 | D102: =SUM(D99:D101) -> 51.886667 | E102: =SUM(E99:E101) -> 46.785
B104: MÓDULO 6: CUSTOS INDIRETOS, TRIBUTOS E LUCRO
B105: 6 - Custos Indiretos, Tributos e Lucro | C105: Percentuais | D105: Valor (R$) | E105: Valor (R$)
B106: A - Custos Indiretos | C106: 0.032 | D106: =C106*(D38+D67+D77+D95+D102) -> 151.16939 | E106: =C106*(E38+E67+E77+E95+E102) -> 146.10874
B107: B - Lucro | C107: 0.0358 | D107: =C107*(D38+D67+D77+D95+D102+D106) -> 174.53262 | E107: =C107*(E38+E67+E77+E95+E102+E106) -> 168.68984
B108: C - Tributos (Percentuais de acordo com o regime tributário da empresa) | C108: =SUM(C109:C113) -> 0.0865 | D108: =((D38+D67+D77+D95+D102+D106+D107)/(1-C108))*C108 -> 478.16419 | E108: =((E38+E67+E77+E95+E102+E106+E107)/(1-C108))*C108 -> 462.15682
B109: C.1.1 - Tributos Federais (COFINS) | C109: =0.03 -> 0.03 | D109: =((D38+D67+D77+D95+D102+D106+D107)/(1-C108))*C109 -> 165.83729 | E109: =((E38+E67+E77+E95+E102+E106+E107)/(1-C108))*C109 -> 160.2856
B110: C.1.2 - Tributos Federais (PIS) | C110: =0.0065 -> 0.0065 | D110: =((D38+D67+D77+D95+D102+D106+D107)/(1-C108))*C110 -> 35.931413 | E110: =((E38+E67+E77+E95+E102+E106+E107)/(1-C108))*C110 -> 34.728547
B111: C.2 - Tributos Estaduais (especificar)
B112: C.3 - Tributos Municipais (ISSQN do município de prestação do serviço (art. 3º, XVI, LC nº 116/2003)) | C112: 0.05 | D112: =((D38+D67+D77+D95+D102+D106+D107)/(1-C108))*C112 -> 276.39549 | E112: =((E38+E67+E77+E95+E102+E106+E107)/(1-C108))*C112 -> 267.14267
...

Sheet Jardim
B1: PLANILHA ESTIMATIVA
B2: Planilha de Custos e Formação de Preços para Serviços de Vigilância - GEX - Campo Grande e Dourados-MS
B4: Nº do Processo: | C4: =Aquidauana!C4 -> 35014.499513/2022-13
B5: Pregão Eletrônico nº | C5: =Aquidauana!C5 -> 0
B6: Data: | C6: =Aquidauana!C6 -> 0
B8: Discriminação dos Serviços (dados referentes à contratação)
B9: A – Data de apresentação da proposta (dia/mês/ano)
B10: B – Município/UF | C10: Jardim - MS
B11: C – Ano Acordo, Convenção ou Sentença Normativa em Dissídio Coletivo | C11: 2022/2024
B12: D – Nº de meses de execução contratual | C12: 12
B14: Identificação do Serviço
B15: Tipo de Serviço | C15: Unid. de Medida | D15: Posto de 44 hs semanais (Qtde) | E15: Posto 12X36 Diurnas (Qtde)
B16: Contratação de serviços de segurança e vigilância orgânica e patrimonial desarmada, visando atender as demandas das Gerências Executivas de Campo Grande e Dourados, conforme condições, quantidades e exigências estabelecidas neste instrumento convocatório. | C16: Serviço | D16: =Resumo!E47 -> 1 | E16: =Resumo!E46 -> 0
B19: Mão de obra vinculada à execução contratual
B20: Dados para composição dos custos referente à mão de obra
B21: 1 – Tipo de serviço (mesmo serviço com características distintas) | C21: Vigilância
B22: 2 – Classificação Brasileira de Ocupações (CBO) | C22: 517330
B23: 3 – Salário Normativo da Categoria Profissional | C23: ='Campo Grande'!C23 -> 1653.5892
B24: 4 – Categoria profissional (vinculada à execução contratual) | C24: Vigilante
B25: 5 – Data base da categoria (dia/mês/ano) | C25: 01 de março
B26: 6 – Numero de registro da convenção coletiva no MTE: | C26: MS000122/2022
B28: CUSTOS | C28: Percentuais e Valores de Referência | D28: 44 horas semanais diurnas | E28: 12X36 Diurnas
B29: MÓDULO 1: COMPOSIÇÃO DA REMUNERAÇÃO
B30: 1 - Composição da Remuneração | C30: Valores/ Percentuais | D30: Valor (R$) | E30: Valor (R$)
B31: A – Salário-Base (conforme Cláusula Terceira da CCT) | C31: =C23 -> 1653.5892 | D31: =C31 -> 1653.5892 | E31: =C31 -> 1653.5892
B32: B - Adicional de Periculosidade (conforme Cláusula Décima Quarta da CCT) | C32: 0.3 | D32: =D31*C32 -> 496.07675 | E32: =E31*C32 -> 496.07675
B33: C - Adicional de Insalubridade
B34: D - Adicional Noturno | D34: 0 | E34: 0
B35: E - Adicional de Hora Noturna Reduzida | D35: 0 | E35: 0
B36: F - Penosidade | D36: 0 | E36: 0
B37: G - Outros | D37: 0 | E37: 0
B38: Total | D38: =SUM(D31:D37) -> 2149.6659 | E38: =SUM(E31:E37) -> 2149.6659
B40: MÓDULO 2: ENCARGOS E BENEFÍCIOS ANUAIS, MENSAIS E DIÁRIOS
B41: 2.1 - 13º Salário, Férias e Adicional de Férias | C41: Percentuais | D41: Valor (R$) | E41: Valor (R$)
B42: A - 13º salário | C42: =1/12 -> 0.083333333 | D42: =C42*D38 -> 179.13883 | E42: =C42*E38 -> 179.13883
B43: B - Férias e Adicional de Férias (O custo com o valor pago ao substituto durante as férias do empregado consta na letra "A" do submódulo 4.1), (custo não renovável). | C43: =C42/3 -> 0.027777778 | D43: =C43*D38 -> 59.712942 | E43: =C43*E38 -> 59.712942
B44: Total | C44: =SUM(C42:C43) -> 0.11111111 | D44: =SUM(D42:D43) -> 238.85177 | E44: =SUM(E42:E43) -> 238.85177
B45: 2.2 - GPS, FGTS e outras contribuições (Incide sobre os Módulos 1 e 2.1) | C45: Percentuais | D45: Valor (R$) | E45: Valor (R$)
B46: A - INSS | C46: 0.2 | D46: =C46*(D38+D44) -> 477.70354 | E46: =C46*(E38+E44) -> 477.70354
B47: B - Salário Educação | C47: 0.025 | D47: =C47*(D38+D44) -> 59.712942 | E47: =C47*(E38+E44) -> 59.712942
B48: C - SAT (Utilizar o RAT Ajustado conforme GFIP: RAT x FAP) | C48: 0.03 | D48: =C48*(D38+D44) -> 71.65553 | E48: =C48*(E38+E44) -> 71.65553
B49: D - SESI ou SESC | C49: 0.015 | D49: =C49*(D38+D44) -> 35.827765 | E49: =C49*(E38+E44) -> 35.827765
B50: E - SENAI ou SENAC | C50: 0.01 | D50: =C50*(D38+D44) -> 23.885177 | E50: =C50*(E38+E44) -> 23.885177
B51: F - SEBRAE | C51: 0.006 | D51: =C51*(D38+D44) -> 14.331106 | E51: =C51*(E38+E44) -> 14.331106
B52: G - INCRA | C52: 0.002 | D52: =C52*(D38+D44) -> 4.7770354 | E52: =C52*(E38+E44) -> 4.7770354
B53: F - FGTS | C53: 0.08 | D53: =C53*(D38+D44) -> 191.08141 | E53: =C53*(E38+E44) -> 191.08141
B54: Total | C54: =SUM(C46:C53) -> 0.368 | D54: =SUM(D46:D53) -> 878.97451 | E54: =SUM(E46:E53) -> 878.97451
B55: 2.3 - Benefícios Mensais e Diários | C55: Valores/ Percentuais | D55: Valor (R$) | E55: Valor (R$)
B56: A – Transporte (Devido por dia trabalhado) | C56: 0 | D56: 0 | E56: 0
B57: B – Auxílio-Refeição/Alimentação (Devido por dia trabalhado) | C57: ='Memória de Cálculo'!C6 -> 31.113827 | D57: ='Memória de Cálculo'!E6 -> 792.42361 | E57: ='Memória de Cálculo'!E7 -> 450.17151
B58: C - Assistência Médica e Familiar (Conforme CCT) | C58: 80 | D58: =C58 -> 80 | E58: =C58 -> 80
B59: D – Prêmio Assiduidade | C59: 0 | D59: =C59 -> 0 | E59: =D59 -> 0
B60: E – Auxílio Morte/Funeral (Conforme CCT) | C60: 9.55e-05 | D60: =D31*C60*2.5 -> 0.39479441 | E60: =E31*C60*2.5 -> 0.39479441
B61: F – Outros (Seguro de Vida) - Conforme CCT) | C61: 9.55e-05 | D61: =74275.4*C61 -> 7.0933007 | E61: =74275.4*C61 -> 7.0933007
B62: Total | D62: =SUM(D56:D61) -> 879.91171 | E62: =SUM(E56:E61) -> 537.65961
B63: 2 - Encargos e Benefícios Anuais, Mensais e Diários | C63: Percentuais | D63: Valor (R$) | E63: Valor (R$)
B64: 2.1 - 13º Salário, Férias e Adicional de Férias | C64: =C44 -> 0.11111111 | D64: =D44 -> 238.85177 | E64: =E44 -> 238.85177
B65: 2.2 - GPS, FGTS e outras contribuições | C65: =C54 -> 0.368 | D65: =D54 -> 878.97451 | E65: =E54 -> 878.97451
B66: 2.3 - Benefícios Mensais e Diários | C66: 0 | D66: =D62 -> 879.91171 | E66: =E62 -> 537.65961
B67: Total | D67: =SUM(D64:D66) -> 1997.738 | E67: =SUM(E64:E66) -> 1655.4859
B69: MÓDULO 3: PROVISÃO PARA RESCISÃO
B70: 3 - Provisão para Rescisão | C70: Percentuais | D70: Valor (R$) | E70: Valor (R$)
B71: A - Aviso Prévio Indenizado (Esta parcela deverá ser reduzida após o primeiro ano da contratação para o percentual máximo de 0,042%: Acórdão 1.186/2017-P) | C71: =1/12*0.05 -> 0.0041666667 | D71: =C71*D38 -> 8.9569413 | E71: =C71*E38 -> 8.9569413
B72: B - Incidência do FGTS sobre Aviso Prévio Indenizado | C72: =C53*C71 -> 0.00033333333 | D72: =C72*D38 -> 0.7165553 | E72: =C72*E38 -> 0.7165553
B73: C - Multa do FGTS e contribuições sociais sobre o Aviso Prévio Indenizado | C73: 0 | D73: =C73*D38 -> 0 | E73: =C73*E38 -> 0
B74: D - Aviso Prévio Trabalhado (Esta parcela deverá ser reduzida após o primeiro ano da contratação para o percentual máximo de 0,194%: Acórdão 1.186/2017-P) | C74: =1/30*7/12 -> 0.019444444 | D74: =C74*D38 -> 41.799059 | E74: =C74*E38 -> 41.799059
B75: E - Incidência de GPS, FGTS e outras contribuições (submódulo 2.2) sobre o Aviso Prévio Trabalhado | C75: =C54*C74 -> 0.0071555556 | D75: =C75*D38 -> 15.382054 | E75: =C75*E38 -> 15.382054
B76: F - Multa do FGTS sobre o Aviso Prévio Trabalhado (Rescisões sem justa causa) | C76: =0.08*0.4*0.9*(1+1/12+1/12+1/3*1/12) -> 0.0344 | D76: =C76*D38 -> 73.948507 | E76: =C76*E38 -> 73.948507
B77: Total | C77: =SUM(C71:C76) -> 0.0655 | D77: =SUM(D71:D76) -> 140.80312 | E77: =SUM(E71:E76) -> 140.80312
B79: MÓDULO 4: CUSTO DE REPOSIÇÃO DO PROFISSIONAL AUSENTE
B80: 4.1 – Substituto nas Ausências Legais | C80: Percentuais | D80: Valor (R$) | E80: Valor (R$)
B81: A – Substituto na cobertura de Férias | C81: =1/12 -> 0.083333333 | D81: =C81*(D38+D67+D77) -> 357.35058 | E81: =C81*(E38+E67+E77) -> 328.82958
B82: B – Substituto na cobertura de ausências Legais | C82: ='Memória de Cálculo'!C21 -> 0.0028 | D82: =C82*(D38+D67+D77) -> 12.00698 | E82: =C82*(E38+E67+E77) -> 11.048674
B83: C - Substituto na cobertura na licença-paternidade | C83: ='Memória de Cálculo'!D28/30/12*'Memória de Cálculo'!D26*'Memória de Cálculo'!D27 -> 0.00018725 | D83: =C83*(D38+D67+D77) -> 0.80296676 | E83: =C83*(E38+E67+E77) -> 0.73888006
B84: D - Substituto na cobertura na ausências por acidente de trabalho | C84: ='Memória de Cálculo'!D32/30/12 -> 0.0019202778 | D84: =C84*(D38+D67+D77) -> 8.2345486 | E84: =C84*(E38+E67+E77) -> 7.5773295
B85: E - Substituto na cobertura de afastamento maternidade | C85: =120/30*'Memória de Cálculo'!D42*'Memória de Cálculo'!D43 -> 0.00129536 | D85: =C85*(D38+D67+D77) -> 5.5547718 | E85: =C85*(E38+E67+E77) -> 5.1114321
B86: F - Substituto na cobertura de outras ausências (especificar) | C86: 0 | D86: =C86*(D38+D67+D77) -> 0 | E86: =C86*(E38+E67+E77) -> 0
B87: Total | C87: =SUM(C81:C86) -> 0.089536221 | D87: =SUM(D81:D86) -> 383.94985 | E87: =SUM(E81:E86) -> 353.30589
B88: 4.2 - Substituto na Intrajornada (Indenizada) | C88: Percentuais | D88: Valor (R$) | E88: Valor (R$)
B89: A - Substituto na cobertura de intervalo para repouso ou alimentação (Intrajornada indenizada de 1 hora, conforme CCT) | C89: 0.5 | D89: 0 | E89: =(E38/220)*15*1.5 -> 219.8522
B90: Total | D90: =SUM(D89:D89) -> 0 | E90: =SUM(E89:E89) -> 219.8522
B92: 4 - Custo de Reposição do Profissional Ausente | C92: Percentuais | D92: Valor (R$) | E92: Valor (R$)
B93: 4.1 - Substituto nas ausências Legais | C93: =C87 -> 0.089536221 | D93: =D87 -> 383.94985 | E93: =E87 -> 353.30589
B94: 4.2 - Intrajornada indenizada | C94: =C89 -> 0.5 | D94: =D90 -> 0 | E94: =E90 -> 219.8522
B95: Total | D95: =SUM(D93:D94) -> 383.94985 | E95: =SUM(E93:E94) -> 573.15809
B97: MÓDULO 5: INSUMOS DIVERSOS
B98: 5 - Insumos Diversos | C98: Valores | D98: Valor (R$) | E98: Valor (R$)
B99: A - Uniformes | C99: =Insumos!J13 -> 41.683333 | D99: =C99 -> 41.683333 | E99: =C99 -> 41.683333
B100: B - Materiais (Valor por posto) | C100: =Insumos!J21 -> 10.203333 | D100: =C100 -> 10.203333 | E100: =C100/2 -> 5.1016667
B101: C - Outros (especificar) | C101: 0 | D101: =C101 -> 0 | E101: =C101 -> 0
B102: Total | C102: =SUM(C99:C101) -> 51.886667 | D102: =SUM(D99:D101) -> 51.886667 | E102: =SUM(E99:E101) -> 46.785
B104: MÓDULO 6: CUSTOS INDIRETOS, TRIBUTOS E LUCRO
B105: 6 - Custos Indiretos, Tributos e Lucro | C105: Percentuais | D105: Valor (R$) | E105: Valor (R$)
B106: A - Custos Indiretos | C106: 0.032 | D106: =C106*(D38+D67+D77+D95+D102) -> 151.16939 | E106: =C106*(E38+E67+E77+E95+E102) -> 146.10874
B107: B - Lucro | C107: 0.0358 | D107: =C107*(D38+D67+D77+D95+D102+D106) -> 174.53262 | E107: =C107*(E38+E67+E77+E95+E102+E106) -> 168.68984
B108: C - Tributos (Percentuais de acordo com o regime tributário da empresa) | C108: =SUM(C109:C113) -> 0.0865 | D108: =((D38+D67+D77+D95+D102+D106+D107)/(1-C108))*C108 -> 478.16419 | E108: =((E38+E67+E77+E95+E102+E106+E107)/(1-C108))*C108 -> 462.15682
B109: C.1.1 - Tributos Federais (COFINS) | C109: =0.03 -> 0.03 | D109: =((D38+D67+D77+D95+D102+D106+D107)/(1-C108))*C109 -> 165.83729 | E109: =((E38+E67+E77+E95+E102+E106+E107)/(1-C108))*C109 -> 160.2856
B110: C.1.2 - Tributos Federais (PIS) | C110: =0.0065 -> 0.0065 | D110: =((D38+D67+D77+D95+D102+D106+D107)/(1-C108))*C110 -> 35.931413 | E110: =((E38+E67+E77+E95+E102+E106+E107)/(1-C108))*C110 -> 34.728547
B111: C.2 - Tributos Estaduais (especificar)
B112: C.3 - Tributos Municipais (ISSQN do município de prestação do serviço (art. 3º, XVI, LC nº 116/2003)) | C112: 0.05 | D112: =((D38+D67+D77+D95+D102+D106+D107)/(1-C108))*C112 -> 276.39549 | E112: =((E38+E67+E77+E95+E102+E106+E107)/(1-C108))*C112 -> 267.14267
...

Sheet Bela Vista
B1: PLANILHA ESTIMATIVA
B2: Planilha de Custos e Formação de Preços para Serviços de Vigilância - GEX - Campo Grande e Dourados-MS
B4: Nº do Processo: | C4: =Aquidauana!C4 -> 35014.499513/2022-13
B5: Pregão Eletrônico nº | C5: =Aquidauana!C5 -> 0
B6: Data: | C6: =Aquidauana!C6 -> 0
B8: Discriminação dos Serviços (dados referentes à contratação)
B9: A – Data de apresentação da proposta (dia/mês/ano)
B10: B – Município/UF | C10: Bela Vista - MS
B11: C – Ano Acordo, Convenção ou Sentença Normativa em Dissídio Coletivo | C11: 2022/2024
B12: D – Nº de meses de execução contratual | C12: 12
B14: Identificação do Serviço
B15: Tipo de Serviço | C15: Unid. de Medida | D15: Posto de 44 hs semanais (Qtde) | E15: Posto 12X36 Diurnas (Qtde)
B16: Contratação de serviços de segurança e vigilância orgânica e patrimonial desarmada, visando atender as demandas das Gerências Executivas de Campo Grande e Dourados, conforme condições, quantidades e exigências estabelecidas neste instrumento convocatório. | C16: Serviço | D16: =Resumo!E50 -> 1 | E16: =Resumo!E49 -> 0
B19: Mão de obra vinculada à execução contratual
B20: Dados para composição dos custos referente à mão de obra
B21: 1 – Tipo de serviço (mesmo serviço com características distintas) | C21: Vigilância
B22: 2 – Classificação Brasileira de Ocupações (CBO) | C22: 517330
B23: 3 – Salário Normativo da Categoria Profissional | C23: ='Campo Grande'!C23 -> 1653.5892
B24: 4 – Categoria profissional (vinculada à execução contratual) | C24: Vigilante
B25: 5 – Data base da categoria (dia/mês/ano) | C25: 01 de março
B26: 6 – Numero de registro da convenção coletiva no MTE: | C26: MS000122/2022
B28: CUSTOS | C28: Percentuais e Valores de Referência | D28: 44 horas semanais diurnas | E28: 12X36 Diurnas
B29: MÓDULO 1: COMPOSIÇÃO DA REMUNERAÇÃO
B30: 1 - Composição da Remuneração | C30: Valores/ Percentuais | D30: Valor (R$) | E30: Valor (R$)
B31: A – Salário-Base (conforme Cláusula Terceira da CCT) | C31: =C23 -> 1653.5892 | D31: =C31 -> 1653.5892 | E31: =C31 -> 1653.5892
B32: B - Adicional de Periculosidade (conforme Cláusula Décima Quarta da CCT) | C32: 0.3 | D32: =D31*C32 -> 496.07675 | E32: =E31*C32 -> 496.07675
B33: C - Adicional de Insalubridade
B34: D - Adicional Noturno | D34: 0 | E34: 0
B35: E - Adicional de Hora Noturna Reduzida | D35: 0 | E35: 0
B36: F - Penosidade | D36: 0 | E36: 0
B37: G - Outros | D37: 0 | E37: 0
B38: Total | D38: =SUM(D31:D37) -> 2149.6659 | E38: =SUM(E31:E37) -> 2149.6659
B40: MÓDULO 2: ENCARGOS E BENEFÍCIOS ANUAIS, MENSAIS E DIÁRIOS
B41: 2.1 - 13º Salário, Férias e Adicional de Férias | C41: Percentuais | D41: Valor (R$) | E41: Valor (R$)
B42: A - 13º salário | C42: =1/12 -> 0.083333333 | D42: =C42*D38 -> 179.13883 | E42: =C42*E38 -> 179.13883
B43: B - Férias e Adicional de Férias (O custo com o valor pago ao substituto durante as férias do empregado consta na letra "A" do submódulo 4.1), (custo não renovável). | C43: =C42/3 -> 0.027777778 | D43: =C43*D38 -> 59.712942 | E43: =C43*E38 -> 59.712942
B44: Total | C44: =SUM(C42:C43) -> 0.11111111 | D44: =SUM(D42:D43) -> 238.85177 | E44: =SUM(E42:E43) -> 238.85177
B45: 2.2 - GPS, FGTS e outras contribuições (Incide sobre os Módulos 1 e 2.1) | C45: Percentuais | D45: Valor (R$) | E45: Valor (R$)
B46: A - INSS | C46: 0.2 | D46: =C46*(D38+D44) -> 477.70354 | E46: =C46*(E38+E44) -> 477.70354
B47: B - Salário Educação | C47: 0.025 | D47: =C47*(D38+D44) -> 59.712942 | E47: =C47*(E38+E44) -> 59.712942
B48: C - SAT (Utilizar o RAT Ajustado conforme GFIP: RAT x FAP) | C48: 0.03 | D48: =C48*(D38+D44) -> 71.65553 | E48: =C48*(E38+E44) -> 71.65553
B49: D - SESI ou SESC | C49: 0.015 | D49: =C49*(D38+D44) -> 35.827765 | E49: =C49*(E38+E44) -> 35.827765
B50: E - SENAI ou SENAC | C50: 0.01 | D50: =C50*(D38+D44) -> 23.885177 | E50: =C50*(E38+E44) -> 23.885177
B51: F - SEBRAE | C51: 0.006 | D51: =C51*(D38+D44) -> 14.331106 | E51: =C51*(E38+E44) -> 14.331106
B52: G - INCRA | C52: 0.002 | D52: =C52*(D38+D44) -> 4.7770354 | E52: =C52*(E38+E44) -> 4.7770354
B53: F - FGTS | C53: 0.08 | D53: =C53*(D38+D44) -> 191.08141 | E53: =C53*(E38+E44) -> 191.08141
B54: Total | C54: =SUM(C46:C53) -> 0.368 | D54: =SUM(D46:D53) -> 878.97451 | E54: =SUM(E46:E53) -> 878.97451
B55: 2.3 - Benefícios Mensais e Diários | C55: Valores/ Percentuais | D55: Valor (R$) | E55: Valor (R$)
B56: A – Transporte (Devido por dia trabalhado) | C56: 0 | D56: 0 | E56: 0
B57: B – Auxílio-Refeição/Alimentação (Devido por dia trabalhado) | C57: ='Memória de Cálculo'!C6 -> 31.113827 | D57: ='Memória de Cálculo'!E6 -> 792.42361 | E57: ='Memória de Cálculo'!E7 -> 450.17151
B58: C - Assistência Médica e Familiar (Conforme CCT) | C58: 80 | D58: =C58 -> 80 | E58: =C58 -> 80
B59: D – Prêmio Assiduidade | C59: 0 | D59: =C59 -> 0 | E59: =D59 -> 0
B60: E – Auxílio Morte/Funeral (Conforme CCT) | C60: 9.55e-05 | D60: =D31*C60*2.5 -> 0.39479441 | E60: =E31*C60*2.5 -> 0.39479441
B61: F – Outros (Seguro de Vida) - Conforme CCT) | C61: 9.55e-05 | D61: =74275.4*C61 -> 7.0933007 | E61: =74275.4*C61 -> 7.0933007
B62: Total | D62: =SUM(D56:D61) -> 879.91171 | E62: =SUM(E56:E61) -> 537.65961
B63: 2 - Encargos e Benefícios Anuais, Mensais e Diários | C63: Percentuais | D63: Valor (R$) | E63: Valor (R$)
B64: 2.1 - 13º Salário, Férias e Adicional de Férias | C64: =C44 -> 0.11111111 | D64: =D44 -> 238.85177 | E64: =E44 -> 238.85177
B65: 2.2 - GPS, FGTS e outras contribuições | C65: =C54 -> 0.368 | D65: =D54 -> 878.97451 | E65: =E54 -> 878.97451
B66: 2.3 - Benefícios Mensais e Diários | C66: 0 | D66: =D62 -> 879.91171 | E66: =E62 -> 537.65961
B67: Total | D67: =SUM(D64:D66) -> 1997.738 | E67: =SUM(E64:E66) -> 1655.4859
B69: MÓDULO 3: PROVISÃO PARA RESCISÃO
B70: 3 - Provisão para Rescisão | C70: Percentuais | D70: Valor (R$) | E70: Valor (R$)
B71: A - Aviso Prévio Indenizado (Esta parcela deverá ser reduzida após o primeiro ano da contratação para o percentual máximo de 0,042%: Acórdão 1.186/2017-P) | C71: =1/12*0.05 -> 0.0041666667 | D71: =C71*D38 -> 8.9569413 | E71: =C71*E38 -> 8.9569413
B72: B - Incidência do FGTS sobre Aviso Prévio Indenizado | C72: =C53*C71 -> 0.00033333333 | D72: =C72*D38 -> 0.7165553 | E72: =C72*E38 -> 0.7165553
B73: C - Multa do FGTS e contribuições sociais sobre o Aviso Prévio Indenizado | C73: 0 | D73: =C73*D38 -> 0 | E73: =C73*E38 -> 0
B74: D - Aviso Prévio Trabalhado (Esta parcela deverá ser reduzida após o primeiro ano da contratação para o percentual máximo de 0,194%: Acórdão 1.186/2017-P) | C74: =1/30*7/12 -> 0.019444444 | D74: =C74*D38 -> 41.799059 | E74: =C74*E38 -> 41.799059
B75: E - Incidência de GPS, FGTS e outras contribuições (submódulo 2.2) sobre o Aviso Prévio Trabalhado | C75: =C54*C74 -> 0.0071555556 | D75: =C75*D38 -> 15.382054 | E75: =C75*E38 -> 15.382054
B76: F - Multa do FGTS sobre o Aviso Prévio Trabalhado (Rescisões sem justa causa) | C76: =0.08*0.4*0.9*(1+1/12+1/12+1/3*1/12) -> 0.0344 | D76: =C76*D38 -> 73.948507 | E76: =C76*E38 -> 73.948507
B77: Total | C77: =SUM(C71:C76) -> 0.0655 | D77: =SUM(D71:D76) -> 140.80312 | E77: =SUM(E71:E76) -> 140.80312
B79: MÓDULO 4: CUSTO DE REPOSIÇÃO DO PROFISSIONAL AUSENTE
B80: 4.1 – Substituto nas Ausências Legais | C80: Percentuais | D80: Valor (R$) | E80: Valor (R$)
B81: A – Substituto na cobertura de Férias | C81: =1/12 -> 0.083333333 | D81: =C81*(D38+D67+D77) -> 357.35058 | E81: =C81*(E38+E67+E77) -> 328.82958
B82: B – Substituto na cobertura de ausências Legais | C82: ='Memória de Cálculo'!C21 -> 0.0028 | D82: =C82*(D38+D67+D77) -> 12.00698 | E82: =C82*(E38+E67+E77) -> 11.048674
B83: C - Substituto na cobertura na licença-paternidade | C83: ='Memória de Cálculo'!D28/30/12*'Memória de Cálculo'!D26*'Memória de Cálculo'!D27 -> 0.00018725 | D83: =C83*(D38+D67+D77) -> 0.80296676 | E83: =C83*(E38+E67+E77) -> 0.73888006
B84: D - Substituto na cobertura na ausências por acidente de trabalho | C84: ='Memória de Cálculo'!D32/30/12 -> 0.0019202778 | D84: =C84*(D38+D67+D77) -> 8.2345486 | E84: =C84*(E38+E67+E77) -> 7.5773295
B85: E - Substituto na cobertura de afastamento maternidade | C85: =120/30*'Memória de Cálculo'!D42*'Memória de Cálculo'!D43 -> 0.00129536 | D85: =C85*(D38+D67+D77) -> 5.5547718 | E85: =C85*(E38+E67+E77) -> 5.1114321
B86: F - Substituto na cobertura de outras ausências (especificar) | C86: 0 | D86: =C86*(D38+D67+D77) -> 0 | E86: =C86*(E38+E67+E77) -> 0
B87: Total | C87: =SUM(C81:C86) -> 0.089536221 | D87: =SUM(D81:D86) -> 383.94985 | E87: =SUM(E81:E86) -> 353.30589
B88: 4.2 - Substituto na Intrajornada (Indenizada) | C88: Percentuais | D88: Valor (R$) | E88: Valor (R$)
B89: A - Substituto na cobertura de intervalo para repouso ou alimentação (Intrajornada indenizada de 1 hora, conforme CCT) | C89: 0.5 | D89: 0 | E89: =(E38/220)*15*1.5 -> 219.8522
B90: Total | D90: =SUM(D89:D89) -> 0 | E90: =SUM(E89:E89) -> 219.8522
B92: 4 - Custo de Reposição do Profissional Ausente | C92: Percentuais | D92: Valor (R$) | E92: Valor (R$)
B93: 4.1 - Substituto nas ausências Legais | C93: =C87 -> 0.089536221 | D93: =D87 -> 383.94985 | E93: =E87 -> 353.30589
B94: 4.2 - Intrajornada indenizada | C94: =C89 -> 0.5 | D94: =D90 -> 0 | E94: =E90 -> 219.8522
B95: Total | D95: =SUM(D93:D94) -> 383.94985 | E95: =SUM(E93:E94) -> 573.15809
B97: MÓDULO 5: INSUMOS DIVERSOS
B98: 5 - Insumos Diversos | C98: Valores | D98: Valor (R$) | E98: Valor (R$)
B99: A - Uniformes | C99: =Insumos!J13 -> 41.683333 | D99: =C99 -> 41.683333 | E99: =C99 -> 41.683333
B100: B - Materiais (Valor por posto) | C100: =Insumos!J21 -> 10.203333 | D100: =C100 -> 10.203333 | E100: =C100/2 -> 5.1016667
B101: C - Outros (especificar) | C101: 0 | D101: =C101 -> 0 | E101: =C101 -> 0
B102: Total | C102: =SUM(C99:C101) -> 51.886667 | D102: =SUM(D99:D101) -> 51.886667 | E102: =SUM(E99:E101) -> 46.785
B104: MÓDULO 6: CUSTOS INDIRETOS, TRIBUTOS E LUCRO
B105: 6 - Custos Indiretos, Tributos e Lucro | C105: Percentuais | D105: Valor (R$) | E105: Valor (R$)
B106: A - Custos Indiretos | C106: 0.032 | D106: =C106*(D38+D67+D77+D95+D102) -> 151.16939 | E106: =C106*(E38+E67+E77+E95+E102) -> 146.10874
B107: B - Lucro | C107: 0.0358 | D107: =C107*(D38+D67+D77+D95+D102+D106) -> 174.53262 | E107: =C107*(E38+E67+E77+E95+E102+E106) -> 168.68984
B108: C - Tributos (Percentuais de acordo com o regime tributário da empresa) | C108: =SUM(C109:C113) -> 0.0865 | D108: =((D38+D67+D77+D95+D102+D106+D107)/(1-C108))*C108 -> 478.16419 | E108: =((E38+E67+E77+E95+E102+E106+E107)/(1-C108))*C108 -> 462.15682
B109: C.1.1 - Tributos Federais (COFINS) | C109: =0.03 -> 0.03 | D109: =((D38+D67+D77+D95+D102+D106+D107)/(1-C108))*C109 -> 165.83729 | E109: =((E38+E67+E77+E95+E102+E106+E107)/(1-C108))*C109 -> 160.2856
B110: C.1.2 - Tributos Federais (PIS) | C110: =0.0065 -> 0.0065 | D110: =((D38+D67+D77+D95+D102+D106+D107)/(1-C108))*C110 -> 35.931413 | E110: =((E38+E67+E77+E95+E102+E106+E107)/(1-C108))*C110 -> 34.728547
B111: C.2 - Tributos Estaduais (especificar)
B112: C.3 - Tributos Municipais (ISSQN do município de prestação do serviço (art. 3º, XVI, LC nº 116/2003)) | C112: 0.05 | D112: =((D38+D67+D77+D95+D102+D106+D107)/(1-C108))*C112 -> 276.39549 | E112: =((E38+E67+E77+E95+E102+E106+E107)/(1-C108))*C112 -> 267.14267
...

Sheet Bonito
B1: PLANILHA ESTIMATIVA
B2: Planilha de Custos e Formação de Preços para Serviços de Vigilância - GEX - Campo Grande e Dourados-MS
B4: Nº do Processo: | C4: =Aquidauana!C4 -> 35014.499513/2022-13
B5: Pregão Eletrônico nº | C5: =Aquidauana!C5 -> 0
B6: Data: | C6: =Aquidauana!C6 -> 0
B8: Discriminação dos Serviços (dados referentes à contratação)
B9: A – Data de apresentação da proposta (dia/mês/ano)
B10: B – Município/UF | C10: Bonito - MS
B11: C – Ano Acordo, Convenção ou Sentença Normativa em Dissídio Coletivo | C11: 2022/2024
B12: D – Nº de meses de execução contratual | C12: 12
B14: Identificação do Serviço
B15: Tipo de Serviço | C15: Unid. de Medida | D15: Posto de 44 hs semanais (Qtde) | E15: Posto 12X36 Diurnas (Qtde)
B16: Contratação de serviços de segurança e vigilância orgânica e patrimonial desarmada, visando atender as demandas das Gerências Executivas de Campo Grande e Dourados, conforme condições, quantidades e exigências estabelecidas neste instrumento convocatório. | C16: Serviço | D16: =Resumo!E53 -> 1 | E16: =Resumo!E52 -> 0
B19: Mão de obra vinculada à execução contratual
B20: Dados para composição dos custos referente à mão de obra
B21: 1 – Tipo de serviço (mesmo serviço com características distintas) | C21: Vigilância
B22: 2 – Classificação Brasileira de Ocupações (CBO) | C22: 517330
B23: 3 – Salário Normativo da Categoria Profissional | C23: ='Campo Grande'!C23 -> 1653.5892
B24: 4 – Categoria profissional (vinculada à execução contratual) | C24: Vigilante
B25: 5 – Data base da categoria (dia/mês/ano) | C25: 01 de março
B26: 6 – Numero de registro da convenção coletiva no MTE: | C26: MS000122/2022
B28: CUSTOS | C28: Percentuais e Valores de Referência | D28: 44 horas semanais diurnas | E28: 12X36 Diurnas
B29: MÓDULO 1: COMPOSIÇÃO DA REMUNERAÇÃO
B30: 1 - Composição da Remuneração | C30: Valores/ Percentuais | D30: Valor (R$) | E30: Valor (R$)
B31: A – Salário-Base (conforme Cláusula Terceira da CCT) | C31: =C23 -> 1653.5892 | D31: =C31 -> 1653.5892 | E31: =C31 -> 1653.5892
B32: B - Adicional de Periculosidade (conforme Cláusula Décima Quarta da CCT) | C32: 0.3 | D32: =D31*C32 -> 496.07675 | E32: =E31*C32 -> 496.07675
B33: C - Adicional de Insalubridade
B34: D - Adicional Noturno | D34: 0 | E34: 0
B35: E - Adicional de Hora Noturna Reduzida | D35: 0 | E35: 0
B36: F - Penosidade | D36: 0 | E36: 0
B37: G - Outros | D37: 0 | E37: 0
B38: Total | D38: =SUM(D31:D37) -> 2149.6659 | E38: =SUM(E31:E37) -> 2149.6659
B40: MÓDULO 2: ENCARGOS E BENEFÍCIOS ANUAIS, MENSAIS E DIÁRIOS
B41: 2.1 - 13º Salário, Férias e Adicional de Férias | C41: Percentuais | D41: Valor (R$) | E41: Valor (R$)
B42: A - 13º salário | C42: =1/12 -> 0.083333333 | D42: =C42*D38 -> 179.13883 | E42: =C42*E38 -> 179.13883
B43: B - Férias e Adicional de Férias (O custo com o valor pago ao substituto durante as férias do empregado consta na letra "A" do submódulo 4.1), (custo não renovável). | C43: =C42/3 -> 0.027777778 | D43: =C43*D38 -> 59.712942 | E43: =C43*E38 -> 59.712942
B44: Total | C44: =SUM(C42:C43) -> 0.11111111 | D44: =SUM(D42:D43) -> 238.85177 | E44: =SUM(E42:E43) -> 238.85177
B45: 2.2 - GPS, FGTS e outras contribuições (Incide sobre os Módulos 1 e 2.1) | C45: Percentuais | D45: Valor (R$) | E45: Valor (R$)
B46: A - INSS | C46: 0.2 | D46: =C46*(D38+D44) -> 477.70354 | E46: =C46*(E38+E44) -> 477.70354
B47: B - Salário Educação | C47: 0.025 | D47: =C47*(D38+D44) -> 59.712942 | E47: =C47*(E38+E44) -> 59.712942
B48: C - SAT (Utilizar o RAT Ajustado conforme GFIP: RAT x FAP) | C48: 0.03 | D48: =C48*(D38+D44) -> 71.65553 | E48: =C48*(E38+E44) -> 71.65553
B49: D - SESI ou SESC | C49: 0.015 | D49: =C49*(D38+D44) -> 35.827765 | E49: =C49*(E38+E44) -> 35.827765
B50: E - SENAI ou SENAC | C50: 0.01 | D50: =C50*(D38+D44) -> 23.885177 | E50: =C50*(E38+E44) -> 23.885177
B51: F - SEBRAE | C51: 0.006 | D51: =C51*(D38+D44) -> 14.331106 | E51: =C51*(E38+E44) -> 14.331106
B52: G - INCRA | C52: 0.002 | D52: =C52*(D38+D44) -> 4.7770354 | E52: =C52*(E38+E44) -> 4.7770354
B53: F - FGTS | C53: 0.08 | D53: =C53*(D38+D44) -> 191.08141 | E53: =C53*(E38+E44) -> 191.08141
B54: Total | C54: =SUM(C46:C53) -> 0.368 | D54: =SUM(D46:D53) -> 878.97451 | E54: =SUM(E46:E53) -> 878.97451
B55: 2.3 - Benefícios Mensais e Diários | C55: Valores/ Percentuais | D55: Valor (R$) | E55: Valor (R$)
B56: A – Transporte (Devido por dia trabalhado) | C56: 0 | D56: 0 | E56: 0
B57: B – Auxílio-Refeição/Alimentação (Devido por dia trabalhado) | C57: ='Memória de Cálculo'!C6 -> 31.113827 | D57: ='Memória de Cálculo'!E6 -> 792.42361 | E57: ='Memória de Cálculo'!E7 -> 450.17151
B58: C - Assistência Médica e Familiar (Conforme CCT) | C58: 80 | D58: =C58 -> 80 | E58: =C58 -> 80
B59: D – Prêmio Assiduidade | C59: 0 | D59: =C59 -> 0 | E59: =D59 -> 0
B60: E – Auxílio Morte/Funeral (Conforme CCT) | C60: 9.55e-05 | D60: =D31*C60*2.5 -> 0.39479441 | E60: =E31*C60*2.5 -> 0.39479441
B61: F – Outros (Seguro de Vida) - Conforme CCT) | C61: 9.55e-05 | D61: =74275.4*C61 -> 7.0933007 | E61: =74275.4*C61 -> 7.0933007
B62: Total | D62: =SUM(D56:D61) -> 879.91171 | E62: =SUM(E56:E61) -> 537.65961
B63: 2 - Encargos e Benefícios Anuais, Mensais e Diários | C63: Percentuais | D63: Valor (R$) | E63: Valor (R$)
B64: 2.1 - 13º Salário, Férias e Adicional de Férias | C64: =C44 -> 0.11111111 | D64: =D44 -> 238.85177 | E64: =E44 -> 238.85177
B65: 2.2 - GPS, FGTS e outras contribuições | C65: =C54 -> 0.368 | D65: =D54 -> 878.97451 | E65: =E54 -> 878.97451
B66: 2.3 - Benefícios Mensais e Diários | C66: 0 | D66: =D62 -> 879.91171 | E66: =E62 -> 537.65961
B67: Total | D67: =SUM(D64:D66) -> 1997.738 | E67: =SUM(E64:E66) -> 1655.4859
B69: MÓDULO 3: PROVISÃO PARA RESCISÃO
B70: 3 - Provisão para Rescisão | C70: Percentuais | D70: Valor (R$) | E70: Valor (R$)
B71: A - Aviso Prévio Indenizado (Esta parcela deverá ser reduzida após o primeiro ano da contratação para o percentual máximo de 0,042%: Acórdão 1.186/2017-P) | C71: =1/12*0.05 -> 0.0041666667 | D71: =C71*D38 -> 8.9569413 | E71: =C71*E38 -> 8.9569413
B72: B - Incidência do FGTS sobre Aviso Prévio Indenizado | C72: =C53*C71 -> 0.00033333333 | D72: =C72*D38 -> 0.7165553 | E72: =C72*E38 -> 0.7165553
B73: C - Multa do FGTS e contribuições sociais sobre o Aviso Prévio Indenizado | C73: 0 | D73: =C73*D38 -> 0 | E73: =C73*E38 -> 0
B74: D - Aviso Prévio Trabalhado (Esta parcela deverá ser reduzida após o primeiro ano da contratação para o percentual máximo de 0,194%: Acórdão 1.186/2017-P) | C74: =1/30*7/12 -> 0.019444444 | D74: =C74*D38 -> 41.799059 | E74: =C74*E38 -> 41.799059
B75: E - Incidência de GPS, FGTS e outras contribuições (submódulo 2.2) sobre o Aviso Prévio Trabalhado | C75: =C54*C74 -> 0.0071555556 | D75: =C75*D38 -> 15.382054 | E75: =C75*E38 -> 15.382054
B76: F - Multa do FGTS sobre o Aviso Prévio Trabalhado (Rescisões sem justa causa) | C76: =0.08*0.4*0.9*(1+1/12+1/12+1/3*1/12) -> 0.0344 | D76: =C76*D38 -> 73.948507 | E76: =C76*E38 -> 73.948507
B77: Total | C77: =SUM(C71:C76) -> 0.0655 | D77: =SUM(D71:D76) -> 140.80312 | E77: =SUM(E71:E76) -> 140.80312
B79: MÓDULO 4: CUSTO DE REPOSIÇÃO DO PROFISSIONAL AUSENTE
B80: 4.1 – Substituto nas Ausências Legais | C80: Percentuais | D80: Valor (R$) | E80: Valor (R$)
B81: A – Substituto na cobertura de Férias | C81: =1/12 -> 0.083333333 | D81: =C81*(D38+D67+D77) -> 357.35058 | E81: =C81*(E38+E67+E77) -> 328.82958
B82: B – Substituto na cobertura de ausências Legais | C82: ='Memória de Cálculo'!C21 -> 0.0028 | D82: =C82*(D38+D67+D77) -> 12.00698 | E82: =C82*(E38+E67+E77) -> 11.048674
B83: C - Substituto na cobertura na licença-paternidade | C83: ='Memória de Cálculo'!D28/30/12*'Memória de Cálculo'!D26*'Memória de Cálculo'!D27 -> 0.00018725 | D83: =C83*(D38+D67+D77) -> 0.80296676 | E83: =C83*(E38+E67+E77) -> 0.73888006
B84: D - Substituto na cobertura na ausências por acidente de trabalho | C84: ='Memória de Cálculo'!D32/30/12 -> 0.0019202778 | D84: =C84*(D38+D67+D77) -> 8.2345486 | E84: =C84*(E38+E67+E77) -> 7.5773295
B85: E - Substituto na cobertura de afastamento maternidade | C85: =120/30*'Memória de Cálculo'!D42*'Memória de Cálculo'!D43 -> 0.00129536 | D85: =C85*(D38+D67+D77) -> 5.5547718 | E85: =C85*(E38+E67+E77) -> 5.1114321
B86: F - Substituto na cobertura de outras ausências (especificar) | C86: 0 | D86: =C86*(D38+D67+D77) -> 0 | E86: =C86*(E38+E67+E77) -> 0
B87: Total | C87: =SUM(C81:C86) -> 0.089536221 | D87: =SUM(D81:D86) -> 383.94985 | E87: =SUM(E81:E86) -> 353.30589
B88: 4.2 - Substituto na Intrajornada (Indenizada) | C88: Percentuais | D88: Valor (R$) | E88: Valor (R$)
B89: A - Substituto na cobertura de intervalo para repouso ou alimentação (Intrajornada indenizada de 1 hora, conforme CCT) | C89: 0.5 | D89: 0 | E89: =(E38/220)*15*1.5 -> 219.8522
B90: Total | D90: =SUM(D89:D89) -> 0 | E90: =SUM(E89:E89) -> 219.8522
B92: 4 - Custo de Reposição do Profissional Ausente | C92: Percentuais | D92: Valor (R$) | E92: Valor (R$)
B93: 4.1 - Substituto nas ausências Legais | C93: =C87 -> 0.089536221 | D93: =D87 -> 383.94985 | E93: =E87 -> 353.30589
B94: 4.2 - Intrajornada indenizada | C94: =C89 -> 0.5 | D94: =D90 -> 0 | E94: =E90 -> 219.8522
B95: Total | D95: =SUM(D93:D94) -> 383.94985 | E95: =SUM(E93:E94) -> 573.15809
B97: MÓDULO 5: INSUMOS DIVERSOS
B98: 5 - Insumos Diversos | C98: Valores | D98: Valor (R$) | E98: Valor (R$)
B99: A - Uniformes | C99: =Insumos!J13 -> 41.683333 | D99: =C99 -> 41.683333 | E99: =C99 -> 41.683333
B100: B - Materiais (Valor por posto) | C100: =Insumos!J21 -> 10.203333 | D100: =C100 -> 10.203333 | E100: =C100/2 -> 5.1016667
B101: C - Outros (especificar) | C101: 0 | D101: =C101 -> 0 | E101: =C101 -> 0
B102: Total | C102: =SUM(C99:C101) -> 51.886667 | D102: =SUM(D99:D101) -> 51.886667 | E102: =SUM(E99:E101) -> 46.785
B104: MÓDULO 6: CUSTOS INDIRETOS, TRIBUTOS E LUCRO
B105: 6 - Custos Indiretos, Tributos e Lucro | C105: Percentuais | D105: Valor (R$) | E105: Valor (R$)
B106: A - Custos Indiretos | C106: 0.032 | D106: =C106*(D38+D67+D77+D95+D102) -> 151.16939 | E106: =C106*(E38+E67+E77+E95+E102) -> 146.10874
B107: B - Lucro | C107: 0.0358 | D107: =C107*(D38+D67+D77+D95+D102+D106) -> 174.53262 | E107: =C107*(E38+E67+E77+E95+E102+E106) -> 168.68984
B108: C - Tributos (Percentuais de acordo com o regime tributário da empresa) | C108: =SUM(C109:C113) -> 0.0865 | D108: =((D38+D67+D77+D95+D102+D106+D107)/(1-C108))*C108 -> 478.16419 | E108: =((E38+E67+E77+E95+E102+E106+E107)/(1-C108))*C108 -> 462.15682
B109: C.1.1 - Tributos Federais (COFINS) | C109: =0.03 -> 0.03 | D109: =((D38+D67+D77+D95+D102+D106+D107)/(1-C108))*C109 -> 165.83729 | E109: =((E38+E67+E77+E95+E102+E106+E107)/(1-C108))*C109 -> 160.2856
B110: C.1.2 - Tributos Federais (PIS) | C110: =0.0065 -> 0.0065 | D110: =((D38+D67+D77+D95+D102+D106+D107)/(1-C108))*C110 -> 35.931413 | E110: =((E38+E67+E77+E95+E102+E106+E107)/(1-C108))*C110 -> 34.728547
B111: C.2 - Tributos Estaduais (especificar)
B112: C.3 - Tributos Municipais (ISSQN do município de prestação do serviço (art. 3º, XVI, LC nº 116/2003)) | C112: 0.05 | D112: =((D38+D67+D77+D95+D102+D106+D107)/(1-C108))*C112 -> 276.39549 | E112: =((E38+E67+E77+E95+E102+E106+E107)/(1-C108))*C112 -> 267.14267
...

Sheet São Gabriel D'oeste
B1: PLANILHA ESTIMATIVA
B2: Planilha de Custos e Formação de Preços para Serviços de Vigilância - GEX - Campo Grande e Dourados-MS
B4: Nº do Processo: | C4: =Aquidauana!C4 -> 35014.499513/2022-13
B5: Pregão Eletrônico nº | C5: =Aquidauana!C5 -> 0
B6: Data: | C6: =Aquidauana!C6 -> 0
B8: Discriminação dos Serviços (dados referentes à contratação)
B9: A – Data de apresentação da proposta (dia/mês/ano)
B10: B – Município/UF | C10: São Gabriel D'Oeste - MS
B11: C – Ano Acordo, Convenção ou Sentença Normativa em Dissídio Coletivo | C11: 2022/2024
B12: D – Nº de meses de execução contratual | C12: 12
B14: Identificação do Serviço
B15: Tipo de Serviço | C15: Unid. de Medida | D15: Posto de 44 hs semanais (Qtde) | E15: Posto 12X36 Diurnas (Qtde)
B16: Contratação de serviços de segurança e vigilância orgânica e patrimonial desarmada, visando atender as demandas das Gerências Executivas de Campo Grande e Dourados, conforme condições, quantidades e exigências estabelecidas neste instrumento convocatório. | C16: Serviço | D16: =Resumo!E56 -> 1 | E16: =Resumo!E55 -> 0
B19: Mão de obra vinculada à execução contratual
B20: Dados para composição dos custos referente à mão de obra
B21: 1 – Tipo de serviço (mesmo serviço com características distintas) | C21: Vigilância
B22: 2 – Classificação Brasileira de Ocupações (CBO) | C22: 517330
B23: 3 – Salário Normativo da Categoria Profissional | C23: ='Campo Grande'!C23 -> 1653.5892
B24: 4 – Categoria profissional (vinculada à execução contratual) | C24: Vigilante
B25: 5 – Data base da categoria (dia/mês/ano) | C25: 01 de março
B26: 6 – Numero de registro da convenção coletiva no MTE: | C26: MS000122/2022
B28: CUSTOS | C28: Percentuais e Valores de Referência | D28: 44 horas semanais diurnas | E28: 12X36 Diurnas
B29: MÓDULO 1: COMPOSIÇÃO DA REMUNERAÇÃO
B30: 1 - Composição da Remuneração | C30: Valores/ Percentuais | D30: Valor (R$) | E30: Valor (R$)
B31: A – Salário-Base (conforme Cláusula Terceira da CCT) | C31: =C23 -> 1653.5892 | D31: =C31 -> 1653.5892 | E31: =C31 -> 1653.5892
B32: B - Adicional de Periculosidade (conforme Cláusula Décima Quarta da CCT) | C32: 0.3 | D32: =D31*C32 -> 496.07675 | E32: =E31*C32 -> 496.07675
B33: C - Adicional de Insalubridade
B34: D - Adicional Noturno | D34: 0 | E34: 0
B35: E - Adicional de Hora Noturna Reduzida | D35: 0 | E35: 0
B36: F - Penosidade | D36: 0 | E36: 0
B37: G - Outros | D37: 0 | E37: 0
B38: Total | D38: =SUM(D31:D37) -> 2149.6659 | E38: =SUM(E31:E37) -> 2149.6659
B40: MÓDULO 2: ENCARGOS E BENEFÍCIOS ANUAIS, MENSAIS E DIÁRIOS
B41: 2.1 - 13º Salário, Férias e Adicional de Férias | C41: Percentuais | D41: Valor (R$) | E41: Valor (R$)
B42: A - 13º salário | C42: =1/12 -> 0.083333333 | D42: =C42*D38 -> 179.13883 | E42: =C42*E38 -> 179.13883
B43: B - Férias e Adicional de Férias (O custo com o valor pago ao substituto durante as férias do empregado consta na letra "A" do submódulo 4.1), (custo não renovável). | C43: =C42/3 -> 0.027777778 | D43: =C43*D38 -> 59.712942 | E43: =C43*E38 -> 59.712942
B44: Total | C44: =SUM(C42:C43) -> 0.11111111 | D44: =SUM(D42:D43) -> 238.85177 | E44: =SUM(E42:E43) -> 238.85177
B45: 2.2 - GPS, FGTS e outras contribuições (Incide sobre os Módulos 1 e 2.1) | C45: Percentuais | D45: Valor (R$) | E45: Valor (R$)
B46: A - INSS | C46: 0.2 | D46: =C46*(D38+D44) -> 477.70354 | E46: =C46*(E38+E44) -> 477.70354
B47: B - Salário Educação | C47: 0.025 | D47: =C47*(D38+D44) -> 59.712942 | E47: =C47*(E38+E44) -> 59.712942
B48: C - SAT (Utilizar o RAT Ajustado conforme GFIP: RAT x FAP) | C48: 0.03 | D48: =C48*(D38+D44) -> 71.65553 | E48: =C48*(E38+E44) -> 71.65553
B49: D - SESI ou SESC | C49: 0.015 | D49: =C49*(D38+D44) -> 35.827765 | E49: =C49*(E38+E44) -> 35.827765
B50: E - SENAI ou SENAC | C50: 0.01 | D50: =C50*(D38+D44) -> 23.885177 | E50: =C50*(E38+E44) -> 23.885177
B51: F - SEBRAE | C51: 0.006 | D51: =C51*(D38+D44) -> 14.331106 | E51: =C51*(E38+E44) -> 14.331106
B52: G - INCRA | C52: 0.002 | D52: =C52*(D38+D44) -> 4.7770354 | E52: =C52*(E38+E44) -> 4.7770354
B53: F - FGTS | C53: 0.08 | D53: =C53*(D38+D44) -> 191.08141 | E53: =C53*(E38+E44) -> 191.08141
B54: Total | C54: =SUM(C46:C53) -> 0.368 | D54: =SUM(D46:D53) -> 878.97451 | E54: =SUM(E46:E53) -> 878.97451
B55: 2.3 - Benefícios Mensais e Diários | C55: Valores/ Percentuais | D55: Valor (R$) | E55: Valor (R$)
B56: A – Transporte (Devido por dia trabalhado) | C56: 0 | D56: 0 | E56: 0
B57: B – Auxílio-Refeição/Alimentação (Devido por dia trabalhado) | C57: ='Memória de Cálculo'!C6 -> 31.113827 | D57: ='Memória de Cálculo'!E6 -> 792.42361 | E57: ='Memória de Cálculo'!E7 -> 450.17151
B58: C - Assistência Médica e Familiar (Conforme CCT) | C58: 80 | D58: =C58 -> 80 | E58: =C58 -> 80
B59: D – Prêmio Assiduidade | C59: 0 | D59: =C59 -> 0 | E59: =D59 -> 0
B60: E – Auxílio Morte/Funeral (Conforme CCT) | C60: 9.55e-05 | D60: =D31*C60*2.5 -> 0.39479441 | E60: =E31*C60*2.5 -> 0.39479441
B61: F – Outros (Seguro de Vida) - Conforme CCT) | C61: 9.55e-05 | D61: =74275.4*C61 -> 7.0933007 | E61: =74275.4*C61 -> 7.0933007
B62: Total | D62: =SUM(D56:D61) -> 879.91171 | E62: =SUM(E56:E61) -> 537.65961
B63: 2 - Encargos e Benefícios Anuais, Mensais e Diários | C63: Percentuais | D63: Valor (R$) | E63: Valor (R$)
B64: 2.1 - 13º Salário, Férias e Adicional de Férias | C64: =C44 -> 0.11111111 | D64: =D44 -> 238.85177 | E64: =E44 -> 238.85177
B65: 2.2 - GPS, FGTS e outras contribuições | C65: =C54 -> 0.368 | D65: =D54 -> 878.97451 | E65: =E54 -> 878.97451
B66: 2.3 - Benefícios Mensais e Diários | C66: 0 | D66: =D62 -> 879.91171 | E66: =E62 -> 537.65961
B67: Total | D67: =SUM(D64:D66) -> 1997.738 | E67: =SUM(E64:E66) -> 1655.4859
B69: MÓDULO 3: PROVISÃO PARA RESCISÃO
B70: 3 - Provisão para Rescisão | C70: Percentuais | D70: Valor (R$) | E70: Valor (R$)
B71: A - Aviso Prévio Indenizado (Esta parcela deverá ser reduzida após o primeiro ano da contratação para o percentual máximo de 0,042%: Acórdão 1.186/2017-P) | C71: =1/12*0.05 -> 0.0041666667 | D71: =C71*D38 -> 8.9569413 | E71: =C71*E38 -> 8.9569413
B72: B - Incidência do FGTS sobre Aviso Prévio Indenizado | C72: =C53*C71 -> 0.00033333333 | D72: =C72*D38 -> 0.7165553 | E72: =C72*E38 -> 0.7165553
B73: C - Multa do FGTS e contribuições sociais sobre o Aviso Prévio Indenizado | C73: 0 | D73: =C73*D38 -> 0 | E73: =C73*E38 -> 0
B74: D - Aviso Prévio Trabalhado (Esta parcela deverá ser reduzida após o primeiro ano da contratação para o percentual máximo de 0,194%: Acórdão 1.186/2017-P) | C74: =1/30*7/12 -> 0.019444444 | D74: =C74*D38 -> 41.799059 | E74: =C74*E38 -> 41.799059
B75: E - Incidência de GPS, FGTS e outras contribuições (submódulo 2.2) sobre o Aviso Prévio Trabalhado | C75: =C54*C74 -> 0.0071555556 | D75: =C75*D38 -> 15.382054 | E75: =C75*E38 -> 15.382054
B76: F - Multa do FGTS sobre o Aviso Prévio Trabalhado (Rescisões sem justa causa) | C76: =0.08*0.4*0.9*(1+1/12+1/12+1/3*1/12) -> 0.0344 | D76: =C76*D38 -> 73.948507 | E76: =C76*E38 -> 73.948507
B77: Total | C77: =SUM(C71:C76) -> 0.0655 | D77: =SUM(D71:D76) -> 140.80312 | E77: =SUM(E71:E76) -> 140.80312
B79: MÓDULO 4: CUSTO DE REPOSIÇÃO DO PROFISSIONAL AUSENTE
B80: 4.1 – Substituto nas Ausências Legais | C80: Percentuais | D80: Valor (R$) | E80: Valor (R$)
B81: A – Substituto na cobertura de Férias | C81: =1/12 -> 0.083333333 | D81: =C81*(D38+D67+D77) -> 357.35058 | E81: =C81*(E38+E67+E77) -> 328.82958
B82: B – Substituto na cobertura de ausências Legais | C82: ='Memória de Cálculo'!C21 -> 0.0028 | D82: =C82*(D38+D67+D77) -> 12.00698 | E82: =C82*(E38+E67+E77) -> 11.048674
B83: C - Substituto na cobertura na licença-paternidade | C83: ='Memória de Cálculo'!D28/30/12*'Memória de Cálculo'!D26*'Memória de Cálculo'!D27 -> 0.00018725 | D83: =C83*(D38+D67+D77) -> 0.80296676 | E83: =C83*(E38+E67+E77) -> 0.73888006
B84: D - Substituto na cobertura na ausências por acidente de trabalho | C84: ='Memória de Cálculo'!D32/30/12 -> 0.0019202778 | D84: =C84*(D38+D67+D77) -> 8.2345486 | E84: =C84*(E38+E67+E77) -> 7.5773295
B85: E - Substituto na cobertura de afastamento maternidade | C85: =120/30*'Memória de Cálculo'!D42*'Memória de Cálculo'!D43 -> 0.00129536 | D85: =C85*(D38+D67+D77) -> 5.5547718 | E85: =C85*(E38+E67+E77) -> 5.1114321
B86: F - Substituto na cobertura de outras ausências (especificar) | C86: 0 | D86: =C86*(D38+D67+D77) -> 0 | E86: =C86*(E38+E67+E77) -> 0
B87: Total | C87: =SUM(C81:C86) -> 0.089536221 | D87: =SUM(D81:D86) -> 383.94985 | E87: =SUM(E81:E86) -> 353.30589
B88: 4.2 - Substituto na Intrajornada (Indenizada) | C88: Percentuais | D88: Valor (R$) | E88: Valor (R$)
B89: A - Substituto na cobertura de intervalo para repouso ou alimentação (Intrajornada indenizada de 1 hora, conforme CCT) | C89: 0.5 | D89: 0 | E89: =(E38/220)*15*1.5 -> 219.8522
B90: Total | D90: =SUM(D89:D89) -> 0 | E90: =SUM(E89:E89) -> 219.8522
B92: 4 - Custo de Reposição do Profissional Ausente | C92: Percentuais | D92: Valor (R$) | E92: Valor (R$)
B93: 4.1 - Substituto nas ausências Legais | C93: =C87 -> 0.089536221 | D93: =D87 -> 383.94985 | E93: =E87 -> 353.30589
B94: 4.2 - Intrajornada indenizada | C94: =C89 -> 0.5 | D94: =D90 -> 0 | E94: =E90 -> 219.8522
B95: Total | D95: =SUM(D93:D94) -> 383.94985 | E95: =SUM(E93:E94) -> 573.15809
B97: MÓDULO 5: INSUMOS DIVERSOS
B98: 5 - Insumos Diversos | C98: Valores | D98: Valor (R$) | E98: Valor (R$)
B99: A - Uniformes | C99: =Insumos!J13 -> 41.683333 | D99: =C99 -> 41.683333 | E99: =C99 -> 41.683333
B100: B - Materiais (Valor por posto) | C100: =Insumos!J21 -> 10.203333 | D100: =C100 -> 10.203333 | E100: =C100/2 -> 5.1016667
B101: C - Outros (especificar) | C101: 0 | D101: =C101 -> 0 | E101: =C101 -> 0
B102: Total | C102: =SUM(C99:C101) -> 51.886667 | D102: =SUM(D99:D101) -> 51.886667 | E102: =SUM(E99:E101) -> 46.785
B104: MÓDULO 6: CUSTOS INDIRETOS, TRIBUTOS E LUCRO
B105: 6 - Custos Indiretos, Tributos e Lucro | C105: Percentuais | D105: Valor (R$) | E105: Valor (R$)
B106: A - Custos Indiretos | C106: 0.032 | D106: =C106*(D38+D67+D77+D95+D102) -> 151.16939 | E106: =C106*(E38+E67+E77+E95+E102) -> 146.10874
B107: B - Lucro | C107: 0.0358 | D107: =C107*(D38+D67+D77+D95+D102+D106) -> 174.53262 | E107: =C107*(E38+E67+E77+E95+E102+E106) -> 168.68984
B108: C - Tributos (Percentuais de acordo com o regime tributário da empresa) | C108: =SUM(C109:C113) -> 0.0665 | D108: =((D38+D67+D77+D95+D102+D106+D107)/(1-C108))*C108 -> 359.73013 | E108: =((E38+E67+E77+E95+E102+E106+E107)/(1-C108))*C108 -> 347.68754
B109: C.1.1 - Tributos Federais (COFINS) | C109: =0.03 -> 0.03 | D109: =((D38+D67+D77+D95+D102+D106+D107)/(1-C108))*C109 -> 162.28427 | E109: =((E38+E67+E77+E95+E102+E106+E107)/(1-C108))*C109 -> 156.85152
B110: C.1.2 - Tributos Federais (PIS) | C110: =0.0065 -> 0.0065 | D110: =((D38+D67+D77+D95+D102+D106+D107)/(1-C108))*C110 -> 35.161592 | E110: =((E38+E67+E77+E95+E102+E106+E107)/(1-C108))*C110 -> 33.984497
B111: C.2 - Tributos Estaduais (especificar)
B112: C.3 - Tributos Municipais (ISSQN do município de prestação do serviço (art. 3º, XVI, LC nº 116/2003)) | C112: 0.03 | D112: =((D38+D67+D77+D95+D102+D106+D107)/(1-C108))*C112 -> 162.28427 | E112: =((E38+E67+E77+E95+E102+E106+E107)/(1-C108))*C112 -> 156.85152
...

Sheet Rio Verde
B1: PLANILHA ESTIMATIVA
B2: Planilha de Custos e Formação de Preços para Serviços de Vigilância - GEX - Campo Grande e Dourados-MS
B4: Nº do Processo: | C4: =Aquidauana!C4 -> 35014.499513/2022-13
B5: Pregão Eletrônico nº | C5: =Aquidauana!C5 -> 0
B6: Data: | C6: =Aquidauana!C6 -> 0
B8: Discriminação dos Serviços (dados referentes à contratação)
B9: A – Data de apresentação da proposta (dia/mês/ano)
B10: B – Município/UF | C10: Rio Verde - MS
B11: C – Ano Acordo, Convenção ou Sentença Normativa em Dissídio Coletivo | C11: 2022/2024
B12: D – Nº de meses de execução contratual | C12: 12
B14: Identificação do Serviço
B15: Tipo de Serviço | C15: Unid. de Medida | D15: Posto de 44 hs semanais (Qtde) | E15: Posto 12X36 Diurnas (Qtde)
B16: Contratação de serviços de segurança e vigilância orgânica e patrimonial desarmada, visando atender as demandas das Gerências Executivas de Campo Grande e Dourados, conforme condições, quantidades e exigências estabelecidas neste instrumento convocatório. | C16: Serviço | D16: =Resumo!E59 -> 1 | E16: =Resumo!E58 -> 0
B19: Mão de obra vinculada à execução contratual
B20: Dados para composição dos custos referente à mão de obra
B21: 1 – Tipo de serviço (mesmo serviço com características distintas) | C21: Vigilância
B22: 2 – Classificação Brasileira de Ocupações (CBO) | C22: 517330
B23: 3 – Salário Normativo da Categoria Profissional | C23: ='Campo Grande'!C23 -> 1653.5892
B24: 4 – Categoria profissional (vinculada à execução contratual) | C24: Vigilante
B25: 5 – Data base da categoria (dia/mês/ano) | C25: 01 de março
B26: 6 – Numero de registro da convenção coletiva no MTE: | C26: MS000122/2022
B28: CUSTOS | C28: Percentuais e Valores de Referência | D28: 44 horas semanais diurnas | E28: 12X36 Diurnas
B29: MÓDULO 1: COMPOSIÇÃO DA REMUNERAÇÃO
B30: 1 - Composição da Remuneração | C30: Valores/ Percentuais | D30: Valor (R$) | E30: Valor (R$)
B31: A – Salário-Base (conforme Cláusula Terceira da CCT) | C31: =C23 -> 1653.5892 | D31: =C31 -> 1653.5892 | E31: =C31 -> 1653.5892
B32: B - Adicional de Periculosidade (conforme Cláusula Décima Quarta da CCT) | C32: 0.3 | D32: =D31*C32 -> 496.07675 | E32: =E31*C32 -> 496.07675
B33: C - Adicional de Insalubridade
B34: D - Adicional Noturno | D34: 0 | E34: 0
B35: E - Adicional de Hora Noturna Reduzida | D35: 0 | E35: 0
B36: F - Penosidade | D36: 0 | E36: 0
B37: G - Outros | D37: 0 | E37: 0
B38: Total | D38: =SUM(D31:D37) -> 2149.6659 | E38: =SUM(E31:E37) -> 2149.6659
B40: MÓDULO 2: ENCARGOS E BENEFÍCIOS ANUAIS, MENSAIS E DIÁRIOS
B41: 2.1 - 13º Salário, Férias e Adicional de Férias | C41: Percentuais | D41: Valor (R$) | E41: Valor (R$)
B42: A - 13º salário | C42: =1/12 -> 0.083333333 | D42: =C42*D38 -> 179.13883 | E42: =C42*E38 -> 179.13883
B43: B - Férias e Adicional de Férias (O custo com o valor pago ao substituto durante as férias do empregado consta na letra "A" do submódulo 4.1), (custo não renovável). | C43: =C42/3 -> 0.027777778 | D43: =C43*D38 -> 59.712942 | E43: =C43*E38 -> 59.712942
B44: Total | C44: =SUM(C42:C43) -> 0.11111111 | D44: =SUM(D42:D43) -> 238.85177 | E44: =SUM(E42:E43) -> 238.85177
B45: 2.2 - GPS, FGTS e outras contribuições (Incide sobre os Módulos 1 e 2.1) | C45: Percentuais | D45: Valor (R$) | E45: Valor (R$)
B46: A - INSS | C46: 0.2 | D46: =C46*(D38+D44) -> 477.70354 | E46: =C46*(E38+E44) -> 477.70354
B47: B - Salário Educação | C47: 0.025 | D47: =C47*(D38+D44) -> 59.712942 | E47: =C47*(E38+E44) -> 59.712942
B48: C - SAT (Utilizar o RAT Ajustado conforme GFIP: RAT x FAP) | C48: 0.03 | D48: =C48*(D38+D44) -> 71.65553 | E48: =C48*(E38+E44) -> 71.65553
B49: D - SESI ou SESC | C49: 0.015 | D49: =C49*(D38+D44) -> 35.827765 | E49: =C49*(E38+E44) -> 35.827765
B50: E - SENAI ou SENAC | C50: 0.01 | D50: =C50*(D38+D44) -> 23.885177 | E50: =C50*(E38+E44) -> 23.885177
B51: F - SEBRAE | C51: 0.006 | D51: =C51*(D38+D44) -> 14.331106 | E51: =C51*(E38+E44) -> 14.331106
B52: G - INCRA | C52: 0.002 | D52: =C52*(D38+D44) -> 4.7770354 | E52: =C52*(E38+E44) -> 4.7770354
B53: F - FGTS | C53: 0.08 | D53: =C53*(D38+D44) -> 191.08141 | E53: =C53*(E38+E44) -> 191.08141
B54: Total | C54: =SUM(C46:C53) -> 0.368 | D54: =SUM(D46:D53) -> 878.97451 | E54: =SUM(E46:E53) -> 878.97451
B55: 2.3 - Benefícios Mensais e Diários | C55: Valores/ Percentuais | D55: Valor (R$) | E55: Valor (R$)
B56: A – Transporte (Devido por dia trabalhado) | C56: 0 | D56: 0 | E56: 0
B57: B – Auxílio-Refeição/Alimentação (Devido por dia trabalhado) | C57: ='Memória de Cálculo'!C6 -> 31.113827 | D57: ='Memória de Cálculo'!E6 -> 792.42361 | E57: ='Memória de Cálculo'!E7 -> 450.17151
B58: C - Assistência Médica e Familiar (Conforme CCT) | C58: 80 | D58: =C58 -> 80 | E58: =C58 -> 80
B59: D – Prêmio Assiduidade | C59: 0 | D59: =C59 -> 0 | E59: =D59 -> 0
B60: E – Auxílio Morte/Funeral (Conforme CCT) | C60: 9.55e-05 | D60: =D31*C60*2.5 -> 0.39479441 | E60: =E31*C60*2.5 -> 0.39479441
B61: F – Outros (Seguro de Vida) - Conforme CCT) | C61: 9.55e-05 | D61: =74275.4*C61 -> 7.0933007 | E61: =74275.4*C61 -> 7.0933007
B62: Total | D62: =SUM(D56:D61) -> 879.91171 | E62: =SUM(E56:E61) -> 537.65961
B63: 2 - Encargos e Benefícios Anuais, Mensais e Diários | C63: Percentuais | D63: Valor (R$) | E63: Valor (R$)
B64: 2.1 - 13º Salário, Férias e Adicional de Férias | C64: =C44 -> 0.11111111 | D64: =D44 -> 238.85177 | E64: =E44 -> 238.85177
B65: 2.2 - GPS, FGTS e outras contribuições | C65: =C54 -> 0.368 | D65: =D54 -> 878.97451 | E65: =E54 -> 878.97451
B66: 2.3 - Benefícios Mensais e Diários | C66: 0 | D66: =D62 -> 879.91171 | E66: =E62 -> 537.65961
B67: Total | D67: =SUM(D64:D66) -> 1997.738 | E67: =SUM(E64:E66) -> 1655.4859
B69: MÓDULO 3: PROVISÃO PARA RESCISÃO
B70: 3 - Provisão para Rescisão | C70: Percentuais | D70: Valor (R$) | E70: Valor (R$)
B71: A - Aviso Prévio Indenizado (Esta parcela deverá ser reduzida após o primeiro ano da contratação para o percentual máximo de 0,042%: Acórdão 1.186/2017-P) | C71: =1/12*0.05 -> 0.0041666667 | D71: =C71*D38 -> 8.9569413 | E71: =C71*E38 -> 8.9569413
B72: B - Incidência do FGTS sobre Aviso Prévio Indenizado | C72: =C53*C71 -> 0.00033333333 | D72: =C72*D38 -> 0.7165553 | E72: =C72*E38 -> 0.7165553
B73: C - Multa do FGTS e contribuições sociais sobre o Aviso Prévio Indenizado | C73: 0 | D73: =C73*D38 -> 0 | E73: =C73*E38 -> 0
B74: D - Aviso Prévio Trabalhado (Esta parcela deverá ser reduzida após o primeiro ano da contratação para o percentual máximo de 0,194%: Acórdão 1.186/2017-P) | C74: =1/30*7/12 -> 0.019444444 | D74: =C74*D38 -> 41.799059 | E74: =C74*E38 -> 41.799059
B75: E - Incidência de GPS, FGTS e outras contribuições (submódulo 2.2) sobre o Aviso Prévio Trabalhado | C75: =C54*C74 -> 0.0071555556 | D75: =C75*D38 -> 15.382054 | E75: =C75*E38 -> 15.382054
B76: F - Multa do FGTS sobre o Aviso Prévio Trabalhado (Rescisões sem justa causa) | C76: =0.08*0.4*0.9*(1+1/12+1/12+1/3*1/12) -> 0.0344 | D76: =C76*D38 -> 73.948507 | E76: =C76*E38 -> 73.948507
B77: Total | C77: =SUM(C71:C76) -> 0.0655 | D77: =SUM(D71:D76) -> 140.80312 | E77: =SUM(E71:E76) -> 140.80312
B79: MÓDULO 4: CUSTO DE REPOSIÇÃO DO PROFISSIONAL AUSENTE
B80: 4.1 – Substituto nas Ausências Legais | C80: Percentuais | D80: Valor (R$) | E80: Valor (R$)
B81: A – Substituto na cobertura de Férias | C81: =1/12 -> 0.083333333 | D81: =C81*(D38+D67+D77) -> 357.35058 | E81: =C81*(E38+E67+E77) -> 328.82958
B82: B – Substituto na cobertura de ausências Legais | C82: ='Memória de Cálculo'!C21 -> 0.0028 | D82: =C82*(D38+D67+D77) -> 12.00698 | E82: =C82*(E38+E67+E77) -> 11.048674
B83: C - Substituto na cobertura na licença-paternidade | C83: ='Memória de Cálculo'!D28/30/12*'Memória de Cálculo'!D26*'Memória de Cálculo'!D27 -> 0.00018725 | D83: =C83*(D38+D67+D77) -> 0.80296676 | E83: =C83*(E38+E67+E77) -> 0.73888006
B84: D - Substituto na cobertura na ausências por acidente de trabalho | C84: ='Memória de Cálculo'!D32/30/12 -> 0.0019202778 | D84: =C84*(D38+D67+D77) -> 8.2345486 | E84: =C84*(E38+E67+E77) -> 7.5773295
B85: E - Substituto na cobertura de afastamento maternidade | C85: =120/30*'Memória de Cálculo'!D42*'Memória de Cálculo'!D43 -> 0.00129536 | D85: =C85*(D38+D67+D77) -> 5.5547718 | E85: =C85*(E38+E67+E77) -> 5.1114321
B86: F - Substituto na cobertura de outras ausências (especificar) | C86: 0 | D86: =C86*(D38+D67+D77) -> 0 | E86: =C86*(E38+E67+E77) -> 0
B87: Total | C87: =SUM(C81:C86) -> 0.089536221 | D87: =SUM(D81:D86) -> 383.94985 | E87: =SUM(E81:E86) -> 353.30589
B88: 4.2 - Substituto na Intrajornada (Indenizada) | C88: Percentuais | D88: Valor (R$) | E88: Valor (R$)
B89: A - Substituto na cobertura de intervalo para repouso ou alimentação (Intrajornada indenizada de 1 hora, conforme CCT) | C89: 0.5 | D89: 0 | E89: =(E38/220)*15*1.5 -> 219.8522
B90: Total | D90: =SUM(D89:D89) -> 0 | E90: =SUM(E89:E89) -> 219.8522
B92: 4 - Custo de Reposição do Profissional Ausente | C92: Percentuais | D92: Valor (R$) | E92: Valor (R$)
B93: 4.1 - Substituto nas ausências Legais | C93: =C87 -> 0.089536221 | D93: =D87 -> 383.94985 | E93: =E87 -> 353.30589
B94: 4.2 - Intrajornada indenizada | C94: =C89 -> 0.5 | D94: =D90 -> 0 | E94: =E90 -> 219.8522
B95: Total | D95: =SUM(D93:D94) -> 383.94985 | E95: =SUM(E93:E94) -> 573.15809
B97: MÓDULO 5: INSUMOS DIVERSOS
B98: 5 - Insumos Diversos | C98: Valores | D98: Valor (R$) | E98: Valor (R$)
B99: A - Uniformes | C99: =Insumos!J13 -> 41.683333 | D99: =C99 -> 41.683333 | E99: =C99 -> 41.683333
B100: B - Materiais (Valor por posto) | C100: =Insumos!J21 -> 10.203333 | D100: =C100 -> 10.203333 | E100: =C100/2 -> 5.1016667
B101: C - Outros (especificar) | C101: 0 | D101: =C101 -> 0 | E101: =C101 -> 0
B102: Total | C102: =SUM(C99:C101) -> 51.886667 | D102: =SUM(D99:D101) -> 51.886667 | E102: =SUM(E99:E101) -> 46.785
B104: MÓDULO 6: CUSTOS INDIRETOS, TRIBUTOS E LUCRO
B105: 6 - Custos Indiretos, Tributos e Lucro | C105: Percentuais | D105: Valor (R$) | E105: Valor (R$)
B106: A - Custos Indiretos | C106: 0.032 | D106: =C106*(D38+D67+D77+D95+D102) -> 151.16939 | E106: =C106*(E38+E67+E77+E95+E102) -> 146.10874
B107: B - Lucro | C107: 0.0358 | D107: =C107*(D38+D67+D77+D95+D102+D106) -> 174.53262 | E107: =C107*(E38+E67+E77+E95+E102+E106) -> 168.68984
B108: C - Tributos (Percentuais de acordo com o regime tributário da empresa) | C108: =SUM(C109:C113) -> 0.0865 | D108: =((D38+D67+D77+D95+D102+D106+D107)/(1-C108))*C108 -> 478.16419 | E108: =((E38+E67+E77+E95+E102+E106+E107)/(1-C108))*C108 -> 462.15682
B109: C.1.1 - Tributos Federais (COFINS) | C109: =0.03 -> 0.03 | D109: =((D38+D67+D77+D95+D102+D106+D107)/(1-C108))*C109 -> 165.83729 | E109: =((E38+E67+E77+E95+E102+E106+E107)/(1-C108))*C109 -> 160.2856
B110: C.1.2 - Tributos Federais (PIS) | C110: =0.0065 -> 0.0065 | D110: =((D38+D67+D77+D95+D102+D106+D107)/(1-C108))*C110 -> 35.931413 | E110: =((E38+E67+E77+E95+E102+E106+E107)/(1-C108))*C110 -> 34.728547
B111: C.2 - Tributos Estaduais (especificar)
B112: C.3 - Tributos Municipais (ISSQN do município de prestação do serviço (art. 3º, XVI, LC nº 116/2003)) | C112: 0.05 | D112: =((D38+D67+D77+D95+D102+D106+D107)/(1-C108))*C112 -> 276.39549 | E112: =((E38+E67+E77+E95+E102+E106+E107)/(1-C108))*C112 -> 267.14267
...

Sheet Coxim
B1: PLANILHA ESTIMATIVA
B2: Planilha de Custos e Formação de Preços para Serviços de Vigilância - GEX - Campo Grande e Dourados-MS
B4: Nº do Processo: | C4: =Aquidauana!C4 -> 35014.499513/2022-13
B5: Pregão Eletrônico nº | C5: =Aquidauana!C5 -> 0
B6: Data: | C6: =Aquidauana!C6 -> 0
B8: Discriminação dos Serviços (dados referentes à contratação)
B9: A – Data de apresentação da proposta (dia/mês/ano)
B10: B – Município/UF | C10: Coxim - MS
B11: C – Ano Acordo, Convenção ou Sentença Normativa em Dissídio Coletivo | C11: 2022/2024
B12: D – Nº de meses de execução contratual | C12: 12
B14: Identificação do Serviço
B15: Tipo de Serviço | C15: Unid. de Medida | D15: Posto de 44 hs semanais (Qtde) | E15: Posto 12X36 Diurnas (Qtde)
B16: Contratação de serviços de segurança e vigilância orgânica e patrimonial desarmada, visando atender as demandas das Gerências Executivas de Campo Grande e Dourados, conforme condições, quantidades e exigências estabelecidas neste instrumento convocatório. | C16: Serviço | D16: =Resumo!E62 -> 2 | E16: =Resumo!E61 -> 0
B19: Mão de obra vinculada à execução contratual
B20: Dados para composição dos custos referente à mão de obra
B21: 1 – Tipo de serviço (mesmo serviço com características distintas) | C21: Vigilância
B22: 2 – Classificação Brasileira de Ocupações (CBO) | C22: 517330
B23: 3 – Salário Normativo da Categoria Profissional | C23: ='Campo Grande'!C23 -> 1653.5892
B24: 4 – Categoria profissional (vinculada à execução contratual) | C24: Vigilante
B25: 5 – Data base da categoria (dia/mês/ano) | C25: 01 de março
B26: 6 – Numero de registro da convenção coletiva no MTE: | C26: MS000122/2022
B28: CUSTOS | C28: Percentuais e Valores de Referência | D28: 44 horas semanais diurnas | E28: 12X36 Diurnas
B29: MÓDULO 1: COMPOSIÇÃO DA REMUNERAÇÃO
B30: 1 - Composição da Remuneração | C30: Valores/ Percentuais | D30: Valor (R$) | E30: Valor (R$)
B31: A – Salário-Base (conforme Cláusula Terceira da CCT) | C31: =C23 -> 1653.5892 | D31: =C31 -> 1653.5892 | E31: =C31 -> 1653.5892
B32: B - Adicional de Periculosidade (conforme Cláusula Décima Quarta da CCT) | C32: 0.3 | D32: =D31*C32 -> 496.07675 | E32: =E31*C32 -> 496.07675
B33: C - Adicional de Insalubridade
B34: D - Adicional Noturno | D34: 0 | E34: 0
B35: E - Adicional de Hora Noturna Reduzida | D35: 0 | E35: 0
B36: F - Penosidade | D36: 0 | E36: 0
B37: G - Outros | D37: 0 | E37: 0
B38: Total | D38: =SUM(D31:D37) -> 2149.6659 | E38: =SUM(E31:E37) -> 2149.6659
B40: MÓDULO 2: ENCARGOS E BENEFÍCIOS ANUAIS, MENSAIS E DIÁRIOS
B41: 2.1 - 13º Salário, Férias e Adicional de Férias | C41: Percentuais | D41: Valor (R$) | E41: Valor (R$)
B42: A - 13º salário | C42: =1/12 -> 0.083333333 | D42: =C42*D38 -> 179.13883 | E42: =C42*E38 -> 179.13883
B43: B - Férias e Adicional de Férias (O custo com o valor pago ao substituto durante as férias do empregado consta na letra "A" do submódulo 4.1), (custo não renovável). | C43: =C42/3 -> 0.027777778 | D43: =C43*D38 -> 59.712942 | E43: =C43*E38 -> 59.712942
B44: Total | C44: =SUM(C42:C43) -> 0.11111111 | D44: =SUM(D42:D43) -> 238.85177 | E44: =SUM(E42:E43) -> 238.85177
B45: 2.2 - GPS, FGTS e outras contribuições (Incide sobre os Módulos 1 e 2.1) | C45: Percentuais | D45: Valor (R$) | E45: Valor (R$)
B46: A - INSS | C46: 0.2 | D46: =C46*(D38+D44) -> 477.70354 | E46: =C46*(E38+E44) -> 477.70354
B47: B - Salário Educação | C47: 0.025 | D47: =C47*(D38+D44) -> 59.712942 | E47: =C47*(E38+E44) -> 59.712942
B48: C - SAT (Utilizar o RAT Ajustado conforme GFIP: RAT x FAP) | C48: 0.03 | D48: =C48*(D38+D44) -> 71.65553 | E48: =C48*(E38+E44) -> 71.65553
B49: D - SESI ou SESC | C49: 0.015 | D49: =C49*(D38+D44) -> 35.827765 | E49: =C49*(E38+E44) -> 35.827765
B50: E - SENAI ou SENAC | C50: 0.01 | D50: =C50*(D38+D44) -> 23.885177 | E50: =C50*(E38+E44) -> 23.885177
B51: F - SEBRAE | C51: 0.006 | D51: =C51*(D38+D44) -> 14.331106 | E51: =C51*(E38+E44) -> 14.331106
B52: G - INCRA | C52: 0.002 | D52: =C52*(D38+D44) -> 4.7770354 | E52: =C52*(E38+E44) -> 4.7770354
B53: F - FGTS | C53: 0.08 | D53: =C53*(D38+D44) -> 191.08141 | E53: =C53*(E38+E44) -> 191.08141
B54: Total | C54: =SUM(C46:C53) -> 0.368 | D54: =SUM(D46:D53) -> 878.97451 | E54: =SUM(E46:E53) -> 878.97451
B55: 2.3 - Benefícios Mensais e Diários | C55: Valores/ Percentuais | D55: Valor (R$) | E55: Valor (R$)
B56: A – Transporte (Devido por dia trabalhado) | C56: 0 | D56: 0 | E56: 0
B57: B – Auxílio-Refeição/Alimentação (Devido por dia trabalhado) | C57: ='Memória de Cálculo'!C6 -> 31.113827 | D57: ='Memória de Cálculo'!E6 -> 792.42361 | E57: ='Memória de Cálculo'!E7 -> 450.17151
B58: C - Assistência Médica e Familiar (Conforme CCT) | C58: 80 | D58: =C58 -> 80 | E58: =C58 -> 80
B59: D – Prêmio Assiduidade | C59: 0 | D59: =C59 -> 0 | E59: =D59 -> 0
B60: E – Auxílio Morte/Funeral (Conforme CCT) | C60: 9.55e-05 | D60: =D31*C60*2.5 -> 0.39479441 | E60: =E31*C60*2.5 -> 0.39479441
B61: F – Outros (Seguro de Vida) - Conforme CCT) | C61: 9.55e-05 | D61: =74275.4*C61 -> 7.0933007 | E61: =74275.4*C61 -> 7.0933007
B62: Total | D62: =SUM(D56:D61) -> 879.91171 | E62: =SUM(E56:E61) -> 537.65961
B63: 2 - Encargos e Benefícios Anuais, Mensais e Diários | C63: Percentuais | D63: Valor (R$) | E63: Valor (R$)
B64: 2.1 - 13º Salário, Férias e Adicional de Férias | C64: =C44 -> 0.11111111 | D64: =D44 -> 238.85177 | E64: =E44 -> 238.85177
B65: 2.2 - GPS, FGTS e outras contribuições | C65: =C54 -> 0.368 | D65: =D54 -> 878.97451 | E65: =E54 -> 878.97451
B66: 2.3 - Benefícios Mensais e Diários | C66: 0 | D66: =D62 -> 879.91171 | E66: =E62 -> 537.65961
B67: Total | D67: =SUM(D64:D66) -> 1997.738 | E67: =SUM(E64:E66) -> 1655.4859
B69: MÓDULO 3: PROVISÃO PARA RESCISÃO
B70: 3 - Provisão para Rescisão | C70: Percentuais | D70: Valor (R$) | E70: Valor (R$)
B71: A - Aviso Prévio Indenizado (Esta parcela deverá ser reduzida após o primeiro ano da contratação para o percentual máximo de 0,042%: Acórdão 1.186/2017-P) | C71: =1/12*0.05 -> 0.0041666667 | D71: =C71*D38 -> 8.9569413 | E71: =C71*E38 -> 8.9569413
B72: B - Incidência do FGTS sobre Aviso Prévio Indenizado | C72: =C53*C71 -> 0.00033333333 | D72: =C72*D38 -> 0.7165553 | E72: =C72*E38 -> 0.7165553
B73: C - Multa do FGTS e contribuições sociais sobre o Aviso Prévio Indenizado | C73: 0 | D73: =C73*D38 -> 0 | E73: =C73*E38 -> 0
B74: D - Aviso Prévio Trabalhado (Esta parcela deverá ser reduzida após o primeiro ano da contratação para o percentual máximo de 0,194%: Acórdão 1.186/2017-P) | C74: =1/30*7/12 -> 0.019444444 | D74: =C74*D38 -> 41.799059 | E74: =C74*E38 -> 41.799059
B75: E - Incidência de GPS, FGTS e outras contribuições (submódulo 2.2) sobre o Aviso Prévio Trabalhado | C75: =C54*C74 -> 0.0071555556 | D75: =C75*D38 -> 15.382054 | E75: =C75*E38 -> 15.382054
B76: F - Multa do FGTS sobre o Aviso Prévio Trabalhado (Rescisões sem justa causa) | C76: =0.08*0.4*0.9*(1+1/12+1/12+1/3*1/12) -> 0.0344 | D76: =C76*D38 -> 73.948507 | E76: =C76*E38 -> 73.948507
B77: Total | C77: =SUM(C71:C76) -> 0.0655 | D77: =SUM(D71:D76) -> 140.80312 | E77: =SUM(E71:E76) -> 140.80312
B79: MÓDULO 4: CUSTO DE REPOSIÇÃO DO PROFISSIONAL AUSENTE
B80: 4.1 – Substituto nas Ausências Legais | C80: Percentuais | D80: Valor (R$) | E80: Valor (R$)
B81: A – Substituto na cobertura de Férias | C81: =1/12 -> 0.083333333 | D81: =C81*(D38+D67+D77) -> 357.35058 | E81: =C81*(E38+E67+E77) -> 328.82958
B82: B – Substituto na cobertura de ausências Legais | C82: ='Memória de Cálculo'!C21 -> 0.0028 | D82: =C82*(D38+D67+D77) -> 12.00698 | E82: =C82*(E38+E67+E77) -> 11.048674
B83: C - Substituto na cobertura na licença-paternidade | C83: ='Memória de Cálculo'!D28/30/12*'Memória de Cálculo'!D26*'Memória de Cálculo'!D27 -> 0.00018725 | D83: =C83*(D38+D67+D77) -> 0.80296676 | E83: =C83*(E38+E67+E77) -> 0.73888006
B84: D - Substituto na cobertura na ausências por acidente de trabalho | C84: ='Memória de Cálculo'!D32/30/12 -> 0.0019202778 | D84: =C84*(D38+D67+D77) -> 8.2345486 | E84: =C84*(E38+E67+E77) -> 7.5773295
B85: E - Substituto na cobertura de afastamento maternidade | C85: =120/30*'Memória de Cálculo'!D42*'Memória de Cálculo'!D43 -> 0.00129536 | D85: =C85*(D38+D67+D77) -> 5.5547718 | E85: =C85*(E38+E67+E77) -> 5.1114321
B86: F - Substituto na cobertura de outras ausências (especificar) | C86: 0 | D86: =C86*(D38+D67+D77) -> 0 | E86: =C86*(E38+E67+E77) -> 0
B87: Total | C87: =SUM(C81:C86) -> 0.089536221 | D87: =SUM(D81:D86) -> 383.94985 | E87: =SUM(E81:E86) -> 353.30589
B88: 4.2 - Substituto na Intrajornada (Indenizada) | C88: Percentuais | D88: Valor (R$) | E88: Valor (R$)
B89: A - Substituto na cobertura de intervalo para repouso ou alimentação (Intrajornada indenizada de 1 hora, conforme CCT) | C89: 0.5 | D89: 0 | E89: =(E38/220)*15*1.5 -> 219.8522
B90: Total | D90: =SUM(D89:D89) -> 0 | E90: =SUM(E89:E89) -> 219.8522
B92: 4 - Custo de Reposição do Profissional Ausente | C92: Percentuais | D92: Valor (R$) | E92: Valor (R$)
B93: 4.1 - Substituto nas ausências Legais | C93: =C87 -> 0.089536221 | D93: =D87 -> 383.94985 | E93: =E87 -> 353.30589
B94: 4.2 - Intrajornada indenizada | C94: =C89 -> 0.5 | D94: =D90 -> 0 | E94: =E90 -> 219.8522
B95: Total | D95: =SUM(D93:D94) -> 383.94985 | E95: =SUM(E93:E94) -> 573.15809
B97: MÓDULO 5: INSUMOS DIVERSOS
B98: 5 - Insumos Diversos | C98: Valores | D98: Valor (R$) | E98: Valor (R$)
B99: A - Uniformes | C99: =Insumos!J13 -> 41.683333 | D99: =C99 -> 41.683333 | E99: =C99 -> 41.683333
B100: B - Materiais (Valor por posto) | C100: =Insumos!J21 -> 10.203333 | D100: =C100 -> 10.203333 | E100: =C100/2 -> 5.1016667
B101: C - Outros (especificar) | C101: 0 | D101: =C101 -> 0 | E101: =C101 -> 0
B102: Total | C102: =SUM(C99:C101) -> 51.886667 | D102: =SUM(D99:D101) -> 51.886667 | E102: =SUM(E99:E101) -> 46.785
B104: MÓDULO 6: CUSTOS INDIRETOS, TRIBUTOS E LUCRO
B105: 6 - Custos Indiretos, Tributos e Lucro | C105: Percentuais | D105: Valor (R$) | E105: Valor (R$)
B106: A - Custos Indiretos | C106: 0.032 | D106: =C106*(D38+D67+D77+D95+D102) -> 151.16939 | E106: =C106*(E38+E67+E77+E95+E102) -> 146.10874
B107: B - Lucro | C107: 0.0358 | D107: =C107*(D38+D67+D77+D95+D102+D106) -> 174.53262 | E107: =C107*(E38+E67+E77+E95+E102+E106) -> 168.68984
B108: C - Tributos (Percentuais de acordo com o regime tributário da empresa) | C108: =SUM(C109:C113) -> 0.0865 | D108: =((D38+D67+D77+D95+D102+D106+D107)/(1-C108))*C108 -> 478.16419 | E108: =((E38+E67+E77+E95+E102+E106+E107)/(1-C108))*C108 -> 462.15682
B109: C.1.1 - Tributos Federais (COFINS) | C109: =0.03 -> 0.03 | D109: =((D38+D67+D77+D95+D102+D106+D107)/(1-C108))*C109 -> 165.83729 | E109: =((E38+E67+E77+E95+E102+E106+E107)/(1-C108))*C109 -> 160.2856
B110: C.1.2 - Tributos Federais (PIS) | C110: =0.0065 -> 0.0065 | D110: =((D38+D67+D77+D95+D102+D106+D107)/(1-C108))*C110 -> 35.931413 | E110: =((E38+E67+E77+E95+E102+E106+E107)/(1-C108))*C110 -> 34.728547
B111: C.2 - Tributos Estaduais (especificar)
B112: C.3 - Tributos Municipais (ISSQN do município de prestação do serviço (art. 3º, XVI, LC nº 116/2003)) | C112: 0.05 | D112: =((D38+D67+D77+D95+D102+D106+D107)/(1-C108))*C112 -> 276.39549 | E112: =((E38+E67+E77+E95+E102+E106+E107)/(1-C108))*C112 -> 267.14267
...

Sheet Costa Rica
B1: PLANILHA ESTIMATIVA
B2: Planilha de Custos e Formação de Preços para Serviços de Vigilância - GEX - Campo Grande e Dourados-MS
B4: Nº do Processo: | C4: =Aquidauana!C4 -> 35014.499513/2022-13
B5: Pregão Eletrônico nº | C5: =Aquidauana!C5 -> 0
B6: Data: | C6: =Aquidauana!C6 -> 0
B8: Discriminação dos Serviços (dados referentes à contratação)
B9: A – Data de apresentação da proposta (dia/mês/ano)
B10: B – Município/UF | C10: Costa Rica - MS
B11: C – Ano Acordo, Convenção ou Sentença Normativa em Dissídio Coletivo | C11: 2022/2024
B12: D – Nº de meses de execução contratual | C12: 12
B14: Identificação do Serviço
B15: Tipo de Serviço | C15: Unid. de Medida | D15: Posto de 44 hs semanais (Qtde) | E15: Posto 12X36 Diurnas (Qtde)
B16: Contratação de serviços de segurança e vigilância orgânica e patrimonial desarmada, visando atender as demandas das Gerências Executivas de Campo Grande e Dourados, conforme condições, quantidades e exigências estabelecidas neste instrumento convocatório. | C16: Serviço | D16: =Resumo!E65 -> 2 | E16: =Resumo!E64 -> 0
B19: Mão de obra vinculada à execução contratual
B20: Dados para composição dos custos referente à mão de obra
B21: 1 – Tipo de serviço (mesmo serviço com características distintas) | C21: Vigilância
B22: 2 – Classificação Brasileira de Ocupações (CBO) | C22: 517330
B23: 3 – Salário Normativo da Categoria Profissional | C23: ='Campo Grande'!C23 -> 1653.5892
B24: 4 – Categoria profissional (vinculada à execução contratual) | C24: Vigilante
B25: 5 – Data base da categoria (dia/mês/ano) | C25: 01 de março
B26: 6 – Numero de registro da convenção coletiva no MTE: | C26: MS000122/2022
B28: CUSTOS | C28: Percentuais e Valores de Referência | D28: 44 horas semanais diurnas | E28: 12X36 Diurnas
B29: MÓDULO 1: COMPOSIÇÃO DA REMUNERAÇÃO
B30: 1 - Composição da Remuneração | C30: Valores/ Percentuais | D30: Valor (R$) | E30: Valor (R$)
B31: A – Salário-Base (conforme Cláusula Terceira da CCT) | C31: =C23 -> 1653.5892 | D31: =C31 -> 1653.5892 | E31: =C31 -> 1653.5892
B32: B - Adicional de Periculosidade (conforme Cláusula Décima Quarta da CCT) | C32: 0.3 | D32: =D31*C32 -> 496.07675 | E32: =E31*C32 -> 496.07675
B33: C - Adicional de Insalubridade
B34: D - Adicional Noturno | D34: 0 | E34: 0
B35: E - Adicional de Hora Noturna Reduzida | D35: 0 | E35: 0
B36: F - Penosidade | D36: 0 | E36: 0
B37: G - Outros | D37: 0 | E37: 0
B38: Total | D38: =SUM(D31:D37) -> 2149.6659 | E38: =SUM(E31:E37) -> 2149.6659
B40: MÓDULO 2: ENCARGOS E BENEFÍCIOS ANUAIS, MENSAIS E DIÁRIOS
B41: 2.1 - 13º Salário, Férias e Adicional de Férias | C41: Percentuais | D41: Valor (R$) | E41: Valor (R$)
B42: A - 13º salário | C42: =1/12 -> 0.083333333 | D42: =C42*D38 -> 179.13883 | E42: =C42*E38 -> 179.13883
B43: B - Férias e Adicional de Férias (O custo com o valor pago ao substituto durante as férias do empregado consta na letra "A" do submódulo 4.1), (custo não renovável). | C43: =C42/3 -> 0.027777778 | D43: =C43*D38 -> 59.712942 | E43: =C43*E38 -> 59.712942
B44: Total | C44: =SUM(C42:C43) -> 0.11111111 | D44: =SUM(D42:D43) -> 238.85177 | E44: =SUM(E42:E43) -> 238.85177
B45: 2.2 - GPS, FGTS e outras contribuições (Incide sobre os Módulos 1 e 2.1) | C45: Percentuais | D45: Valor (R$) | E45: Valor (R$)
B46: A - INSS | C46: 0.2 | D46: =C46*(D38+D44) -> 477.70354 | E46: =C46*(E38+E44) -> 477.70354
B47: B - Salário Educação | C47: 0.025 | D47: =C47*(D38+D44) -> 59.712942 | E47: =C47*(E38+E44) -> 59.712942
B48: C - SAT (Utilizar o RAT Ajustado conforme GFIP: RAT x FAP) | C48: 0.03 | D48: =C48*(D38+D44) -> 71.65553 | E48: =C48*(E38+E44) -> 71.65553
B49: D - SESI ou SESC | C49: 0.015 | D49: =C49*(D38+D44) -> 35.827765 | E49: =C49*(E38+E44) -> 35.827765
B50: E - SENAI ou SENAC | C50: 0.01 | D50: =C50*(D38+D44) -> 23.885177 | E50: =C50*(E38+E44) -> 23.885177
B51: F - SEBRAE | C51: 0.006 | D51: =C51*(D38+D44) -> 14.331106 | E51: =C51*(E38+E44) -> 14.331106
B52: G - INCRA | C52: 0.002 | D52: =C52*(D38+D44) -> 4.7770354 | E52: =C52*(E38+E44) -> 4.7770354
B53: F - FGTS | C53: 0.08 | D53: =C53*(D38+D44) -> 191.08141 | E53: =C53*(E38+E44) -> 191.08141
B54: Total | C54: =SUM(C46:C53) -> 0.368 | D54: =SUM(D46:D53) -> 878.97451 | E54: =SUM(E46:E53) -> 878.97451
B55: 2.3 - Benefícios Mensais e Diários | C55: Valores/ Percentuais | D55: Valor (R$) | E55: Valor (R$)
B56: A – Transporte (Devido por dia trabalhado) | C56: 0 | D56: 0 | E56: 0
B57: B – Auxílio-Refeição/Alimentação (Devido por dia trabalhado) | C57: ='Memória de Cálculo'!C6 -> 31.113827 | D57: ='Memória de Cálculo'!E6 -> 792.42361 | E57: ='Memória de Cálculo'!E7 -> 450.17151
B58: C - Assistência Médica e Familiar (Conforme CCT) | C58: 80 | D58: =C58 -> 80 | E58: =C58 -> 80
B59: D – Prêmio Assiduidade | C59: 0 | D59: =C59 -> 0 | E59: =D59 -> 0
B60: E – Auxílio Morte/Funeral (Conforme CCT) | C60: 9.55e-05 | D60: =D31*C60*2.5 -> 0.39479441 | E60: =E31*C60*2.5 -> 0.39479441
B61: F – Outros (Seguro de Vida) - Conforme CCT) | C61: 9.55e-05 | D61: =74275.4*C61 -> 7.0933007 | E61: =74275.4*C61 -> 7.0933007
B62: Total | D62: =SUM(D56:D61) -> 879.91171 | E62: =SUM(E56:E61) -> 537.65961
B63: 2 - Encargos e Benefícios Anuais, Mensais e Diários | C63: Percentuais | D63: Valor (R$) | E63: Valor (R$)
B64: 2.1 - 13º Salário, Férias e Adicional de Férias | C64: =C44 -> 0.11111111 | D64: =D44 -> 238.85177 | E64: =E44 -> 238.85177
B65: 2.2 - GPS, FGTS e outras contribuições | C65: =C54 -> 0.368 | D65: =D54 -> 878.97451 | E65: =E54 -> 878.97451
B66: 2.3 - Benefícios Mensais e Diários | C66: 0 | D66: =D62 -> 879.91171 | E66: =E62 -> 537.65961
B67: Total | D67: =SUM(D64:D66) -> 1997.738 | E67: =SUM(E64:E66) -> 1655.4859
B69: MÓDULO 3: PROVISÃO PARA RESCISÃO
B70: 3 - Provisão para Rescisão | C70: Percentuais | D70: Valor (R$) | E70: Valor (R$)
B71: A - Aviso Prévio Indenizado (Esta parcela deverá ser reduzida após o primeiro ano da contratação para o percentual máximo de 0,042%: Acórdão 1.186/2017-P) | C71: =1/12*0.05 -> 0.0041666667 | D71: =C71*D38 -> 8.9569413 | E71: =C71*E38 -> 8.9569413
B72: B - Incidência do FGTS sobre Aviso Prévio Indenizado | C72: =C53*C71 -> 0.00033333333 | D72: =C72*D38 -> 0.7165553 | E72: =C72*E38 -> 0.7165553
B73: C - Multa do FGTS e contribuições sociais sobre o Aviso Prévio Indenizado | C73: 0 | D73: =C73*D38 -> 0 | E73: =C73*E38 -> 0
B74: D - Aviso Prévio Trabalhado (Esta parcela deverá ser reduzida após o primeiro ano da contratação para o percentual máximo de 0,194%: Acórdão 1.186/2017-P) | C74: =1/30*7/12 -> 0.019444444 | D74: =C74*D38 -> 41.799059 | E74: =C74*E38 -> 41.799059
B75: E - Incidência de GPS, FGTS e outras contribuições (submódulo 2.2) sobre o Aviso Prévio Trabalhado | C75: =C54*C74 -> 0.0071555556 | D75: =C75*D38 -> 15.382054 | E75: =C75*E38 -> 15.382054
B76: F - Multa do FGTS sobre o Aviso Prévio Trabalhado (Rescisões sem justa causa) | C76: =0.08*0.4*0.9*(1+1/12+1/12+1/3*1/12) -> 0.0344 | D76: =C76*D38 -> 73.948507 | E76: =C76*E38 -> 73.948507
B77: Total | C77: =SUM(C71:C76) -> 0.0655 | D77: =SUM(D71:D76) -> 140.80312 | E77: =SUM(E71:E76) -> 140.80312
B79: MÓDULO 4: CUSTO DE REPOSIÇÃO DO PROFISSIONAL AUSENTE
B80: 4.1 – Substituto nas Ausências Legais | C80: Percentuais | D80: Valor (R$) | E80: Valor (R$)
B81: A – Substituto na cobertura de Férias | C81: =1/12 -> 0.083333333 | D81: =C81*(D38+D67+D77) -> 357.35058 | E81: =C81*(E38+E67+E77) -> 328.82958
B82: B – Substituto na cobertura de ausências Legais | C82: ='Memória de Cálculo'!C21 -> 0.0028 | D82: =C82*(D38+D67+D77) -> 12.00698 | E82: =C82*(E38+E67+E77) -> 11.048674
B83: C - Substituto na cobertura na licença-paternidade | C83: ='Memória de Cálculo'!D28/30/12*'Memória de Cálculo'!D26*'Memória de Cálculo'!D27 -> 0.00018725 | D83: =C83*(D38+D67+D77) -> 0.80296676 | E83: =C83*(E38+E67+E77) -> 0.73888006
B84: D - Substituto na cobertura na ausências por acidente de trabalho | C84: ='Memória de Cálculo'!D32/30/12 -> 0.0019202778 | D84: =C84*(D38+D67+D77) -> 8.2345486 | E84: =C84*(E38+E67+E77) -> 7.5773295
B85: E - Substituto na cobertura de afastamento maternidade | C85: =120/30*'Memória de Cálculo'!D42*'Memória de Cálculo'!D43 -> 0.00129536 | D85: =C85*(D38+D67+D77) -> 5.5547718 | E85: =C85*(E38+E67+E77) -> 5.1114321
B86: F - Substituto na cobertura de outras ausências (especificar) | C86: 0 | D86: =C86*(D38+D67+D77) -> 0 | E86: =C86*(E38+E67+E77) -> 0
B87: Total | C87: =SUM(C81:C86) -> 0.089536221 | D87: =SUM(D81:D86) -> 383.94985 | E87: =SUM(E81:E86) -> 353.30589
B88: 4.2 - Substituto na Intrajornada (Indenizada) | C88: Percentuais | D88: Valor (R$) | E88: Valor (R$)
B89: A - Substituto na cobertura de intervalo para repouso ou alimentação (Intrajornada indenizada de 1 hora, conforme CCT) | C89: 0.5 | D89: 0 | E89: =(E38/220)*15*1.5 -> 219.8522
B90: Total | D90: =SUM(D89:D89) -> 0 | E90: =SUM(E89:E89) -> 219.8522
B92: 4 - Custo de Reposição do Profissional Ausente | C92: Percentuais | D92: Valor (R$) | E92: Valor (R$)
B93: 4.1 - Substituto nas ausências Legais | C93: =C87 -> 0.089536221 | D93: =D87 -> 383.94985 | E93: =E87 -> 353.30589
B94: 4.2 - Intrajornada indenizada | C94: =C89 -> 0.5 | D94: =D90 -> 0 | E94: =E90 -> 219.8522
B95: Total | D95: =SUM(D93:D94) -> 383.94985 | E95: =SUM(E93:E94) -> 573.15809
B97: MÓDULO 5: INSUMOS DIVERSOS
B98: 5 - Insumos Diversos | C98: Valores | D98: Valor (R$) | E98: Valor (R$)
B99: A - Uniformes | C99: =Insumos!J13 -> 41.683333 | D99: =C99 -> 41.683333 | E99: =C99 -> 41.683333
B100: B - Materiais (Valor por posto) | C100: =Insumos!J21 -> 10.203333 | D100: =C100 -> 10.203333 | E100: =C100/2 -> 5.1016667
B101: C - Outros (especificar) | C101: 0 | D101: =C101 -> 0 | E101: =C101 -> 0
B102: Total | C102: =SUM(C99:C101) -> 51.886667 | D102: =SUM(D99:D101) -> 51.886667 | E102: =SUM(E99:E101) -> 46.785
B104: MÓDULO 6: CUSTOS INDIRETOS, TRIBUTOS E LUCRO
B105: 6 - Custos Indiretos, Tributos e Lucro | C105: Percentuais | D105: Valor (R$) | E105: Valor (R$)
B106: A - Custos Indiretos | C106: 0.032 | D106: =C106*(D38+D67+D77+D95+D102) -> 151.16939 | E106: =C106*(E38+E67+E77+E95+E102) -> 146.10874
B107: B - Lucro | C107: 0.0358 | D107: =C107*(D38+D67+D77+D95+D102+D106) -> 174.53262 | E107: =C107*(E38+E67+E77+E95+E102+E106) -> 168.68984
B108: C - Tributos (Percentuais de acordo com o regime tributário da empresa) | C108: =SUM(C109:C113) -> 0.0665 | D108: =((D38+D67+D77+D95+D102+D106+D107)/(1-C108))*C108 -> 359.73013 | E108: =((E38+E67+E77+E95+E102+E106+E107)/(1-C108))*C108 -> 347.68754
B109: C.1.1 - Tributos Federais (COFINS) | C109: =0.03 -> 0.03 | D109: =((D38+D67+D77+D95+D102+D106+D107)/(1-C108))*C109 -> 162.28427 | E109: =((E38+E67+E77+E95+E102+E106+E107)/(1-C108))*C109 -> 156.85152
B110: C.1.2 - Tributos Federais (PIS) | C110: =0.0065 -> 0.0065 | D110: =((D38+D67+D77+D95+D102+D106+D107)/(1-C108))*C110 -> 35.161592 | E110: =((E38+E67+E77+E95+E102+E106+E107)/(1-C108))*C110 -> 33.984497
B111: C.2 - Tributos Estaduais (especificar)
B112: C.3 - Tributos Municipais (ISSQN do município de prestação do serviço (art. 3º, XVI, LC nº 116/2003)) | C112: 0.03 | D112: =((D38+D67+D77+D95+D102+D106+D107)/(1-C108))*C112 -> 162.28427 | E112: =((E38+E67+E77+E95+E102+E106+E107)/(1-C108))*C112 -> 156.85152
...

Sheet Cassilândia
B1: PLANILHA ESTIMATIVA
B2: Planilha de Custos e Formação de Preços para Serviços de Vigilância - GEX - Campo Grande e Dourados-MS
B4: Nº do Processo: | C4: =Aquidauana!C4 -> 35014.499513/2022-13
B5: Pregão Eletrônico nº | C5: =Aquidauana!C5 -> 0
B6: Data: | C6: =Aquidauana!C6 -> 0
B8: Discriminação dos Serviços (dados referentes à contratação)
B9: A – Data de apresentação da proposta (dia/mês/ano)
B10: B – Município/UF | C10: Cassilândia - MS
B11: C – Ano Acordo, Convenção ou Sentença Normativa em Dissídio Coletivo | C11: 2022/2024
B12: D – Nº de meses de execução contratual | C12: 12
B14: Identificação do Serviço
B15: Tipo de Serviço | C15: Unid. de Medida | D15: Posto de 44 hs semanais (Qtde) | E15: Posto 12X36 Diurnas (Qtde)
B16: Contratação de serviços de segurança e vigilância orgânica e patrimonial desarmada, visando atender as demandas das Gerências Executivas de Campo Grande e Dourados, conforme condições, quantidades e exigências estabelecidas neste instrumento convocatório. | C16: Serviço | D16: =Resumo!E68 -> 2 | E16: =Resumo!E67 -> 0
B19: Mão de obra vinculada à execução contratual
B20: Dados para composição dos custos referente à mão de obra
B21: 1 – Tipo de serviço (mesmo serviço com características distintas) | C21: Vigilância
B22: 2 – Classificação Brasileira de Ocupações (CBO) | C22: 517330
B23: 3 – Salário Normativo da Categoria Profissional | C23: ='Campo Grande'!C23 -> 1653.5892
B24: 4 – Categoria profissional (vinculada à execução contratual) | C24: Vigilante
B25: 5 – Data base da categoria (dia/mês/ano) | C25: 01 de março
B26: 6 – Numero de registro da convenção coletiva no MTE: | C26: MS000122/2022
B28: CUSTOS | C28: Percentuais e Valores de Referência | D28: 44 horas semanais diurnas | E28: 12X36 Diurnas
B29: MÓDULO 1: COMPOSIÇÃO DA REMUNERAÇÃO
B30: 1 - Composição da Remuneração | C30: Valores/ Percentuais | D30: Valor (R$) | E30: Valor (R$)
B31: A – Salário-Base (conforme Cláusula Terceira da CCT) | C31: =C23 -> 1653.5892 | D31: =C31 -> 1653.5892 | E31: =C31 -> 1653.5892
B32: B - Adicional de Periculosidade (conforme Cláusula Décima Quarta da CCT) | C32: 0.3 | D32: =D31*C32 -> 496.07675 | E32: =E31*C32 -> 496.07675
B33: C - Adicional de Insalubridade
B34: D - Adicional Noturno | D34: 0 | E34: 0
B35: E - Adicional de Hora Noturna Reduzida | D35: 0 | E35: 0
B36: F - Penosidade | D36: 0 | E36: 0
B37: G - Outros | D37: 0 | E37: 0
B38: Total | D38: =SUM(D31:D37) -> 2149.6659 | E38: =SUM(E31:E37) -> 2149.6659
B40: MÓDULO 2: ENCARGOS E BENEFÍCIOS ANUAIS, MENSAIS E DIÁRIOS
B41: 2.1 - 13º Salário, Férias e Adicional de Férias | C41: Percentuais | D41: Valor (R$) | E41: Valor (R$)
B42: A - 13º salário | C42: =1/12 -> 0.083333333 | D42: =C42*D38 -> 179.13883 | E42: =C42*E38 -> 179.13883
B43: B - Férias e Adicional de Férias (O custo com o valor pago ao substituto durante as férias do empregado consta na letra "A" do submódulo 4.1), (custo não renovável). | C43: =C42/3 -> 0.027777778 | D43: =C43*D38 -> 59.712942 | E43: =C43*E38 -> 59.712942
B44: Total | C44: =SUM(C42:C43) -> 0.11111111 | D44: =SUM(D42:D43) -> 238.85177 | E44: =SUM(E42:E43) -> 238.85177
B45: 2.2 - GPS, FGTS e outras contribuições (Incide sobre os Módulos 1 e 2.1) | C45: Percentuais | D45: Valor (R$) | E45: Valor (R$)
B46: A - INSS | C46: 0.2 | D46: =C46*(D38+D44) -> 477.70354 | E46: =C46*(E38+E44) -> 477.70354
B47: B - Salário Educação | C47: 0.025 | D47: =C47*(D38+D44) -> 59.712942 | E47: =C47*(E38+E44) -> 59.712942
B48: C - SAT (Utilizar o RAT Ajustado conforme GFIP: RAT x FAP) | C48: 0.03 | D48: =C48*(D38+D44) -> 71.65553 | E48: =C48*(E38+E44) -> 71.65553
B49: D - SESI ou SESC | C49: 0.015 | D49: =C49*(D38+D44) -> 35.827765 | E49: =C49*(E38+E44) -> 35.827765
B50: E - SENAI ou SENAC | C50: 0.01 | D50: =C50*(D38+D44) -> 23.885177 | E50: =C50*(E38+E44) -> 23.885177
B51: F - SEBRAE | C51: 0.006 | D51: =C51*(D38+D44) -> 14.331106 | E51: =C51*(E38+E44) -> 14.331106
B52: G - INCRA | C52: 0.002 | D52: =C52*(D38+D44) -> 4.7770354 | E52: =C52*(E38+E44) -> 4.7770354
B53: F - FGTS | C53: 0.08 | D53: =C53*(D38+D44) -> 191.08141 | E53: =C53*(E38+E44) -> 191.08141
B54: Total | C54: =SUM(C46:C53) -> 0.368 | D54: =SUM(D46:D53) -> 878.97451 | E54: =SUM(E46:E53) -> 878.97451
B55: 2.3 - Benefícios Mensais e Diários | C55: Valores/ Percentuais | D55: Valor (R$) | E55: Valor (R$)
B56: A – Transporte (Devido por dia trabalhado) | C56: 0 | D56: 0 | E56: 0
B57: B – Auxílio-Refeição/Alimentação (Devido por dia trabalhado) | C57: ='Memória de Cálculo'!C6 -> 31.113827 | D57: ='Memória de Cálculo'!E6 -> 792.42361 | E57: ='Memória de Cálculo'!E7 -> 450.17151
B58: C - Assistência Médica e Familiar (Conforme CCT) | C58: 80 | D58: =C58 -> 80 | E58: =C58 -> 80
B59: D – Prêmio Assiduidade | C59: 0 | D59: =C59 -> 0 | E59: =D59 -> 0
B60: E – Auxílio Morte/Funeral (Conforme CCT) | C60: 9.55e-05 | D60: =D31*C60*2.5 -> 0.39479441 | E60: =E31*C60*2.5 -> 0.39479441
B61: F – Outros (Seguro de Vida) - Conforme CCT) | C61: 9.55e-05 | D61: =74275.4*C61 -> 7.0933007 | E61: =74275.4*C61 -> 7.0933007
B62: Total | D62: =SUM(D56:D61) -> 879.91171 | E62: =SUM(E56:E61) -> 537.65961
B63: 2 - Encargos e Benefícios Anuais, Mensais e Diários | C63: Percentuais | D63: Valor (R$) | E63: Valor (R$)
B64: 2.1 - 13º Salário, Férias e Adicional de Férias | C64: =C44 -> 0.11111111 | D64: =D44 -> 238.85177 | E64: =E44 -> 238.85177
B65: 2.2 - GPS, FGTS e outras contribuições | C65: =C54 -> 0.368 | D65: =D54 -> 878.97451 | E65: =E54 -> 878.97451
B66: 2.3 - Benefícios Mensais e Diários | C66: 0 | D66: =D62 -> 879.91171 | E66: =E62 -> 537.65961
B67: Total | D67: =SUM(D64:D66) -> 1997.738 | E67: =SUM(E64:E66) -> 1655.4859
B69: MÓDULO 3: PROVISÃO PARA RESCISÃO
B70: 3 - Provisão para Rescisão | C70: Percentuais | D70: Valor (R$) | E70: Valor (R$)
B71: A - Aviso Prévio Indenizado (Esta parcela deverá ser reduzida após o primeiro ano da contratação para o percentual máximo de 0,042%: Acórdão 1.186/2017-P) | C71: =1/12*0.05 -> 0.0041666667 | D71: =C71*D38 -> 8.9569413 | E71: =C71*E38 -> 8.9569413
B72: B - Incidência do FGTS sobre Aviso Prévio Indenizado | C72: =C53*C71 -> 0.00033333333 | D72: =C72*D38 -> 0.7165553 | E72: =C72*E38 -> 0.7165553
B73: C - Multa do FGTS e contribuições sociais sobre o Aviso Prévio Indenizado | C73: 0 | D73: =C73*D38 -> 0 | E73: =C73*E38 -> 0
B74: D - Aviso Prévio Trabalhado (Esta parcela deverá ser reduzida após o primeiro ano da contratação para o percentual máximo de 0,194%: Acórdão 1.186/2017-P) | C74: =1/30*7/12 -> 0.019444444 | D74: =C74*D38 -> 41.799059 | E74: =C74*E38 -> 41.799059
B75: E - Incidência de GPS, FGTS e outras contribuições (submódulo 2.2) sobre o Aviso Prévio Trabalhado | C75: =C54*C74 -> 0.0071555556 | D75: =C75*D38 -> 15.382054 | E75: =C75*E38 -> 15.382054
B76: F - Multa do FGTS sobre o Aviso Prévio Trabalhado (Rescisões sem justa causa) | C76: =0.08*0.4*0.9*(1+1/12+1/12+1/3*1/12) -> 0.0344 | D76: =C76*D38 -> 73.948507 | E76: =C76*E38 -> 73.948507
B77: Total | C77: =SUM(C71:C76) -> 0.0655 | D77: =SUM(D71:D76) -> 140.80312 | E77: =SUM(E71:E76) -> 140.80312
B79: MÓDULO 4: CUSTO DE REPOSIÇÃO DO PROFISSIONAL AUSENTE
B80: 4.1 – Substituto nas Ausências Legais | C80: Percentuais | D80: Valor (R$) | E80: Valor (R$)
B81: A – Substituto na cobertura de Férias | C81: =1/12 -> 0.083333333 | D81: =C81*(D38+D67+D77) -> 357.35058 | E81: =C81*(E38+E67+E77) -> 328.82958
B82: B – Substituto na cobertura de ausências Legais | C82: ='Memória de Cálculo'!C21 -> 0.0028 | D82: =C82*(D38+D67+D77) -> 12.00698 | E82: =C82*(E38+E67+E77) -> 11.048674
B83: C - Substituto na cobertura na licença-paternidade | C83: ='Memória de Cálculo'!D28/30/12*'Memória de Cálculo'!D26*'Memória de Cálculo'!D27 -> 0.00018725 | D83: =C83*(D38+D67+D77) -> 0.80296676 | E83: =C83*(E38+E67+E77) -> 0.73888006
B84: D - Substituto na cobertura na ausências por acidente de trabalho | C84: ='Memória de Cálculo'!D32/30/12 -> 0.0019202778 | D84: =C84*(D38+D67+D77) -> 8.2345486 | E84: =C84*(E38+E67+E77) -> 7.5773295
B85: E - Substituto na cobertura de afastamento maternidade | C85: =120/30*'Memória de Cálculo'!D42*'Memória de Cálculo'!D43 -> 0.00129536 | D85: =C85*(D38+D67+D77) -> 5.5547718 | E85: =C85*(E38+E67+E77) -> 5.1114321
B86: F - Substituto na cobertura de outras ausências (especificar) | C86: 0 | D86: =C86*(D38+D67+D77) -> 0 | E86: =C86*(E38+E67+E77) -> 0
B87: Total | C87: =SUM(C81:C86) -> 0.089536221 | D87: =SUM(D81:D86) -> 383.94985 | E87: =SUM(E81:E86) -> 353.30589
B88: 4.2 - Substituto na Intrajornada (Indenizada) | C88: Percentuais | D88: Valor (R$) | E88: Valor (R$)
B89: A - Substituto na cobertura de intervalo para repouso ou alimentação (Intrajornada indenizada de 1 hora, conforme CCT) | C89: 0.5 | D89: 0 | E89: =(E38/220)*15*1.5 -> 219.8522
B90: Total | D90: =SUM(D89:D89) -> 0 | E90: =SUM(E89:E89) -> 219.8522
B92: 4 - Custo de Reposição do Profissional Ausente | C92: Percentuais | D92: Valor (R$) | E92: Valor (R$)
B93: 4.1 - Substituto nas ausências Legais | C93: =C87 -> 0.089536221 | D93: =D87 -> 383.94985 | E93: =E87 -> 353.30589
B94: 4.2 - Intrajornada indenizada | C94: =C89 -> 0.5 | D94: =D90 -> 0 | E94: =E90 -> 219.8522
B95: Total | D95: =SUM(D93:D94) -> 383.94985 | E95: =SUM(E93:E94) -> 573.15809
B97: MÓDULO 5: INSUMOS DIVERSOS
B98: 5 - Insumos Diversos | C98: Valores | D98: Valor (R$) | E98: Valor (R$)
B99: A - Uniformes | C99: =Insumos!J13 -> 41.683333 | D99: =C99 -> 41.683333 | E99: =C99 -> 41.683333
B100: B - Materiais (Valor por posto) | C100: =Insumos!J21 -> 10.203333 | D100: =C100 -> 10.203333 | E100: =C100/2 -> 5.1016667
B101: C - Outros (especificar) | C101: 0 | D101: =C101 -> 0 | E101: =C101 -> 0
B102: Total | C102: =SUM(C99:C101) -> 51.886667 | D102: =SUM(D99:D101) -> 51.886667 | E102: =SUM(E99:E101) -> 46.785
B104: MÓDULO 6: CUSTOS INDIRETOS, TRIBUTOS E LUCRO
B105: 6 - Custos Indiretos, Tributos e Lucro | C105: Percentuais | D105: Valor (R$) | E105: Valor (R$)
B106: A - Custos Indiretos | C106: 0.032 | D106: =C106*(D38+D67+D77+D95+D102) -> 151.16939 | E106: =C106*(E38+E67+E77+E95+E102) -> 146.10874
B107: B - Lucro | C107: 0.0358 | D107: =C107*(D38+D67+D77+D95+D102+D106) -> 174.53262 | E107: =C107*(E38+E67+E77+E95+E102+E106) -> 168.68984
B108: C - Tributos (Percentuais de acordo com o regime tributário da empresa) | C108: =SUM(C109:C113) -> 0.0665 | D108: =((D38+D67+D77+D95+D102+D106+D107)/(1-C108))*C108 -> 359.73013 | E108: =((E38+E67+E77+E95+E102+E106+E107)/(1-C108))*C108 -> 347.68754
B109: C.1.1 - Tributos Federais (COFINS) | C109: =0.03 -> 0.03 | D109: =((D38+D67+D77+D95+D102+D106+D107)/(1-C108))*C109 -> 162.28427 | E109: =((E38+E67+E77+E95+E102+E106+E107)/(1-C108))*C109 -> 156.85152
B110: C.1.2 - Tributos Federais (PIS) | C110: =0.0065 -> 0.0065 | D110: =((D38+D67+D77+D95+D102+D106+D107)/(1-C108))*C110 -> 35.161592 | E110: =((E38+E67+E77+E95+E102+E106+E107)/(1-C108))*C110 -> 33.984497
B111: C.2 - Tributos Estaduais (especificar)
B112: C.3 - Tributos Municipais (ISSQN do município de prestação do serviço (art. 3º, XVI, LC nº 116/2003)) | C112: 0.03 | D112: =((D38+D67+D77+D95+D102+D106+D107)/(1-C108))*C112 -> 162.28427 | E112: =((E38+E67+E77+E95+E102+E106+E107)/(1-C108))*C112 -> 156.85152
...

Sheet Paranaíba
B1: PLANILHA ESTIMATIVA
B2: Planilha de Custos e Formação de Preços para Serviços de Vigilância - GEX - Campo Grande e Dourados-MS
B4: Nº do Processo: | C4: =Aquidauana!C4 -> 35014.499513/2022-13
B5: Pregão Eletrônico nº | C5: =Aquidauana!C5 -> 0
B6: Data: | C6: =Aquidauana!C6 -> 0
B8: Discriminação dos Serviços (dados referentes à contratação)
B9: A – Data de apresentação da proposta (dia/mês/ano)
B10: B – Município/UF | C10: Paranaíba - MS
B11: C – Ano Acordo, Convenção ou Sentença Normativa em Dissídio Coletivo | C11: 2022/2024
B12: D – Nº de meses de execução contratual | C12: 12
B14: Identificação do Serviço
B15: Tipo de Serviço | C15: Unid. de Medida | D15: Posto de 44 hs semanais (Qtde) | E15: Posto 12X36 Diurnas (Qtde)
B16: Contratação de serviços de segurança e vigilância orgânica e patrimonial desarmada, visando atender as demandas das Gerências Executivas de Campo Grande e Dourados, conforme condições, quantidades e exigências estabelecidas neste instrumento convocatório. | C16: Serviço | D16: =Resumo!E71 -> 1 | E16: =Resumo!E70 -> 0
B19: Mão de obra vinculada à execução contratual
B20: Dados para composição dos custos referente à mão de obra
B21: 1 – Tipo de serviço (mesmo serviço com características distintas) | C21: Vigilância
B22: 2 – Classificação Brasileira de Ocupações (CBO) | C22: 517330
B23: 3 – Salário Normativo da Categoria Profissional | C23: ='Campo Grande'!C23 -> 1653.5892
B24: 4 – Categoria profissional (vinculada à execução contratual) | C24: Vigilante
B25: 5 – Data base da categoria (dia/mês/ano) | C25: 01 de março
B26: 6 – Numero de registro da convenção coletiva no MTE: | C26: MS000122/2022
B28: CUSTOS | C28: Percentuais e Valores de Referência | D28: 44 horas semanais diurnas | E28: 12X36 Diurnas
B29: MÓDULO 1: COMPOSIÇÃO DA REMUNERAÇÃO
B30: 1 - Composição da Remuneração | C30: Valores/ Percentuais | D30: Valor (R$) | E30: Valor (R$)
B31: A – Salário-Base (conforme Cláusula Terceira da CCT) | C31: =C23 -> 1653.5892 | D31: =C31 -> 1653.5892 | E31: =C31 -> 1653.5892
B32: B - Adicional de Periculosidade (conforme Cláusula Décima Quarta da CCT) | C32: 0.3 | D32: =D31*C32 -> 496.07675 | E32: =E31*C32 -> 496.07675
B33: C - Adicional de Insalubridade
B34: D - Adicional Noturno | D34: 0 | E34: 0
B35: E - Adicional de Hora Noturna Reduzida | D35: 0 | E35: 0
B36: F - Penosidade | D36: 0 | E36: 0
B37: G - Outros | D37: 0 | E37: 0
B38: Total | D38: =SUM(D31:D37) -> 2149.6659 | E38: =SUM(E31:E37) -> 2149.6659
B40: MÓDULO 2: ENCARGOS E BENEFÍCIOS ANUAIS, MENSAIS E DIÁRIOS
B41: 2.1 - 13º Salário, Férias e Adicional de Férias | C41: Percentuais | D41: Valor (R$) | E41: Valor (R$)
B42: A - 13º salário | C42: =1/12 -> 0.083333333 | D42: =C42*D38 -> 179.13883 | E42: =C42*E38 -> 179.13883
B43: B - Férias e Adicional de Férias (O custo com o valor pago ao substituto durante as férias do empregado consta na letra "A" do submódulo 4.1), (custo não renovável). | C43: =C42/3 -> 0.027777778 | D43: =C43*D38 -> 59.712942 | E43: =C43*E38 -> 59.712942
B44: Total | C44: =SUM(C42:C43) -> 0.11111111 | D44: =SUM(D42:D43) -> 238.85177 | E44: =SUM(E42:E43) -> 238.85177
B45: 2.2 - GPS, FGTS e outras contribuições (Incide sobre os Módulos 1 e 2.1) | C45: Percentuais | D45: Valor (R$) | E45: Valor (R$)
B46: A - INSS | C46: 0.2 | D46: =C46*(D38+D44) -> 477.70354 | E46: =C46*(E38+E44) -> 477.70354
B47: B - Salário Educação | C47: 0.025 | D47: =C47*(D38+D44) -> 59.712942 | E47: =C47*(E38+E44) -> 59.712942
B48: C - SAT (Utilizar o RAT Ajustado conforme GFIP: RAT x FAP) | C48: 0.03 | D48: =C48*(D38+D44) -> 71.65553 | E48: =C48*(E38+E44) -> 71.65553
B49: D - SESI ou SESC | C49: 0.015 | D49: =C49*(D38+D44) -> 35.827765 | E49: =C49*(E38+E44) -> 35.827765
B50: E - SENAI ou SENAC | C50: 0.01 | D50: =C50*(D38+D44) -> 23.885177 | E50: =C50*(E38+E44) -> 23.885177
B51: F - SEBRAE | C51: 0.006 | D51: =C51*(D38+D44) -> 14.331106 | E51: =C51*(E38+E44) -> 14.331106
B52: G - INCRA | C52: 0.002 | D52: =C52*(D38+D44) -> 4.7770354 | E52: =C52*(E38+E44) -> 4.7770354
B53: F - FGTS | C53: 0.08 | D53: =C53*(D38+D44) -> 191.08141 | E53: =C53*(E38+E44) -> 191.08141
B54: Total | C54: =SUM(C46:C53) -> 0.368 | D54: =SUM(D46:D53) -> 878.97451 | E54: =SUM(E46:E53) -> 878.97451
B55: 2.3 - Benefícios Mensais e Diários | C55: Valores/ Percentuais | D55: Valor (R$) | E55: Valor (R$)
B56: A – Transporte (Devido por dia trabalhado) | C56: 0 | D56: 0 | E56: 0
B57: B – Auxílio-Refeição/Alimentação (Devido por dia trabalhado) | C57: ='Memória de Cálculo'!C6 -> 31.113827 | D57: ='Memória de Cálculo'!E6 -> 792.42361 | E57: ='Memória de Cálculo'!E7 -> 450.17151
B58: C - Assistência Médica e Familiar (Conforme CCT) | C58: 80 | D58: =C58 -> 80 | E58: =C58 -> 80
B59: D – Prêmio Assiduidade | C59: 0 | D59: =C59 -> 0 | E59: =D59 -> 0
B60: E – Auxílio Morte/Funeral (Conforme CCT) | C60: 9.55e-05 | D60: =D31*C60*2.5 -> 0.39479441 | E60: =E31*C60*2.5 -> 0.39479441
B61: F – Outros (Seguro de Vida) - Conforme CCT) | C61: 9.55e-05 | D61: =74275.4*C61 -> 7.0933007 | E61: =74275.4*C61 -> 7.0933007
B62: Total | D62: =SUM(D56:D61) -> 879.91171 | E62: =SUM(E56:E61) -> 537.65961
B63: 2 - Encargos e Benefícios Anuais, Mensais e Diários | C63: Percentuais | D63: Valor (R$) | E63: Valor (R$)
B64: 2.1 - 13º Salário, Férias e Adicional de Férias | C64: =C44 -> 0.11111111 | D64: =D44 -> 238.85177 | E64: =E44 -> 238.85177
B65: 2.2 - GPS, FGTS e outras contribuições | C65: =C54 -> 0.368 | D65: =D54 -> 878.97451 | E65: =E54 -> 878.97451
B66: 2.3 - Benefícios Mensais e Diários | C66: 0 | D66: =D62 -> 879.91171 | E66: =E62 -> 537.65961
B67: Total | D67: =SUM(D64:D66) -> 1997.738 | E67: =SUM(E64:E66) -> 1655.4859
B69: MÓDULO 3: PROVISÃO PARA RESCISÃO
B70: 3 - Provisão para Rescisão | C70: Percentuais | D70: Valor (R$) | E70: Valor (R$)
B71: A - Aviso Prévio Indenizado (Esta parcela deverá ser reduzida após o primeiro ano da contratação para o percentual máximo de 0,042%: Acórdão 1.186/2017-P) | C71: =1/12*0.05 -> 0.0041666667 | D71: =C71*D38 -> 8.9569413 | E71: =C71*E38 -> 8.9569413
B72: B - Incidência do FGTS sobre Aviso Prévio Indenizado | C72: =C53*C71 -> 0.00033333333 | D72: =C72*D38 -> 0.7165553 | E72: =C72*E38 -> 0.7165553
B73: C - Multa do FGTS e contribuições sociais sobre o Aviso Prévio Indenizado | C73: 0 | D73: =C73*D38 -> 0 | E73: =C73*E38 -> 0
B74: D - Aviso Prévio Trabalhado (Esta parcela deverá ser reduzida após o primeiro ano da contratação para o percentual máximo de 0,194%: Acórdão 1.186/2017-P) | C74: =1/30*7/12 -> 0.019444444 | D74: =C74*D38 -> 41.799059 | E74: =C74*E38 -> 41.799059
B75: E - Incidência de GPS, FGTS e outras contribuições (submódulo 2.2) sobre o Aviso Prévio Trabalhado | C75: =C54*C74 -> 0.0071555556 | D75: =C75*D38 -> 15.382054 | E75: =C75*E38 -> 15.382054
B76: F - Multa do FGTS sobre o Aviso Prévio Trabalhado (Rescisões sem justa causa) | C76: =0.08*0.4*0.9*(1+1/12+1/12+1/3*1/12) -> 0.0344 | D76: =C76*D38 -> 73.948507 | E76: =C76*E38 -> 73.948507
B77: Total | C77: =SUM(C71:C76) -> 0.0655 | D77: =SUM(D71:D76) -> 140.80312 | E77: =SUM(E71:E76) -> 140.80312
B79: MÓDULO 4: CUSTO DE REPOSIÇÃO DO PROFISSIONAL AUSENTE
B80: 4.1 – Substituto nas Ausências Legais | C80: Percentuais | D80: Valor (R$) | E80: Valor (R$)
B81: A – Substituto na cobertura de Férias | C81: =1/12 -> 0.083333333 | D81: =C81*(D38+D67+D77) -> 357.35058 | E81: =C81*(E38+E67+E77) -> 328.82958
B82: B – Substituto na cobertura de ausências Legais | C82: ='Memória de Cálculo'!C21 -> 0.0028 | D82: =C82*(D38+D67+D77) -> 12.00698 | E82: =C82*(E38+E67+E77) -> 11.048674
B83: C - Substituto na cobertura na licença-paternidade | C83: ='Memória de Cálculo'!D28/30/12*'Memória de Cálculo'!D26*'Memória de Cálculo'!D27 -> 0.00018725 | D83: =C83*(D38+D67+D77) -> 0.80296676 | E83: =C83*(E38+E67+E77) -> 0.73888006
B84: D - Substituto na cobertura na ausências por acidente de trabalho | C84: ='Memória de Cálculo'!D32/30/12 -> 0.0019202778 | D84: =C84*(D38+D67+D77) -> 8.2345486 | E84: =C84*(E38+E67+E77) -> 7.5773295
B85: E - Substituto na cobertura de afastamento maternidade | C85: =120/30*'Memória de Cálculo'!D42*'Memória de Cálculo'!D43 -> 0.00129536 | D85: =C85*(D38+D67+D77) -> 5.5547718 | E85: =C85*(E38+E67+E77) -> 5.1114321
B86: F - Substituto na cobertura de outras ausências (especificar) | C86: 0 | D86: =C86*(D38+D67+D77) -> 0 | E86: =C86*(E38+E67+E77) -> 0
B87: Total | C87: =SUM(C81:C86) -> 0.089536221 | D87: =SUM(D81:D86) -> 383.94985 | E87: =SUM(E81:E86) -> 353.30589
B88: 4.2 - Substituto na Intrajornada (Indenizada) | C88: Percentuais | D88: Valor (R$) | E88: Valor (R$)
B89: A - Substituto na cobertura de intervalo para repouso ou alimentação (Intrajornada indenizada de 1 hora, conforme CCT) | C89: 0.5 | D89: 0 | E89: =(E38/220)*15*1.5 -> 219.8522
B90: Total | D90: =SUM(D89:D89) -> 0 | E90: =SUM(E89:E89) -> 219.8522
B92: 4 - Custo de Reposição do Profissional Ausente | C92: Percentuais | D92: Valor (R$) | E92: Valor (R$)
B93: 4.1 - Substituto nas ausências Legais | C93: =C87 -> 0.089536221 | D93: =D87 -> 383.94985 | E93: =E87 -> 353.30589
B94: 4.2 - Intrajornada indenizada | C94: =C89 -> 0.5 | D94: =D90 -> 0 | E94: =E90 -> 219.8522
B95: Total | D95: =SUM(D93:D94) -> 383.94985 | E95: =SUM(E93:E94) -> 573.15809
B97: MÓDULO 5: INSUMOS DIVERSOS
B98: 5 - Insumos Diversos | C98: Valores | D98: Valor (R$) | E98: Valor (R$)
B99: A - Uniformes | C99: =Insumos!J13 -> 41.683333 | D99: =C99 -> 41.683333 | E99: =C99 -> 41.683333
B100: B - Materiais (Valor por posto) | C100: =Insumos!J21 -> 10.203333 | D100: =C100 -> 10.203333 | E100: =C100/2 -> 5.1016667
B101: C - Outros (especificar) | C101: 0 | D101: =C101 -> 0 | E101: =C101 -> 0
B102: Total | C102: =SUM(C99:C101) -> 51.886667 | D102: =SUM(D99:D101) -> 51.886667 | E102: =SUM(E99:E101) -> 46.785
B104: MÓDULO 6: CUSTOS INDIRETOS, TRIBUTOS E LUCRO
B105: 6 - Custos Indiretos, Tributos e Lucro | C105: Percentuais | D105: Valor (R$) | E105: Valor (R$)
B106: A - Custos Indiretos | C106: 0.032 | D106: =C106*(D38+D67+D77+D95+D102) -> 151.16939 | E106: =C106*(E38+E67+E77+E95+E102) -> 146.10874
B107: B - Lucro | C107: 0.0358 | D107: =C107*(D38+D67+D77+D95+D102+D106) -> 174.53262 | E107: =C107*(E38+E67+E77+E95+E102+E106) -> 168.68984
B108: C - Tributos (Percentuais de acordo com o regime tributário da empresa) | C108: =SUM(C109:C113) -> 0.0865 | D108: =((D38+D67+D77+D95+D102+D106+D107)/(1-C108))*C108 -> 478.16419 | E108: =((E38+E67+E77+E95+E102+E106+E107)/(1-C108))*C108 -> 462.15682
